Workbook

Sheet Resumo
A1: Painel de Planejamento de Estoque Sazonal
A2: Dados e produtos de exemplo são inteiramente fictícios.
A3: Filtro de evento | C3: Deixe em branco para consolidar todos os eventos.
A5: Cenários ativos e válidos | B5: =IF($B$3="",COUNTIFS('Cenários'!$M$6:$M$105,"Ativo",'Cenários'!$Z$6:$Z$105,"OK"),COUNTIFS('Cenários'!$M$6:$M$105,"Ativo",'Cenários'!$Z$6:$Z$105,"OK",'Cenários'!$D$6:$D$105,$B$3)) | C5: Demanda projetada (un.) | D5: =IF($B$3="",SUMIFS('Planejamento'!$I$6:$I$1205,'Planejamento'!$X$6:$X$1205,"Ativo",'Planejamento'!$Y$6:$Y$1205,"OK"),SUMIFS('Planejamento'!$I$6:$I$1205,'Planejamento'!$X$6:$X$1205,"Ativo",'Planejamento'!$Y$6:$Y$1205,"OK",'Planejamento'!$D$6:$D$1205,$B$3)) | E5: Recebimento recomendado (un.) | F5: =IF($B$3="",SUMIFS('Planejamento'!$O$6:$O$1205,'Planejamento'!$X$6:$X$1205,"Ativo",'Planejamento'!$Y$6:$Y$1205,"OK"),SUMIFS('Planejamento'!$O$6:$O$1205,'Planejamento'!$X$6:$X$1205,"Ativo",'Planejamento'!$Y$6:$Y$1205,"OK",'Planejamento'!$D$6:$D$1205,$B$3)) | G5: Pedidos a emitir (un.) | H5: =IF($B$3="",SUMIFS('Planejamento'!$P$6:$P$1205,'Planejamento'!$X$6:$X$1205,"Ativo",'Planejamento'!$Y$6:$Y$1205,"OK"),SUMIFS('Planejamento'!$P$6:$P$1205,'Planejamento'!$X$6:$X$1205,"Ativo",'Planejamento'!$Y$6:$Y$1205,"OK",'Planejamento'!$D$6:$D$1205,$B$3))
A8: Semanas com risco de falta | B8: =IF($B$3="",COUNTIFS('Planejamento'!$V$6:$V$1205,"Ruptura",'Planejamento'!$X$6:$X$1205,"Ativo",'Planejamento'!$Y$6:$Y$1205,"OK")+COUNTIFS('Planejamento'!$V$6:$V$1205,"Atenção",'Planejamento'!$X$6:$X$1205,"Ativo",'Planejamento'!$Y$6:$Y$1205,"OK")+COUNTIFS('Planejamento'!$V$6:$V$1205,"Capacidade insuficiente",'Planejamento'!$X$6:$X$1205,"Ativo",'Planejamento'!$Y$6:$Y$1205,"OK"),COUNTIFS('Planejamento'!$V$6:$V$1205,"Ruptura",'Planejamento'!$X$6:$X$1205,"Ativo",'Planejamento'!$Y$6:$Y$1205,"OK",'Planejamento'!$D$6:$D$1205,$B$3)+COUNTIFS('Planejamento'!$V$6:$V$1205,"Atenção",'Planejamento'!$X$6:$X$1205,"Ativo",'Planejamento'!$Y$6:$Y$1205,"OK",'Planejamento'!$D$6:$D$1205,$B$3)+COUNTIFS('Planejamento'!$V$6:$V$1205,"Capacidade insuficiente",'Planejamento'!$X$6:$X$1205,"Ativo",'Planejamento'!$Y$6:$Y$1205,"OK",'Planejamento'!$D$6:$D$1205,$B$3)) | C8: Semanas com excesso de capacidade | D8: =IF($B$3="",COUNTIFS('Planejamento'!$V$6:$V$1205,"Excesso de capacidade",'Planejamento'!$X$6:$X$1205,"Ativo",'Planejamento'!$Y$6:$Y$1205,"OK"),COUNTIFS('Planejamento'!$V$6:$V$1205,"Excesso de capacidade",'Planejamento'!$X$6:$X$1205,"Ativo",'Planejamento'!$Y$6:$Y$1205,"OK",'Planejamento'!$D$6:$D$1205,$B$3)) | E8: Desmobilização recomendada (un.) | F8: =IF($B$3="",SUMIFS('Planejamento'!$R$6:$R$1205,'Planejamento'!$X$6:$X$1205,"Ativo",'Planejamento'!$Y$6:$Y$1205,"OK"),SUMIFS('Planejamento'!$R$6:$R$1205,'Planejamento'!$X$6:$X$1205,"Ativo",'Planejamento'!$Y$6:$Y$1205,"OK",'Planejamento'!$D$6:$D$1205,$B$3)) | G8: Cenários com pendência de cadastro | H8: =IF($B$3="",COUNTIFS('Cenários'!$A$6:$A$105,"<>",'Cenários'!$Z$6:$Z$105,"<>OK"),COUNTIFS('Cenários'!$A$6:$A$105,"<>",'Cenários'!$Z$6:$Z$105,"<>OK",'Cenários'!$D$6:$D$105,$B$3))
A11: =IF(B5=0,"Nenhum cenário ativo e válido para o filtro.",IF(H8>0,"Há cenários com pendências de cadastro.","Planejamento pronto para revisão."))
A15: Deslocamento | B15: Semana | C15: Demanda projetada | D15: Recebimento recomendado | E15: Saldo final projetado | G15: Situação | H15: Quantidade de semanas
A16: -4 | B16: =IF(A16<0,"S"&A16,IF(A16=0,"S0","S+"&A16)) | C16: =IF($B$3="",SUMIFS('Planejamento'!$I$6:$I$1205,'Planejamento'!$E$6:$E$1205,$A16,'Planejamento'!$X$6:$X$1205,"Ativo",'Planejamento'!$Y$6:$Y$1205,"OK"),SUMIFS('Planejamento'!$I$6:$I$1205,'Planejamento'!$E$6:$E$1205,$A16,'Planejamento'!$X$6:$X$1205,"Ativo",'Planejamento'!$Y$6:$Y$1205,"OK",'Planejamento'!$D$6:$D$1205,$B$3)) | D16: =IF($B$3="",SUMIFS('Planejamento'!$O$6:$O$1205,'Planejamento'!$E$6:$E$1205,$A16,'Planejamento'!$X$6:$X$1205,"Ativo",'Planejamento'!$Y$6:$Y$1205,"OK"),SUMIFS('Planejamento'!$O$6:$O$1205,'Planejamento'!$E$6:$E$1205,$A16,'Planejamento'!$X$6:$X$1205,"Ativo",'Planejamento'!$Y$6:$Y$1205,"OK",'Planejamento'!$D$6:$D$1205,$B$3)) | E16: =IF($B$3="",SUMIFS('Planejamento'!$S$6:$S$1205,'Planejamento'!$E$6:$E$1205,$A16,'Planejamento'!$X$6:$X$1205,"Ativo",'Planejamento'!$Y$6:$Y$1205,"OK"),SUMIFS('Planejamento'!$S$6:$S$1205,'Planejamento'!$E$6:$E$1205,$A16,'Planejamento'!$X$6:$X$1205,"Ativo",'Planejamento'!$Y$6:$Y$1205,"OK",'Planejamento'!$D$6:$D$1205,$B$3)) | G16: Ruptura | H16: =IF($B$3="",COUNTIFS('Planejamento'!$V$6:$V$1205,$G16,'Planejamento'!$X$6:$X$1205,"Ativo",'Planejamento'!$Y$6:$Y$1205,"OK"),COUNTIFS('Planejamento'!$V$6:$V$1205,$G16,'Planejamento'!$X$6:$X$1205,"Ativo",'Planejamento'!$Y$6:$Y$1205,"OK",'Planejamento'!$D$6:$D$1205,$B$3)) | P16: =IF('Cenários'!D6="","",'Cenários'!D6)
A17: -3 | B17: =IF(A17<0,"S"&A17,IF(A17=0,"S0","S+"&A17)) | C17: =IF($B$3="",SUMIFS('Planejamento'!$I$6:$I$1205,'Planejamento'!$E$6:$E$1205,$A17,'Planejamento'!$X$6:$X$1205,"Ativo",'Planejamento'!$Y$6:$Y$1205,"OK"),SUMIFS('Planejamento'!$I$6:$I$1205,'Planejamento'!$E$6:$E$1205,$A17,'Planejamento'!$X$6:$X$1205,"Ativo",'Planejamento'!$Y$6:$Y$1205,"OK",'Planejamento'!$D$6:$D$1205,$B$3)) | D17: =IF($B$3="",SUMIFS('Planejamento'!$O$6:$O$1205,'Planejamento'!$E$6:$E$1205,$A17,'Planejamento'!$X$6:$X$1205,"Ativo",'Planejamento'!$Y$6:$Y$1205,"OK"),SUMIFS('Planejamento'!$O$6:$O$1205,'Planejamento'!$E$6:$E$1205,$A17,'Planejamento'!$X$6:$X$1205,"Ativo",'Planejamento'!$Y$6:$Y$1205,"OK",'Planejamento'!$D$6:$D$1205,$B$3)) | E17: =IF($B$3="",SUMIFS('Planejamento'!$S$6:$S$1205,'Planejamento'!$E$6:$E$1205,$A17,'Planejamento'!$X$6:$X$1205,"Ativo",'Planejamento'!$Y$6:$Y$1205,"OK"),SUMIFS('Planejamento'!$S$6:$S$1205,'Planejamento'!$E$6:$E$1205,$A17,'Planejamento'!$X$6:$X$1205,"Ativo",'Planejamento'!$Y$6:$Y$1205,"OK",'Planejamento'!$D$6:$D$1205,$B$3)) | G17: Atenção | H17: =IF($B$3="",COUNTIFS('Planejamento'!$V$6:$V$1205,$G17,'Planejamento'!$X$6:$X$1205,"Ativo",'Planejamento'!$Y$6:$Y$1205,"OK"),COUNTIFS('Planejamento'!$V$6:$V$1205,$G17,'Planejamento'!$X$6:$X$1205,"Ativo",'Planejamento'!$Y$6:$Y$1205,"OK",'Planejamento'!$D$6:$D$1205,$B$3)) | P17: =IF('Cenários'!D7="","",'Cenários'!D7)
A18: -2 | B18: =IF(A18<0,"S"&A18,IF(A18=0,"S0","S+"&A18)) | C18: =IF($B$3="",SUMIFS('Planejamento'!$I$6:$I$1205,'Planejamento'!$E$6:$E$1205,$A18,'Planejamento'!$X$6:$X$1205,"Ativo",'Planejamento'!$Y$6:$Y$1205,"OK"),SUMIFS('Planejamento'!$I$6:$I$1205,'Planejamento'!$E$6:$E$1205,$A18,'Planejamento'!$X$6:$X$1205,"Ativo",'Planejamento'!$Y$6:$Y$1205,"OK",'Planejamento'!$D$6:$D$1205,$B$3)) | D18: =IF($B$3="",SUMIFS('Planejamento'!$O$6:$O$1205,'Planejamento'!$E$6:$E$1205,$A18,'Planejamento'!$X$6:$X$1205,"Ativo",'Planejamento'!$Y$6:$Y$1205,"OK"),SUMIFS('Planejamento'!$O$6:$O$1205,'Planejamento'!$E$6:$E$1205,$A18,'Planejamento'!$X$6:$X$1205,"Ativo",'Planejamento'!$Y$6:$Y$1205,"OK",'Planejamento'!$D$6:$D$1205,$B$3)) | E18: =IF($B$3="",SUMIFS('Planejamento'!$S$6:$S$1205,'Planejamento'!$E$6:$E$1205,$A18,'Planejamento'!$X$6:$X$1205,"Ativo",'Planejamento'!$Y$6:$Y$1205,"OK"),SUMIFS('Planejamento'!$S$6:$S$1205,'Planejamento'!$E$6:$E$1205,$A18,'Planejamento'!$X$6:$X$1205,"Ativo",'Planejamento'!$Y$6:$Y$1205,"OK",'Planejamento'!$D$6:$D$1205,$B$3)) | G18: Capacidade insuficiente | H18: =IF($B$3="",COUNTIFS('Planejamento'!$V$6:$V$1205,$G18,'Planejamento'!$X$6:$X$1205,"Ativo",'Planejamento'!$Y$6:$Y$1205,"OK"),COUNTIFS('Planejamento'!$V$6:$V$1205,$G18,'Planejamento'!$X$6:$X$1205,"Ativo",'Planejamento'!$Y$6:$Y$1205,"OK",'Planejamento'!$D$6:$D$1205,$B$3)) | P18: =IF('Cenários'!D8="","",'Cenários'!D8)
A19: -1 | B19: =IF(A19<0,"S"&A19,IF(A19=0,"S0","S+"&A19)) | C19: =IF($B$3="",SUMIFS('Planejamento'!$I$6:$I$1205,'Planejamento'!$E$6:$E$1205,$A19,'Planejamento'!$X$6:$X$1205,"Ativo",'Planejamento'!$Y$6:$Y$1205,"OK"),SUMIFS('Planejamento'!$I$6:$I$1205,'Planejamento'!$E$6:$E$1205,$A19,'Planejamento'!$X$6:$X$1205,"Ativo",'Planejamento'!$Y$6:$Y$1205,"OK",'Planejamento'!$D$6:$D$1205,$B$3)) | D19: =IF($B$3="",SUMIFS('Planejamento'!$O$6:$O$1205,'Planejamento'!$E$6:$E$1205,$A19,'Planejamento'!$X$6:$X$1205,"Ativo",'Planejamento'!$Y$6:$Y$1205,"OK"),SUMIFS('Planejamento'!$O$6:$O$1205,'Planejamento'!$E$6:$E$1205,$A19,'Planejamento'!$X$6:$X$1205,"Ativo",'Planejamento'!$Y$6:$Y$1205,"OK",'Planejamento'!$D$6:$D$1205,$B$3)) | E19: =IF($B$3="",SUMIFS('Planejamento'!$S$6:$S$1205,'Planejamento'!$E$6:$E$1205,$A19,'Planejamento'!$X$6:$X$1205,"Ativo",'Planejamento'!$Y$6:$Y$1205,"OK"),SUMIFS('Planejamento'!$S$6:$S$1205,'Planejamento'!$E$6:$E$1205,$A19,'Planejamento'!$X$6:$X$1205,"Ativo",'Planejamento'!$Y$6:$Y$1205,"OK",'Planejamento'!$D$6:$D$1205,$B$3)) | G19: Excesso de capacidade | H19: =IF($B$3="",COUNTIFS('Planejamento'!$V$6:$V$1205,$G19,'Planejamento'!$X$6:$X$1205,"Ativo",'Planejamento'!$Y$6:$Y$1205,"OK"),COUNTIFS('Planejamento'!$V$6:$V$1205,$G19,'Planejamento'!$X$6:$X$1205,"Ativo",'Planejamento'!$Y$6:$Y$1205,"OK",'Planejamento'!$D$6:$D$1205,$B$3)) | P19: =IF('Cenários'!D9="","",'Cenários'!D9)
A20: 0 | B20: =IF(A20<0,"S"&A20,IF(A20=0,"S0","S+"&A20)) | C20: =IF($B$3="",SUMIFS('Planejamento'!$I$6:$I$1205,'Planejamento'!$E$6:$E$1205,$A20,'Planejamento'!$X$6:$X$1205,"Ativo",'Planejamento'!$Y$6:$Y$1205,"OK"),SUMIFS('Planejamento'!$I$6:$I$1205,'Planejamento'!$E$6:$E$1205,$A20,'Planejamento'!$X$6:$X$1205,"Ativo",'Planejamento'!$Y$6:$Y$1205,"OK",'Planejamento'!$D$6:$D$1205,$B$3)) | D20: =IF($B$3="",SUMIFS('Planejamento'!$O$6:$O$1205,'Planejamento'!$E$6:$E$1205,$A20,'Planejamento'!$X$6:$X$1205,"Ativo",'Planejamento'!$Y$6:$Y$1205,"OK"),SUMIFS('Planejamento'!$O$6:$O$1205,'Planejamento'!$E$6:$E$1205,$A20,'Planejamento'!$X$6:$X$1205,"Ativo",'Planejamento'!$Y$6:$Y$1205,"OK",'Planejamento'!$D$6:$D$1205,$B$3)) | E20: =IF($B$3="",SUMIFS('Planejamento'!$S$6:$S$1205,'Planejamento'!$E$6:$E$1205,$A20,'Planejamento'!$X$6:$X$1205,"Ativo",'Planejamento'!$Y$6:$Y$1205,"OK"),SUMIFS('Planejamento'!$S$6:$S$1205,'Planejamento'!$E$6:$E$1205,$A20,'Planejamento'!$X$6:$X$1205,"Ativo",'Planejamento'!$Y$6:$Y$1205,"OK",'Planejamento'!$D$6:$D$1205,$B$3)) | G20: Desmobilizar | H20: =IF($B$3="",COUNTIFS('Planejamento'!$V$6:$V$1205,$G20,'Planejamento'!$X$6:$X$1205,"Ativo",'Planejamento'!$Y$6:$Y$1205,"OK"),COUNTIFS('Planejamento'!$V$6:$V$1205,$G20,'Planejamento'!$X$6:$X$1205,"Ativo",'Planejamento'!$Y$6:$Y$1205,"OK",'Planejamento'!$D$6:$D$1205,$B$3)) | P20: =IF('Cenários'!D10="","",'Cenários'!D10)
A21: 1 | B21: =IF(A21<0,"S"&A21,IF(A21=0,"S0","S+"&A21)) | C21: =IF($B$3="",SUMIFS('Planejamento'!$I$6:$I$1205,'Planejamento'!$E$6:$E$1205,$A21,'Planejamento'!$X$6:$X$1205,"Ativo",'Planejamento'!$Y$6:$Y$1205,"OK"),SUMIFS('Planejamento'!$I$6:$I$1205,'Planejamento'!$E$6:$E$1205,$A21,'Planejamento'!$X$6:$X$1205,"Ativo",'Planejamento'!$Y$6:$Y$1205,"OK",'Planejamento'!$D$6:$D$1205,$B$3)) | D21: =IF($B$3="",SUMIFS('Planejamento'!$O$6:$O$1205,'Planejamento'!$E$6:$E$1205,$A21,'Planejamento'!$X$6:$X$1205,"Ativo",'Planejamento'!$Y$6:$Y$1205,"OK"),SUMIFS('Planejamento'!$O$6:$O$1205,'Planejamento'!$E$6:$E$1205,$A21,'Planejamento'!$X$6:$X$1205,"Ativo",'Planejamento'!$Y$6:$Y$1205,"OK",'Planejamento'!$D$6:$D$1205,$B$3)) | E21: =IF($B$3="",SUMIFS('Planejamento'!$S$6:$S$1205,'Planejamento'!$E$6:$E$1205,$A21,'Planejamento'!$X$6:$X$1205,"Ativo",'Planejamento'!$Y$6:$Y$1205,"OK"),SUMIFS('Planejamento'!$S$6:$S$1205,'Planejamento'!$E$6:$E$1205,$A21,'Planejamento'!$X$6:$X$1205,"Ativo",'Planejamento'!$Y$6:$Y$1205,"OK",'Planejamento'!$D$6:$D$1205,$B$3)) | P21: =IF('Cenários'!D11="","",'Cenários'!D11)
A22: 2 | B22: =IF(A22<0,"S"&A22,IF(A22=0,"S0","S+"&A22)) | C22: =IF($B$3="",SUMIFS('Planejamento'!$I$6:$I$1205,'Planejamento'!$E$6:$E$1205,$A22,'Planejamento'!$X$6:$X$1205,"Ativo",'Planejamento'!$Y$6:$Y$1205,"OK"),SUMIFS('Planejamento'!$I$6:$I$1205,'Planejamento'!$E$6:$E$1205,$A22,'Planejamento'!$X$6:$X$1205,"Ativo",'Planejamento'!$Y$6:$Y$1205,"OK",'Planejamento'!$D$6:$D$1205,$B$3)) | D22: =IF($B$3="",SUMIFS('Planejamento'!$O$6:$O$1205,'Planejamento'!$E$6:$E$1205,$A22,'Planejamento'!$X$6:$X$1205,"Ativo",'Planejamento'!$Y$6:$Y$1205,"OK"),SUMIFS('Planejamento'!$O$6:$O$1205,'Planejamento'!$E$6:$E$1205,$A22,'Planejamento'!$X$6:$X$1205,"Ativo",'Planejamento'!$Y$6:$Y$1205,"OK",'Planejamento'!$D$6:$D$1205,$B$3)) | E22: =IF($B$3="",SUMIFS('Planejamento'!$S$6:$S$1205,'Planejamento'!$E$6:$E$1205,$A22,'Planejamento'!$X$6:$X$1205,"Ativo",'Planejamento'!$Y$6:$Y$1205,"OK"),SUMIFS('Planejamento'!$S$6:$S$1205,'Planejamento'!$E$6:$E$1205,$A22,'Planejamento'!$X$6:$X$1205,"Ativo",'Planejamento'!$Y$6:$Y$1205,"OK",'Planejamento'!$D$6:$D$1205,$B$3)) | P22: =IF('Cenários'!D12="","",'Cenários'!D12)
A23: 3 | B23: =IF(A23<0,"S"&A23,IF(A23=0,"S0","S+"&A23)) | C23: =IF($B$3="",SUMIFS('Planejamento'!$I$6:$I$1205,'Planejamento'!$E$6:$E$1205,$A23,'Planejamento'!$X$6:$X$1205,"Ativo",'Planejamento'!$Y$6:$Y$1205,"OK"),SUMIFS('Planejamento'!$I$6:$I$1205,'Planejamento'!$E$6:$E$1205,$A23,'Planejamento'!$X$6:$X$1205,"Ativo",'Planejamento'!$Y$6:$Y$1205,"OK",'Planejamento'!$D$6:$D$1205,$B$3)) | D23: =IF($B$3="",SUMIFS('Planejamento'!$O$6:$O$1205,'Planejamento'!$E$6:$E$1205,$A23,'Planejamento'!$X$6:$X$1205,"Ativo",'Planejamento'!$Y$6:$Y$1205,"OK"),SUMIFS('Planejamento'!$O$6:$O$1205,'Planejamento'!$E$6:$E$1205,$A23,'Planejamento'!$X$6:$X$1205,"Ativo",'Planejamento'!$Y$6:$Y$1205,"OK",'Planejamento'!$D$6:$D$1205,$B$3)) | E23: =IF($B$3="",SUMIFS('Planejamento'!$S$6:$S$1205,'Planejamento'!$E$6:$E$1205,$A23,'Planejamento'!$X$6:$X$1205,"Ativo",'Planejamento'!$Y$6:$Y$1205,"OK"),SUMIFS('Planejamento'!$S$6:$S$1205,'Planejamento'!$E$6:$E$1205,$A23,'Planejamento'!$X$6:$X$1205,"Ativo",'Planejamento'!$Y$6:$Y$1205,"OK",'Planejamento'!$D$6:$D$1205,$B$3)) | P23: =IF('Cenários'!D13="","",'Cenários'!D13)
A24: 4 | B24: =IF(A24<0,"S"&A24,IF(A24=0,"S0","S+"&A24)) | C24: =IF($B$3="",SUMIFS('Planejamento'!$I$6:$I$1205,'Planejamento'!$E$6:$E$1205,$A24,'Planejamento'!$X$6:$X$1205,"Ativo",'Planejamento'!$Y$6:$Y$1205,"OK"),SUMIFS('Planejamento'!$I$6:$I$1205,'Planejamento'!$E$6:$E$1205,$A24,'Planejamento'!$X$6:$X$1205,"Ativo",'Planejamento'!$Y$6:$Y$1205,"OK",'Planejamento'!$D$6:$D$1205,$B$3)) | D24: =IF($B$3="",SUMIFS('Planejamento'!$O$6:$O$1205,'Planejamento'!$E$6:$E$1205,$A24,'Planejamento'!$X$6:$X$1205,"Ativo",'Planejamento'!$Y$6:$Y$1205,"OK"),SUMIFS('Planejamento'!$O$6:$O$1205,'Planejamento'!$E$6:$E$1205,$A24,'Planejamento'!$X$6:$X$1205,"Ativo",'Planejamento'!$Y$6:$Y$1205,"OK",'Planejamento'!$D$6:$D$1205,$B$3)) | E24: =IF($B$3="",SUMIFS('Planejamento'!$S$6:$S$1205,'Planejamento'!$E$6:$E$1205,$A24,'Planejamento'!$X$6:$X$1205,"Ativo",'Planejamento'!$Y$6:$Y$1205,"OK"),SUMIFS('Planejamento'!$S$6:$S$1205,'Planejamento'!$E$6:$E$1205,$A24,'Planejamento'!$X$6:$X$1205,"Ativo",'Planejamento'!$Y$6:$Y$1205,"OK",'Planejamento'!$D$6:$D$1205,$B$3)) | P24: =IF('Cenários'!D14="","",'Cenários'!D14)
A25: 5 | B25: =IF(A25<0,"S"&A25,IF(A25=0,"S0","S+"&A25)) | C25: =IF($B$3="",SUMIFS('Planejamento'!$I$6:$I$1205,'Planejamento'!$E$6:$E$1205,$A25,'Planejamento'!$X$6:$X$1205,"Ativo",'Planejamento'!$Y$6:$Y$1205,"OK"),SUMIFS('Planejamento'!$I$6:$I$1205,'Planejamento'!$E$6:$E$1205,$A25,'Planejamento'!$X$6:$X$1205,"Ativo",'Planejamento'!$Y$6:$Y$1205,"OK",'Planejamento'!$D$6:$D$1205,$B$3)) | D25: =IF($B$3="",SUMIFS('Planejamento'!$O$6:$O$1205,'Planejamento'!$E$6:$E$1205,$A25,'Planejamento'!$X$6:$X$1205,"Ativo",'Planejamento'!$Y$6:$Y$1205,"OK"),SUMIFS('Planejamento'!$O$6:$O$1205,'Planejamento'!$E$6:$E$1205,$A25,'Planejamento'!$X$6:$X$1205,"Ativo",'Planejamento'!$Y$6:$Y$1205,"OK",'Planejamento'!$D$6:$D$1205,$B$3)) | E25: =IF($B$3="",SUMIFS('Planejamento'!$S$6:$S$1205,'Planejamento'!$E$6:$E$1205,$A25,'Planejamento'!$X$6:$X$1205,"Ativo",'Planejamento'!$Y$6:$Y$1205,"OK"),SUMIFS('Planejamento'!$S$6:$S$1205,'Planejamento'!$E$6:$E$1205,$A25,'Planejamento'!$X$6:$X$1205,"Ativo",'Planejamento'!$Y$6:$Y$1205,"OK",'Planejamento'!$D$6:$D$1205,$B$3)) | P25: =IF('Cenários'!D15="","",'Cenários'!D15)
A26: 6 | B26: =IF(A26<0,"S"&A26,IF(A26=0,"S0","S+"&A26)) | C26: =IF($B$3="",SUMIFS('Planejamento'!$I$6:$I$1205,'Planejamento'!$E$6:$E$1205,$A26,'Planejamento'!$X$6:$X$1205,"Ativo",'Planejamento'!$Y$6:$Y$1205,"OK"),SUMIFS('Planejamento'!$I$6:$I$1205,'Planejamento'!$E$6:$E$1205,$A26,'Planejamento'!$X$6:$X$1205,"Ativo",'Planejamento'!$Y$6:$Y$1205,"OK",'Planejamento'!$D$6:$D$1205,$B$3)) | D26: =IF($B$3="",SUMIFS('Planejamento'!$O$6:$O$1205,'Planejamento'!$E$6:$E$1205,$A26,'Planejamento'!$X$6:$X$1205,"Ativo",'Planejamento'!$Y$6:$Y$1205,"OK"),SUMIFS('Planejamento'!$O$6:$O$1205,'Planejamento'!$E$6:$E$1205,$A26,'Planejamento'!$X$6:$X$1205,"Ativo",'Planejamento'!$Y$6:$Y$1205,"OK",'Planejamento'!$D$6:$D$1205,$B$3)) | E26: =IF($B$3="",SUMIFS('Planejamento'!$S$6:$S$1205,'Planejamento'!$E$6:$E$1205,$A26,'Planejamento'!$X$6:$X$1205,"Ativo",'Planejamento'!$Y$6:$Y$1205,"OK"),SUMIFS('Planejamento'!$S$6:$S$1205,'Planejamento'!$E$6:$E$1205,$A26,'Planejamento'!$X$6:$X$1205,"Ativo",'Planejamento'!$Y$6:$Y$1205,"OK",'Planejamento'!$D$6:$D$1205,$B$3)) | P26: =IF('Cenários'!D16="","",'Cenários'!D16)
A27: 7 | B27: =IF(A27<0,"S"&A27,IF(A27=0,"S0","S+"&A27)) | C27: =IF($B$3="",SUMIFS('Planejamento'!$I$6:$I$1205,'Planejamento'!$E$6:$E$1205,$A27,'Planejamento'!$X$6:$X$1205,"Ativo",'Planejamento'!$Y$6:$Y$1205,"OK"),SUMIFS('Planejamento'!$I$6:$I$1205,'Planejamento'!$E$6:$E$1205,$A27,'Planejamento'!$X$6:$X$1205,"Ativo",'Planejamento'!$Y$6:$Y$1205,"OK",'Planejamento'!$D$6:$D$1205,$B$3)) | D27: =IF($B$3="",SUMIFS('Planejamento'!$O$6:$O$1205,'Planejamento'!$E$6:$E$1205,$A27,'Planejamento'!$X$6:$X$1205,"Ativo",'Planejamento'!$Y$6:$Y$1205,"OK"),SUMIFS('Planejamento'!$O$6:$O$1205,'Planejamento'!$E$6:$E$1205,$A27,'Planejamento'!$X$6:$X$1205,"Ativo",'Planejamento'!$Y$6:$Y$1205,"OK",'Planejamento'!$D$6:$D$1205,$B$3)) | E27: =IF($B$3="",SUMIFS('Planejamento'!$S$6:$S$1205,'Planejamento'!$E$6:$E$1205,$A27,'Planejamento'!$X$6:$X$1205,"Ativo",'Planejamento'!$Y$6:$Y$1205,"OK"),SUMIFS('Planejamento'!$S$6:$S$1205,'Planejamento'!$E$6:$E$1205,$A27,'Planejamento'!$X$6:$X$1205,"Ativo",'Planejamento'!$Y$6:$Y$1205,"OK",'Planejamento'!$D$6:$D$1205,$B$3)) | P27: =IF('Cenários'!D17="","",'Cenários'!D17)
P28: =IF('Cenários'!D18="","",'Cenários'!D18)
P29: =IF('Cenários'!D19="","",'Cenários'!D19)
P30: =IF('Cenários'!D20="","",'Cenários'!D20)
P31: =IF('Cenários'!D21="","",'Cenários'!D21)
P32: =IF('Cenários'!D22="","",'Cenários'!D22)
P33: =IF('Cenários'!D23="","",'Cenários'!D23)
P34: =IF('Cenários'!D24="","",'Cenários'!D24)
P35: =IF('Cenários'!D25="","",'Cenários'!D25)
P36: =IF('Cenários'!D26="","",'Cenários'!D26)
P37: =IF('Cenários'!D27="","",'Cenários'!D27)
P38: =IF('Cenários'!D28="","",'Cenários'!D28)
P39: =IF('Cenários'!D29="","",'Cenários'!D29)
... P115: =IF('Cenários'!D105="","",'Cenários'!D105)

Sheet Cenários
A1: Cenários de Estoque Sazonal
A2: Cadastre até 100 combinações fictícias de SKU e evento. Células amarelas são editáveis.
A3: Edite os parâmetros e revise a coluna Checagem antes de usar as recomendações.
A5: ID do cenário | B5: SKU | C5: Produto | D5: Evento sazonal | E5: Semana do pico | F5: Demanda-base semanal | G5: Estoque disponível no início | H5: Estoque de segurança | I5: Lote de reposição | J5: Prazo de reposição (semanas) | K5: Capacidade máxima | L5: Saldo-alvo após o evento | M5: Situação | N5: Fator S-4 | O5: Fator S-3 | P5: Fator S-2 | Q5: Fator S-1 | R5: Fator S0 | S5: Fator S+1 | T5: Fator S+2 | U5: Fator S+3 | V5: Fator S+4 | W5: Fator S+5 | X5: Fator S+6 | Y5: Fator S+7 | Z5: Checagem
A6: CEN-001 | B6: SKU-FIC-101 | C6: Garrafa Aurora Fictícia | D6: Festival de Primavera Fictício | E6: 46300 | F6: 70 | G6: 210 | H6: 50 | I6: 20 | J6: 2 | K6: 500 | L6: 40 | M6: Ativo | N6: 0.8 | O6: 0.9 | P6: 1.1 | Q6: 1.5 | R6: 2.2 | S6: 1.6 | T6: 1.2 | U6: 0.9 | V6: 0.8 | W6: 0.7 | X6: 0.7 | Y6: 0.6 | Z6: =IF(COUNTA($A6:$Y6)=0,"",IF($A6="","Falta ID",IF(COUNTIF($A$6:$A$105,$A6)>1,"ID duplicado",IF(OR($B6="",$C6="",$D6="",$E6="",$F6="",$G6="",$H6="",$I6="",$J6="",$K6="",$L6="",$M6=""),"Preencher campos obrigatórios",IF(COUNTBLANK($N6:$Y6)>0,"Curva incompleta",IF(OR($F6<0,$G6<0,$H6<0,$I6<1,$J6<0,$J6>4,$K6<1,$L6<0),"Valor fora do limite",IF(WEEKDAY($E6,2)<>1,"Data não é segunda-feira",IF(OR(MIN($N6:$Y6)<0,MAX($N6:$Y6)>10),"Fator fora do limite",IF($H6>$K6,"Segurança acima da capacidade",IF($L6>$K6,"Saldo final acima da capacidade",IF($G6>$K6,"Estoque atual acima da capacidade","OK")))))))))))
A7: CEN-002 | B7: SKU-FIC-102 | C7: Caderno Brisa Fictício | D7: Festival de Primavera Fictício | E7: 46300 | F7: 120 | G7: 300 | H7: 90 | I7: 50 | J7: 1 | K7: 700 | L7: 70 | M7: Ativo | N7: 0.7 | O7: 0.8 | P7: 1 | Q7: 1.4 | R7: 1.9 | S7: 1.4 | T7: 1.1 | U7: 0.9 | V7: 0.8 | W7: 0.7 | X7: 0.6 | Y7: 0.6 | Z7: =IF(COUNTA($A7:$Y7)=0,"",IF($A7="","Falta ID",IF(COUNTIF($A$6:$A$105,$A7)>1,"ID duplicado",IF(OR($B7="",$C7="",$D7="",$E7="",$F7="",$G7="",$H7="",$I7="",$J7="",$K7="",$L7="",$M7=""),"Preencher campos obrigatórios",IF(COUNTBLANK($N7:$Y7)>0,"Curva incompleta",IF(OR($F7<0,$G7<0,$H7<0,$I7<1,$J7<0,$J7>4,$K7<1,$L7<0),"Valor fora do limite",IF(WEEKDAY($E7,2)<>1,"Data não é segunda-feira",IF(OR(MIN($N7:$Y7)<0,MAX($N7:$Y7)>10),"Fator fora do limite",IF($H7>$K7,"Segurança acima da capacidade",IF($L7>$K7,"Saldo final acima da capacidade",IF($G7>$K7,"Estoque atual acima da capacidade","OK")))))))))))
A8: CEN-003 | B8: SKU-FIC-103 | C8: Kit Blocos Galáxia Fictício | D8: Dia das Crianças 2026 | E8: 46307 | F8: 90 | G8: 260 | H8: 70 | I8: 30 | J8: 2 | K8: 650 | L8: 45 | M8: Ativo | N8: 0.7 | O8: 0.9 | P8: 1.3 | Q8: 2 | R8: 3.2 | S8: 2.1 | T8: 1.3 | U8: 0.9 | V8: 0.7 | W8: 0.6 | X8: 0.5 | Y8: 0.5 | Z8: =IF(COUNTA($A8:$Y8)=0,"",IF($A8="","Falta ID",IF(COUNTIF($A$6:$A$105,$A8)>1,"ID duplicado",IF(OR($B8="",$C8="",$D8="",$E8="",$F8="",$G8="",$H8="",$I8="",$J8="",$K8="",$L8="",$M8=""),"Preencher campos obrigatórios",IF(COUNTBLANK($N8:$Y8)>0,"Curva incompleta",IF(OR($F8<0,$G8<0,$H8<0,$I8<1,$J8<0,$J8>4,$K8<1,$L8<0),"Valor fora do limite",IF(WEEKDAY($E8,2)<>1,"Data não é segunda-feira",IF(OR(MIN($N8:$Y8)<0,MAX($N8:$Y8)>10),"Fator fora do limite",IF($H8>$K8,"Segurança acima da capacidade",IF($L8>$K8,"Saldo final acima da capacidade",IF($G8>$K8,"Estoque atual acima da capacidade","OK")))))))))))
A9: CEN-004 | B9: SKU-FIC-104 | C9: Pelúcia Lua Mansa Fictícia | D9: Dia das Crianças 2026 | E9: 46307 | F9: 60 | G9: 180 | H9: 50 | I9: 20 | J9: 3 | K9: 500 | L9: 35 | M9: Ativo | N9: 0.6 | O9: 0.8 | P9: 1.2 | Q9: 1.8 | R9: 2.8 | S9: 2 | T9: 1.2 | U9: 0.8 | V9: 0.7 | W9: 0.6 | X9: 0.5 | Y9: 0.4 | Z9: =IF(COUNTA($A9:$Y9)=0,"",IF($A9="","Falta ID",IF(COUNTIF($A$6:$A$105,$A9)>1,"ID duplicado",IF(OR($B9="",$C9="",$D9="",$E9="",$F9="",$G9="",$H9="",$I9="",$J9="",$K9="",$L9="",$M9=""),"Preencher campos obrigatórios",IF(COUNTBLANK($N9:$Y9)>0,"Curva incompleta",IF(OR($F9<0,$G9<0,$H9<0,$I9<1,$J9<0,$J9>4,$K9<1,$L9<0),"Valor fora do limite",IF(WEEKDAY($E9,2)<>1,"Data não é segunda-feira",IF(OR(MIN($N9:$Y9)<0,MAX($N9:$Y9)>10),"Fator fora do limite",IF($H9>$K9,"Segurança acima da capacidade",IF($L9>$K9,"Saldo final acima da capacidade",IF($G9>$K9,"Estoque atual acima da capacidade","OK")))))))))))
A10: CEN-005 | B10: SKU-FIC-105 | C10: Jogo Estelar Fictício | D10: Dia das Crianças 2026 | E10: 46307 | F10: 110 | G10: 220 | H10: 80 | I10: 40 | J10: 2 | K10: 560 | L10: 50 | M10: Ativo | N10: 0.7 | O10: 0.9 | P10: 1.4 | Q10: 2.2 | R10: 3.5 | S10: 2.3 | T10: 1.4 | U10: 0.9 | V10: 0.7 | W10: 0.6 | X10: 0.5 | Y10: 0.5 | Z10: =IF(COUNTA($A10:$Y10)=0,"",IF($A10="","Falta ID",IF(COUNTIF($A$6:$A$105,$A10)>1,"ID duplicado",IF(OR($B10="",$C10="",$D10="",$E10="",$F10="",$G10="",$H10="",$I10="",$J10="",$K10="",$L10="",$M10=""),"Preencher campos obrigatórios",IF(COUNTBLANK($N10:$Y10)>0,"Curva incompleta",IF(OR($F10<0,$G10<0,$H10<0,$I10<1,$J10<0,$J10>4,$K10<1,$L10<0),"Valor fora do limite",IF(WEEKDAY($E10,2)<>1,"Data não é segunda-feira",IF(OR(MIN($N10:$Y10)<0,MAX($N10:$Y10)>10),"Fator fora do limite",IF($H10>$K10,"Segurança acima da capacidade",IF($L10>$K10,"Saldo final acima da capacidade",IF($G10>$K10,"Estoque atual acima da capacidade","OK")))))))))))
A11: CEN-006 | B11: SKU-FIC-106 | C11: Fone Nuvem Pop Fictício | D11: Black Friday 2026 | E11: 46349 | F11: 160 | G11: 320 | H11: 100 | I11: 50 | J11: 3 | K11: 800 | L11: 80 | M11: Ativo | N11: 0.6 | O11: 0.8 | P11: 1.1 | Q11: 1.8 | R11: 4 | S11: 1.7 | T11: 1.1 | U11: 0.8 | V11: 0.7 | W11: 0.6 | X11: 0.5 | Y11: 0.5 | Z11: =IF(COUNTA($A11:$Y11)=0,"",IF($A11="","Falta ID",IF(COUNTIF($A$6:$A$105,$A11)>1,"ID duplicado",IF(OR($B11="",$C11="",$D11="",$E11="",$F11="",$G11="",$H11="",$I11="",$J11="",$K11="",$L11="",$M11=""),"Preencher campos obrigatórios",IF(COUNTBLANK($N11:$Y11)>0,"Curva incompleta",IF(OR($F11<0,$G11<0,$H11<0,$I11<1,$J11<0,$J11>4,$K11<1,$L11<0),"Valor fora do limite",IF(WEEKDAY($E11,2)<>1,"Data não é segunda-feira",IF(OR(MIN($N11:$Y11)<0,MAX($N11:$Y11)>10),"Fator fora do limite",IF($H11>$K11,"Segurança acima da capacidade",IF($L11>$K11,"Saldo final acima da capacidade",IF($G11>$K11,"Estoque atual acima da capacidade","OK")))))))))))
A12: CEN-007 | B12: SKU-FIC-107 | C12: Luminária Cometa Fictícia | D12: Black Friday 2026 | E12: 46349 | F12: 95 | G12: 190 | H12: 60 | I12: 25 | J12: 2 | K12: 500 | L12: 45 | M12: Ativo | N12: 0.7 | O12: 0.9 | P12: 1.2 | Q12: 1.7 | R12: 3.6 | S12: 1.6 | T12: 1 | U12: 0.8 | V12: 0.7 | W12: 0.6 | X12: 0.5 | Y12: 0.5 | Z12: =IF(COUNTA($A12:$Y12)=0,"",IF($A12="","Falta ID",IF(COUNTIF($A$6:$A$105,$A12)>1,"ID duplicado",IF(OR($B12="",$C12="",$D12="",$E12="",$F12="",$G12="",$H12="",$I12="",$J12="",$K12="",$L12="",$M12=""),"Preencher campos obrigatórios",IF(COUNTBLANK($N12:$Y12)>0,"Curva incompleta",IF(OR($F12<0,$G12<0,$H12<0,$I12<1,$J12<0,$J12>4,$K12<1,$L12<0),"Valor fora do limite",IF(WEEKDAY($E12,2)<>1,"Data não é segunda-feira",IF(OR(MIN($N12:$Y12)<0,MAX($N12:$Y12)>10),"Fator fora do limite",IF($H12>$K12,"Segurança acima da capacidade",IF($L12>$K12,"Saldo final acima da capacidade",IF($G12>$K12,"Estoque atual acima da capacidade","OK")))))))))))
A13: CEN-008 | B13: SKU-FIC-108 | C13: Organizador Órbita Fictício | D13: Black Friday 2026 | E13: 46349 | F13: 130 | G13: 260 | H13: 80 | I13: 40 | J13: 2 | K13: 600 | L13: 60 | M13: Ativo | N13: 0.6 | O13: 0.8 | P13: 1 | Q13: 1.6 | R13: 3.8 | S13: 1.8 | T13: 1.2 | U13: 0.9 | V13: 0.7 | W13: 0.6 | X13: 0.5 | Y13: 0.4 | Z13: =IF(COUNTA($A13:$Y13)=0,"",IF($A13="","Falta ID",IF(COUNTIF($A$6:$A$105,$A13)>1,"ID duplicado",IF(OR($B13="",$C13="",$D13="",$E13="",$F13="",$G13="",$H13="",$I13="",$J13="",$K13="",$L13="",$M13=""),"Preencher campos obrigatórios",IF(COUNTBLANK($N13:$Y13)>0,"Curva incompleta",IF(OR($F13<0,$G13<0,$H13<0,$I13<1,$J13<0,$J13>4,$K13<1,$L13<0),"Valor fora do limite",IF(WEEKDAY($E13,2)<>1,"Data não é segunda-feira",IF(OR(MIN($N13:$Y13)<0,MAX($N13:$Y13)>10),"Fator fora do limite",IF($H13>$K13,"Segurança acima da capacidade",IF($L13>$K13,"Saldo final acima da capacidade",IF($G13>$K13,"Estoque atual acima da capacidade","OK")))))))))))
A14: CEN-009 | B14: SKU-FIC-109 | C14: Caneca Boreal Fictícia | D14: Natal 2026 | E14: 46377 | F14: 140 | G14: 300 | H14: 90 | I14: 50 | J14: 2 | K14: 750 | L14: 70 | M14: Ativo | N14: 0.8 | O14: 1 | P14: 1.4 | Q14: 2.1 | R14: 3 | S14: 2.4 | T14: 1.4 | U14: 0.8 | V14: 0.6 | W14: 0.5 | X14: 0.4 | Y14: 0.4 | Z14: =IF(COUNTA($A14:$Y14)=0,"",IF($A14="","Falta ID",IF(COUNTIF($A$6:$A$105,$A14)>1,"ID duplicado",IF(OR($B14="",$C14="",$D14="",$E14="",$F14="",$G14="",$H14="",$I14="",$J14="",$K14="",$L14="",$M14=""),"Preencher campos obrigatórios",IF(COUNTBLANK($N14:$Y14)>0,"Curva incompleta",IF(OR($F14<0,$G14<0,$H14<0,$I14<1,$J14<0,$J14>4,$K14<1,$L14<0),"Valor fora do limite",IF(WEEKDAY($E14,2)<>1,"Data não é segunda-feira",IF(OR(MIN($N14:$Y14)<0,MAX($N14:$Y14)>10),"Fator fora do limite",IF($H14>$K14,"Segurança acima da capacidade",IF($L14>$K14,"Saldo final acima da capacidade",IF($G14>$K14,"Estoque atual acima da capacidade","OK")))))))))))
A15: CEN-010 | B15: SKU-FIC-110 | C15: Kit Solstício Fictício | D15: Natal 2026 | E15: 46377 | F15: 100 | G15: 240 | H15: 70 | I15: 25 | J15: 3 | K15: 650 | L15: 50 | M15: Pausado | N15: 0.7 | O15: 0.9 | P15: 1.3 | Q15: 1.9 | R15: 2.7 | S15: 2.2 | T15: 1.3 | U15: 0.9 | V15: 0.7 | W15: 0.6 | X15: 0.5 | Y15: 0.4 | Z15: =IF(COUNTA($A15:$Y15)=0,"",IF($A15="","Falta ID",IF(COUNTIF($A$6:$A$105,$A15)>1,"ID duplicado",IF(OR($B15="",$C15="",$D15="",$E15="",$F15="",$G15="",$H15="",$I15="",$J15="",$K15="",$L15="",$M15=""),"Preencher campos obrigatórios",IF(COUNTBLANK($N15:$Y15)>0,"Curva incompleta",IF(OR($F15<0,$G15<0,$H15<0,$I15<1,$J15<0,$J15>4,$K15<1,$L15<0),"Valor fora do limite",IF(WEEKDAY($E15,2)<>1,"Data não é segunda-feira",IF(OR(MIN($N15:$Y15)<0,MAX($N15:$Y15)>10),"Fator fora do limite",IF($H15>$K15,"Segurança acima da capacidade",IF($L15>$K15,"Saldo final acima da capacidade",IF($G15>$K15,"Estoque atual acima da capacidade","OK")))))))))))
Z16: =IF(COUNTA($A16:$Y16)=0,"",IF($A16="","Falta ID",IF(COUNTIF($A$6:$A$105,$A16)>1,"ID duplicado",IF(OR($B16="",$C16="",$D16="",$E16="",$F16="",$G16="",$H16="",$I16="",$J16="",$K16="",$L16="",$M16=""),"Preencher campos obrigatórios",IF(COUNTBLANK($N16:$Y16)>0,"Curva incompleta",IF(OR($F16<0,$G16<0,$H16<0,$I16<1,$J16<0,$J16>4,$K16<1,$L16<0),"Valor fora do limite",IF(WEEKDAY($E16,2)<>1,"Data não é segunda-feira",IF(OR(MIN($N16:$Y16)<0,MAX($N16:$Y16)>10),"Fator fora do limite",IF($H16>$K16,"Segurança acima da capacidade",IF($L16>$K16,"Saldo final acima da capacidade",IF($G16>$K16,"Estoque atual acima da capacidade","OK")))))))))))
Z17: =IF(COUNTA($A17:$Y17)=0,"",IF($A17="","Falta ID",IF(COUNTIF($A$6:$A$105,$A17)>1,"ID duplicado",IF(OR($B17="",$C17="",$D17="",$E17="",$F17="",$G17="",$H17="",$I17="",$J17="",$K17="",$L17="",$M17=""),"Preencher campos obrigatórios",IF(COUNTBLANK($N17:$Y17)>0,"Curva incompleta",IF(OR($F17<0,$G17<0,$H17<0,$I17<1,$J17<0,$J17>4,$K17<1,$L17<0),"Valor fora do limite",IF(WEEKDAY($E17,2)<>1,"Data não é segunda-feira",IF(OR(MIN($N17:$Y17)<0,MAX($N17:$Y17)>10),"Fator fora do limite",IF($H17>$K17,"Segurança acima da capacidade",IF($L17>$K17,"Saldo final acima da capacidade",IF($G17>$K17,"Estoque atual acima da capacidade","OK")))))))))))
Z18: =IF(COUNTA($A18:$Y18)=0,"",IF($A18="","Falta ID",IF(COUNTIF($A$6:$A$105,$A18)>1,"ID duplicado",IF(OR($B18="",$C18="",$D18="",$E18="",$F18="",$G18="",$H18="",$I18="",$J18="",$K18="",$L18="",$M18=""),"Preencher campos obrigatórios",IF(COUNTBLANK($N18:$Y18)>0,"Curva incompleta",IF(OR($F18<0,$G18<0,$H18<0,$I18<1,$J18<0,$J18>4,$K18<1,$L18<0),"Valor fora do limite",IF(WEEKDAY($E18,2)<>1,"Data não é segunda-feira",IF(OR(MIN($N18:$Y18)<0,MAX($N18:$Y18)>10),"Fator fora do limite",IF($H18>$K18,"Segurança acima da capacidade",IF($L18>$K18,"Saldo final acima da capacidade",IF($G18>$K18,"Estoque atual acima da capacidade","OK")))))))))))
Z19: =IF(COUNTA($A19:$Y19)=0,"",IF($A19="","Falta ID",IF(COUNTIF($A$6:$A$105,$A19)>1,"ID duplicado",IF(OR($B19="",$C19="",$D19="",$E19="",$F19="",$G19="",$H19="",$I19="",$J19="",$K19="",$L19="",$M19=""),"Preencher campos obrigatórios",IF(COUNTBLANK($N19:$Y19)>0,"Curva incompleta",IF(OR($F19<0,$G19<0,$H19<0,$I19<1,$J19<0,$J19>4,$K19<1,$L19<0),"Valor fora do limite",IF(WEEKDAY($E19,2)<>1,"Data não é segunda-feira",IF(OR(MIN($N19:$Y19)<0,MAX($N19:$Y19)>10),"Fator fora do limite",IF($H19>$K19,"Segurança acima da capacidade",IF($L19>$K19,"Saldo final acima da capacidade",IF($G19>$K19,"Estoque atual acima da capacidade","OK")))))))))))
Z20: =IF(COUNTA($A20:$Y20)=0,"",IF($A20="","Falta ID",IF(COUNTIF($A$6:$A$105,$A20)>1,"ID duplicado",IF(OR($B20="",$C20="",$D20="",$E20="",$F20="",$G20="",$H20="",$I20="",$J20="",$K20="",$L20="",$M20=""),"Preencher campos obrigatórios",IF(COUNTBLANK($N20:$Y20)>0,"Curva incompleta",IF(OR($F20<0,$G20<0,$H20<0,$I20<1,$J20<0,$J20>4,$K20<1,$L20<0),"Valor fora do limite",IF(WEEKDAY($E20,2)<>1,"Data não é segunda-feira",IF(OR(MIN($N20:$Y20)<0,MAX($N20:$Y20)>10),"Fator fora do limite",IF($H20>$K20,"Segurança acima da capacidade",IF($L20>$K20,"Saldo final acima da capacidade",IF($G20>$K20,"Estoque atual acima da capacidade","OK")))))))))))
Z21: =IF(COUNTA($A21:$Y21)=0,"",IF($A21="","Falta ID",IF(COUNTIF($A$6:$A$105,$A21)>1,"ID duplicado",IF(OR($B21="",$C21="",$D21="",$E21="",$F21="",$G21="",$H21="",$I21="",$J21="",$K21="",$L21="",$M21=""),"Preencher campos obrigatórios",IF(COUNTBLANK($N21:$Y21)>0,"Curva incompleta",IF(OR($F21<0,$G21<0,$H21<0,$I21<1,$J21<0,$J21>4,$K21<1,$L21<0),"Valor fora do limite",IF(WEEKDAY($E21,2)<>1,"Data não é segunda-feira",IF(OR(MIN($N21:$Y21)<0,MAX($N21:$Y21)>10),"Fator fora do limite",IF($H21>$K21,"Segurança acima da capacidade",IF($L21>$K21,"Saldo final acima da capacidade",IF($G21>$K21,"Estoque atual acima da capacidade","OK")))))))))))
Z22: =IF(COUNTA($A22:$Y22)=0,"",IF($A22="","Falta ID",IF(COUNTIF($A$6:$A$105,$A22)>1,"ID duplicado",IF(OR($B22="",$C22="",$D22="",$E22="",$F22="",$G22="",$H22="",$I22="",$J22="",$K22="",$L22="",$M22=""),"Preencher campos obrigatórios",IF(COUNTBLANK($N22:$Y22)>0,"Curva incompleta",IF(OR($F22<0,$G22<0,$H22<0,$I22<1,$J22<0,$J22>4,$K22<1,$L22<0),"Valor fora do limite",IF(WEEKDAY($E22,2)<>1,"Data não é segunda-feira",IF(OR(MIN($N22:$Y22)<0,MAX($N22:$Y22)>10),"Fator fora do limite",IF($H22>$K22,"Segurança acima da capacidade",IF($L22>$K22,"Saldo final acima da capacidade",IF($G22>$K22,"Estoque atual acima da capacidade","OK")))))))))))
Z23: =IF(COUNTA($A23:$Y23)=0,"",IF($A23="","Falta ID",IF(COUNTIF($A$6:$A$105,$A23)>1,"ID duplicado",IF(OR($B23="",$C23="",$D23="",$E23="",$F23="",$G23="",$H23="",$I23="",$J23="",$K23="",$L23="",$M23=""),"Preencher campos obrigatórios",IF(COUNTBLANK($N23:$Y23)>0,"Curva incompleta",IF(OR($F23<0,$G23<0,$H23<0,$I23<1,$J23<0,$J23>4,$K23<1,$L23<0),"Valor fora do limite",IF(WEEKDAY($E23,2)<>1,"Data não é segunda-feira",IF(OR(MIN($N23:$Y23)<0,MAX($N23:$Y23)>10),"Fator fora do limite",IF($H23>$K23,"Segurança acima da capacidade",IF($L23>$K23,"Saldo final acima da capacidade",IF($G23>$K23,"Estoque atual acima da capacidade","OK")))))))))))
Z24: =IF(COUNTA($A24:$Y24)=0,"",IF($A24="","Falta ID",IF(COUNTIF($A$6:$A$105,$A24)>1,"ID duplicado",IF(OR($B24="",$C24="",$D24="",$E24="",$F24="",$G24="",$H24="",$I24="",$J24="",$K24="",$L24="",$M24=""),"Preencher campos obrigatórios",IF(COUNTBLANK($N24:$Y24)>0,"Curva incompleta",IF(OR($F24<0,$G24<0,$H24<0,$I24<1,$J24<0,$J24>4,$K24<1,$L24<0),"Valor fora do limite",IF(WEEKDAY($E24,2)<>1,"Data não é segunda-feira",IF(OR(MIN($N24:$Y24)<0,MAX($N24:$Y24)>10),"Fator fora do limite",IF($H24>$K24,"Segurança acima da capacidade",IF($L24>$K24,"Saldo final acima da capacidade",IF($G24>$K24,"Estoque atual acima da capacidade","OK")))))))))))
Z25: =IF(COUNTA($A25:$Y25)=0,"",IF($A25="","Falta ID",IF(COUNTIF($A$6:$A$105,$A25)>1,"ID duplicado",IF(OR($B25="",$C25="",$D25="",$E25="",$F25="",$G25="",$H25="",$I25="",$J25="",$K25="",$L25="",$M25=""),"Preencher campos obrigatórios",IF(COUNTBLANK($N25:$Y25)>0,"Curva incompleta",IF(OR($F25<0,$G25<0,$H25<0,$I25<1,$J25<0,$J25>4,$K25<1,$L25<0),"Valor fora do limite",IF(WEEKDAY($E25,2)<>1,"Data não é segunda-feira",IF(OR(MIN($N25:$Y25)<0,MAX($N25:$Y25)>10),"Fator fora do limite",IF($H25>$K25,"Segurança acima da capacidade",IF($L25>$K25,"Saldo final acima da capacidade",IF($G25>$K25,"Estoque atual acima da capacidade","OK")))))))))))
Z26: =IF(COUNTA($A26:$Y26)=0,"",IF($A26="","Falta ID",IF(COUNTIF($A$6:$A$105,$A26)>1,"ID duplicado",IF(OR($B26="",$C26="",$D26="",$E26="",$F26="",$G26="",$H26="",$I26="",$J26="",$K26="",$L26="",$M26=""),"Preencher campos obrigatórios",IF(COUNTBLANK($N26:$Y26)>0,"Curva incompleta",IF(OR($F26<0,$G26<0,$H26<0,$I26<1,$J26<0,$J26>4,$K26<1,$L26<0),"Valor fora do limite",IF(WEEKDAY($E26,2)<>1,"Data não é segunda-feira",IF(OR(MIN($N26:$Y26)<0,MAX($N26:$Y26)>10),"Fator fora do limite",IF($H26>$K26,"Segurança acima da capacidade",IF($L26>$K26,"Saldo final acima da capacidade",IF($G26>$K26,"Estoque atual acima da capacidade","OK")))))))))))
Z27: =IF(COUNTA($A27:$Y27)=0,"",IF($A27="","Falta ID",IF(COUNTIF($A$6:$A$105,$A27)>1,"ID duplicado",IF(OR($B27="",$C27="",$D27="",$E27="",$F27="",$G27="",$H27="",$I27="",$J27="",$K27="",$L27="",$M27=""),"Preencher campos obrigatórios",IF(COUNTBLANK($N27:$Y27)>0,"Curva incompleta",IF(OR($F27<0,$G27<0,$H27<0,$I27<1,$J27<0,$J27>4,$K27<1,$L27<0),"Valor fora do limite",IF(WEEKDAY($E27,2)<>1,"Data não é segunda-feira",IF(OR(MIN($N27:$Y27)<0,MAX($N27:$Y27)>10),"Fator fora do limite",IF($H27>$K27,"Segurança acima da capacidade",IF($L27>$K27,"Saldo final acima da capacidade",IF($G27>$K27,"Estoque atual acima da capacidade","OK")))))))))))
... Z105: =IF(COUNTA($A105:$Y105)=0,"",IF($A105="","Falta ID",IF(COUNTIF($A$6:$A$105,$A105)>1,"ID duplicado",IF(OR($B105="",$C105="",$D105="",$E105="",$F105="",$G105="",$H105="",$I105="",$J105="",$K105="",$L105="",$M105=""),"Preencher campos obrigatórios",IF(COUNTBLANK($N105:$Y105)>0,"Curva incompleta",IF(OR($F105<0,$G105<0,$H105<0,$I105<1,$J105<0,$J105>4,$K105<1,$L105<0),"Valor fora do limite",IF(WEEKDAY($E105,2)<>1,"Data não é segunda-feira",IF(OR(MIN($N105:$Y105)<0,MAX($N105:$Y105)>10),"Fator fora do limite",IF($H105>$K105,"Segurança acima da capacidade",IF($L105>$K105,"Saldo final acima da capacidade",IF($G105>$K105,"Estoque atual acima da capacidade","OK")))))))))))

Sheet Planejamento
A1: Planejamento Semanal de Estoque
A2: Fluxo calculado de S-4 a S+7. Apenas Entrada confirmada, em amarelo, deve ser editada.
A3: As recomendações são projeções operacionais e devem ser revisadas antes da execução.
A5: ID do cenário | B5: SKU | C5: Produto | D5: Evento sazonal | E5: Semana relativa | F5: Fase | G5: Início da semana | H5: Fator sazonal | I5: Demanda projetada | J5: Entrada confirmada | K5: Estoque inicial da semana | L5: Saldo antes do plano | M5: Saldo-alvo teórico | N5: Saldo-alvo limitado | O5: Recebimento recomendado | P5: Pedido a emitir | Q5: Saldo após recebimento | R5: Desmobilização recomendada | S5: Saldo final projetado | T5: Falta projetada | U5: Excesso sobre capacidade | V5: Situação | W5: Alerta operacional | X5: Situação do cenário | Y5: Checagem do cenário
A6: =IF(INDEX('Cenários'!$A$6:$A$105,INT((ROW()-6)/12)+1)="","",INDEX('Cenários'!$A$6:$A$105,INT((ROW()-6)/12)+1)) | B6: =IF($A6="","",INDEX('Cenários'!$B$6:$B$105,INT((ROW()-6)/12)+1)) | C6: =IF($A6="","",INDEX('Cenários'!$C$6:$C$105,INT((ROW()-6)/12)+1)) | D6: =IF($A6="","",INDEX('Cenários'!$D$6:$D$105,INT((ROW()-6)/12)+1)) | E6: =IF($A6="","",MOD(ROW()-6,12)-4) | F6: =IF($A6="","",IF($E6<0,"Antes do pico",IF($E6=0,"Semana de pico","Depois do pico"))) | G6: =IF($A6="","",IFERROR(IF(INDEX('Cenários'!$E$6:$E$105,INT((ROW()-6)/12)+1)="","",INDEX('Cenários'!$E$6:$E$105,INT((ROW()-6)/12)+1)+7*$E6),"")) | H6: =IF($A6="","",INDEX('Cenários'!$N$6:$Y$105,INT((ROW()-6)/12)+1,$E6+5)) | I6: =IF(OR($A6="",$H6=""),"",IFERROR(ROUNDUP(INDEX('Cenários'!$F$6:$F$105,INT((ROW()-6)/12)+1)*$H6,0),"")) | K6: =IF($A6="","",IF($E6=-4,INDEX('Cenários'!$G$6:$G$105,INT((ROW()-6)/12)+1),$S5)) | L6: =IF($A6="","",$K6+IF($J6="",0,$J6)-IF($I6="",0,$I6)) | M6: =IF($A6="","",IF($E6<=0,INDEX('Cenários'!$H$6:$H$105,INT((ROW()-6)/12)+1)+SUMIFS($I$6:$I$1205,$A$6:$A$1205,$A6,$E$6:$E$1205,">"&$E6,$E$6:$E$1205,"<="&($E6+INDEX('Cenários'!$J$6:$J$105,INT((ROW()-6)/12)+1))),INDEX('Cenários'!$L$6:$L$105,INT((ROW()-6)/12)+1)+SUMIFS($I$6:$I$1205,$A$6:$A$1205,$A6,$E$6:$E$1205,">"&$E6,$E$6:$E$1205,"<=7"))) | N6: =IF($A6="","",MIN(INDEX('Cenários'!$K$6:$K$105,INT((ROW()-6)/12)+1),MAX(0,$M6))) | O6: =IF($A6="","",IFERROR(IF($L6>=$N6,0,MIN(CEILING(MAX(0,$N6-$L6),INDEX('Cenários'!$I$6:$I$105,INT((ROW()-6)/12)+1)),FLOOR(MAX(0,INDEX('Cenários'!$K$6:$K$105,INT((ROW()-6)/12)+1)-$L6),INDEX('Cenários'!$I$6:$I$105,INT((ROW()-6)/12)+1)))),0)) | P6: =IF($A6="","",IFERROR(IF($E6+INDEX('Cenários'!$J$6:$J$105,INT((ROW()-6)/12)+1)>7,0,SUMIFS($O$6:$O$1205,$A$6:$A$1205,$A6,$E$6:$E$1205,$E6+INDEX('Cenários'!$J$6:$J$105,INT((ROW()-6)/12)+1))),0)) | Q6: =IF($A6="","",$L6+$O6) | R6: =IF($A6="","",IF($E6>0,MAX(0,$Q6-$N6),0)) | S6: =IF($A6="","",$Q6-$R6) | T6: =IF($A6="","",MAX(0,-$S6)) | U6: =IF($A6="","",MAX(0,$Q6-INDEX('Cenários'!$K$6:$K$105,INT((ROW()-6)/12)+1))) | V6: =IF($A6="","",IF($Y6<>"OK","Dados inválidos",IF($X6="Pausado","Pausado",IF($T6>0,"Ruptura",IF($U6>0,"Excesso de capacidade",IF($M6>INDEX('Cenários'!$K$6:$K$105,INT((ROW()-6)/12)+1),"Capacidade insuficiente",IF(AND($E6<=0,$S6<INDEX('Cenários'!$H$6:$H$105,INT((ROW()-6)/12)+1)),"Atenção",IF($R6>0,"Desmobilizar","Adequado")))))))) | W6: =IF($A6="","",IF($Y6<>"OK","Corrigir cadastro do cenário",IF($X6="Pausado","",IF($T6>0,"Ruptura projetada de "&TEXT($T6,"0")&" un.",IF($U6>0,"Reduzir entrada ou transferir "&TEXT($U6,"0")&" un.",IF($M6>INDEX('Cenários'!$K$6:$K$105,INT((ROW()-6)/12)+1),"Capacidade abaixo do saldo-alvo em "&TEXT($M6-INDEX('Cenários'!$K$6:$K$105,INT((ROW()-6)/12)+1),"0")&" un.",IF(AND($O6>0,$E6-INDEX('Cenários'!$J$6:$J$105,INT((ROW()-6)/12)+1)<-4),"Recebimento depende de pedido anterior ao horizonte",IF($R6>0,"Desmobilizar "&TEXT($R6,"0")&" un. nesta semana",IF($P6>0,"Emitir pedido de "&TEXT($P6,"0")&" un. nesta semana",IF($O6>0,"Programar recebimento de "&TEXT($O6,"0")&" un.","Sem ação imediata"))))))))) | X6: =IF($A6="","",INDEX('Cenários'!$M$6:$M$105,INT((ROW()-6)/12)+1)) | Y6: =IF($A6="","",INDEX('Cenários'!$Z$6:$Z$105,INT((ROW()-6)/12)+1))
A7: =IF(INDEX('Cenários'!$A$6:$A$105,INT((ROW()-6)/12)+1)="","",INDEX('Cenários'!$A$6:$A$105,INT((ROW()-6)/12)+1)) | B7: =IF($A7="","",INDEX('Cenários'!$B$6:$B$105,INT((ROW()-6)/12)+1)) | C7: =IF($A7="","",INDEX('Cenários'!$C$6:$C$105,INT((ROW()-6)/12)+1)) | D7: =IF($A7="","",INDEX('Cenários'!$D$6:$D$105,INT((ROW()-6)/12)+1)) | E7: =IF($A7="","",MOD(ROW()-6,12)-4) | F7: =IF($A7="","",IF($E7<0,"Antes do pico",IF($E7=0,"Semana de pico","Depois do pico"))) | G7: =IF($A7="","",IFERROR(IF(INDEX('Cenários'!$E$6:$E$105,INT((ROW()-6)/12)+1)="","",INDEX('Cenários'!$E$6:$E$105,INT((ROW()-6)/12)+1)+7*$E7),"")) | H7: =IF($A7="","",INDEX('Cenários'!$N$6:$Y$105,INT((ROW()-6)/12)+1,$E7+5)) | I7: =IF(OR($A7="",$H7=""),"",IFERROR(ROUNDUP(INDEX('Cenários'!$F$6:$F$105,INT((ROW()-6)/12)+1)*$H7,0),"")) | K7: =IF($A7="","",IF($E7=-4,INDEX('Cenários'!$G$6:$G$105,INT((ROW()-6)/12)+1),$S6)) | L7: =IF($A7="","",$K7+IF($J7="",0,$J7)-IF($I7="",0,$I7)) | M7: =IF($A7="","",IF($E7<=0,INDEX('Cenários'!$H$6:$H$105,INT((ROW()-6)/12)+1)+SUMIFS($I$6:$I$1205,$A$6:$A$1205,$A7,$E$6:$E$1205,">"&$E7,$E$6:$E$1205,"<="&($E7+INDEX('Cenários'!$J$6:$J$105,INT((ROW()-6)/12)+1))),INDEX('Cenários'!$L$6:$L$105,INT((ROW()-6)/12)+1)+SUMIFS($I$6:$I$1205,$A$6:$A$1205,$A7,$E$6:$E$1205,">"&$E7,$E$6:$E$1205,"<=7"))) | N7: =IF($A7="","",MIN(INDEX('Cenários'!$K$6:$K$105,INT((ROW()-6)/12)+1),MAX(0,$M7))) | O7: =IF($A7="","",IFERROR(IF($L7>=$N7,0,MIN(CEILING(MAX(0,$N7-$L7),INDEX('Cenários'!$I$6:$I$105,INT((ROW()-6)/12)+1)),FLOOR(MAX(0,INDEX('Cenários'!$K$6:$K$105,INT((ROW()-6)/12)+1)-$L7),INDEX('Cenários'!$I$6:$I$105,INT((ROW()-6)/12)+1)))),0)) | P7: =IF($A7="","",IFERROR(IF($E7+INDEX('Cenários'!$J$6:$J$105,INT((ROW()-6)/12)+1)>7,0,SUMIFS($O$6:$O$1205,$A$6:$A$1205,$A7,$E$6:$E$1205,$E7+INDEX('Cenários'!$J$6:$J$105,INT((ROW()-6)/12)+1))),0)) | Q7: =IF($A7="","",$L7+$O7) | R7: =IF($A7="","",IF($E7>0,MAX(0,$Q7-$N7),0)) | S7: =IF($A7="","",$Q7-$R7) | T7: =IF($A7="","",MAX(0,-$S7)) | U7: =IF($A7="","",MAX(0,$Q7-INDEX('Cenários'!$K$6:$K$105,INT((ROW()-6)/12)+1))) | V7: =IF($A7="","",IF($Y7<>"OK","Dados inválidos",IF($X7="Pausado","Pausado",IF($T7>0,"Ruptura",IF($U7>0,"Excesso de capacidade",IF($M7>INDEX('Cenários'!$K$6:$K$105,INT((ROW()-6)/12)+1),"Capacidade insuficiente",IF(AND($E7<=0,$S7<INDEX('Cenários'!$H$6:$H$105,INT((ROW()-6)/12)+1)),"Atenção",IF($R7>0,"Desmobilizar","Adequado")))))))) | W7: =IF($A7="","",IF($Y7<>"OK","Corrigir cadastro do cenário",IF($X7="Pausado","",IF($T7>0,"Ruptura projetada de "&TEXT($T7,"0")&" un.",IF($U7>0,"Reduzir entrada ou transferir "&TEXT($U7,"0")&" un.",IF($M7>INDEX('Cenários'!$K$6:$K$105,INT((ROW()-6)/12)+1),"Capacidade abaixo do saldo-alvo em "&TEXT($M7-INDEX('Cenários'!$K$6:$K$105,INT((ROW()-6)/12)+1),"0")&" un.",IF(AND($O7>0,$E7-INDEX('Cenários'!$J$6:$J$105,INT((ROW()-6)/12)+1)<-4),"Recebimento depende de pedido anterior ao horizonte",IF($R7>0,"Desmobilizar "&TEXT($R7,"0")&" un. nesta semana",IF($P7>0,"Emitir pedido de "&TEXT($P7,"0")&" un. nesta semana",IF($O7>0,"Programar recebimento de "&TEXT($O7,"0")&" un.","Sem ação imediata"))))))))) | X7: =IF($A7="","",INDEX('Cenários'!$M$6:$M$105,INT((ROW()-6)/12)+1)) | Y7: =IF($A7="","",INDEX('Cenários'!$Z$6:$Z$105,INT((ROW()-6)/12)+1))
A8: =IF(INDEX('Cenários'!$A$6:$A$105,INT((ROW()-6)/12)+1)="","",INDEX('Cenários'!$A$6:$A$105,INT((ROW()-6)/12)+1)) | B8: =IF($A8="","",INDEX('Cenários'!$B$6:$B$105,INT((ROW()-6)/12)+1)) | C8: =IF($A8="","",INDEX('Cenários'!$C$6:$C$105,INT((ROW()-6)/12)+1)) | D8: =IF($A8="","",INDEX('Cenários'!$D$6:$D$105,INT((ROW()-6)/12)+1)) | E8: =IF($A8="","",MOD(ROW()-6,12)-4) | F8: =IF($A8="","",IF($E8<0,"Antes do pico",IF($E8=0,"Semana de pico","Depois do pico"))) | G8: =IF($A8="","",IFERROR(IF(INDEX('Cenários'!$E$6:$E$105,INT((ROW()-6)/12)+1)="","",INDEX('Cenários'!$E$6:$E$105,INT((ROW()-6)/12)+1)+7*$E8),"")) | H8: =IF($A8="","",INDEX('Cenários'!$N$6:$Y$105,INT((ROW()-6)/12)+1,$E8+5)) | I8: =IF(OR($A8="",$H8=""),"",IFERROR(ROUNDUP(INDEX('Cenários'!$F$6:$F$105,INT((ROW()-6)/12)+1)*$H8,0),"")) | J8: 80 | K8: =IF($A8="","",IF($E8=-4,INDEX('Cenários'!$G$6:$G$105,INT((ROW()-6)/12)+1),$S7)) | L8: =IF($A8="","",$K8+IF($J8="",0,$J8)-IF($I8="",0,$I8)) | M8: =IF($A8="","",IF($E8<=0,INDEX('Cenários'!$H$6:$H$105,INT((ROW()-6)/12)+1)+SUMIFS($I$6:$I$1205,$A$6:$A$1205,$A8,$E$6:$E$1205,">"&$E8,$E$6:$E$1205,"<="&($E8+INDEX('Cenários'!$J$6:$J$105,INT((ROW()-6)/12)+1))),INDEX('Cenários'!$L$6:$L$105,INT((ROW()-6)/12)+1)+SUMIFS($I$6:$I$1205,$A$6:$A$1205,$A8,$E$6:$E$1205,">"&$E8,$E$6:$E$1205,"<=7"))) | N8: =IF($A8="","",MIN(INDEX('Cenários'!$K$6:$K$105,INT((ROW()-6)/12)+1),MAX(0,$M8))) | O8: =IF($A8="","",IFERROR(IF($L8>=$N8,0,MIN(CEILING(MAX(0,$N8-$L8),INDEX('Cenários'!$I$6:$I$105,INT((ROW()-6)/12)+1)),FLOOR(MAX(0,INDEX('Cenários'!$K$6:$K$105,INT((ROW()-6)/12)+1)-$L8),INDEX('Cenários'!$I$6:$I$105,INT((ROW()-6)/12)+1)))),0)) | P8: =IF($A8="","",IFERROR(IF($E8+INDEX('Cenários'!$J$6:$J$105,INT((ROW()-6)/12)+1)>7,0,SUMIFS($O$6:$O$1205,$A$6:$A$1205,$A8,$E$6:$E$1205,$E8+INDEX('Cenários'!$J$6:$J$105,INT((ROW()-6)/12)+1))),0)) | Q8: =IF($A8="","",$L8+$O8) | R8: =IF($A8="","",IF($E8>0,MAX(0,$Q8-$N8),0)) | S8: =IF($A8="","",$Q8-$R8) | T8: =IF($A8="","",MAX(0,-$S8)) | U8: =IF($A8="","",MAX(0,$Q8-INDEX('Cenários'!$K$6:$K$105,INT((ROW()-6)/12)+1))) | V8: =IF($A8="","",IF($Y8<>"OK","Dados inválidos",IF($X8="Pausado","Pausado",IF($T8>0,"Ruptura",IF($U8>0,"Excesso de capacidade",IF($M8>INDEX('Cenários'!$K$6:$K$105,INT((ROW()-6)/12)+1),"Capacidade insuficiente",IF(AND($E8<=0,$S8<INDEX('Cenários'!$H$6:$H$105,INT((ROW()-6)/12)+1)),"Atenção",IF($R8>0,"Desmobilizar","Adequado")))))))) | W8: =IF($A8="","",IF($Y8<>"OK","Corrigir cadastro do cenário",IF($X8="Pausado","",IF($T8>0,"Ruptura projetada de "&TEXT($T8,"0")&" un.",IF($U8>0,"Reduzir entrada ou transferir "&TEXT($U8,"0")&" un.",IF($M8>INDEX('Cenários'!$K$6:$K$105,INT((ROW()-6)/12)+1),"Capacidade abaixo do saldo-alvo em "&TEXT($M8-INDEX('Cenários'!$K$6:$K$105,INT((ROW()-6)/12)+1),"0")&" un.",IF(AND($O8>0,$E8-INDEX('Cenários'!$J$6:$J$105,INT((ROW()-6)/12)+1)<-4),"Recebimento depende de pedido anterior ao horizonte",IF($R8>0,"Desmobilizar "&TEXT($R8,"0")&" un. nesta semana",IF($P8>0,"Emitir pedido de "&TEXT($P8,"0")&" un. nesta semana",IF($O8>0,"Programar recebimento de "&TEXT($O8,"0")&" un.","Sem ação imediata"))))))))) | X8: =IF($A8="","",INDEX('Cenários'!$M$6:$M$105,INT((ROW()-6)/12)+1)) | Y8: =IF($A8="","",INDEX('Cenários'!$Z$6:$Z$105,INT((ROW()-6)/12)+1))
A9: =IF(INDEX('Cenários'!$A$6:$A$105,INT((ROW()-6)/12)+1)="","",INDEX('Cenários'!$A$6:$A$105,INT((ROW()-6)/12)+1)) | B9: =IF($A9="","",INDEX('Cenários'!$B$6:$B$105,INT((ROW()-6)/12)+1)) | C9: =IF($A9="","",INDEX('Cenários'!$C$6:$C$105,INT((ROW()-6)/12)+1)) | D9: =IF($A9="","",INDEX('Cenários'!$D$6:$D$105,INT((ROW()-6)/12)+1)) | E9: =IF($A9="","",MOD(ROW()-6,12)-4) | F9: =IF($A9="","",IF($E9<0,"Antes do pico",IF($E9=0,"Semana de pico","Depois do pico"))) | G9: =IF($A9="","",IFERROR(IF(INDEX('Cenários'!$E$6:$E$105,INT((ROW()-6)/12)+1)="","",INDEX('Cenários'!$E$6:$E$105,INT((ROW()-6)/12)+1)+7*$E9),"")) | H9: =IF($A9="","",INDEX('Cenários'!$N$6:$Y$105,INT((ROW()-6)/12)+1,$E9+5)) | I9: =IF(OR($A9="",$H9=""),"",IFERROR(ROUNDUP(INDEX('Cenários'!$F$6:$F$105,INT((ROW()-6)/12)+1)*$H9,0),"")) | K9: =IF($A9="","",IF($E9=-4,INDEX('Cenários'!$G$6:$G$105,INT((ROW()-6)/12)+1),$S8)) | L9: =IF($A9="","",$K9+IF($J9="",0,$J9)-IF($I9="",0,$I9)) | M9: =IF($A9="","",IF($E9<=0,INDEX('Cenários'!$H$6:$H$105,INT((ROW()-6)/12)+1)+SUMIFS($I$6:$I$1205,$A$6:$A$1205,$A9,$E$6:$E$1205,">"&$E9,$E$6:$E$1205,"<="&($E9+INDEX('Cenários'!$J$6:$J$105,INT((ROW()-6)/12)+1))),INDEX('Cenários'!$L$6:$L$105,INT((ROW()-6)/12)+1)+SUMIFS($I$6:$I$1205,$A$6:$A$1205,$A9,$E$6:$E$1205,">"&$E9,$E$6:$E$1205,"<=7"))) | N9: =IF($A9="","",MIN(INDEX('Cenários'!$K$6:$K$105,INT((ROW()-6)/12)+1),MAX(0,$M9))) | O9: =IF($A9="","",IFERROR(IF($L9>=$N9,0,MIN(CEILING(MAX(0,$N9-$L9),INDEX('Cenários'!$I$6:$I$105,INT((ROW()-6)/12)+1)),FLOOR(MAX(0,INDEX('Cenários'!$K$6:$K$105,INT((ROW()-6)/12)+1)-$L9),INDEX('Cenários'!$I$6:$I$105,INT((ROW()-6)/12)+1)))),0)) | P9: =IF($A9="","",IFERROR(IF($E9+INDEX('Cenários'!$J$6:$J$105,INT((ROW()-6)/12)+1)>7,0,SUMIFS($O$6:$O$1205,$A$6:$A$1205,$A9,$E$6:$E$1205,$E9+INDEX('Cenários'!$J$6:$J$105,INT((ROW()-6)/12)+1))),0)) | Q9: =IF($A9="","",$L9+$O9) | R9: =IF($A9="","",IF($E9>0,MAX(0,$Q9-$N9),0)) | S9: =IF($A9="","",$Q9-$R9) | T9: =IF($A9="","",MAX(0,-$S9)) | U9: =IF($A9="","",MAX(0,$Q9-INDEX('Cenários'!$K$6:$K$105,INT((ROW()-6)/12)+1))) | V9: =IF($A9="","",IF($Y9<>"OK","Dados inválidos",IF($X9="Pausado","Pausado",IF($T9>0,"Ruptura",IF($U9>0,"Excesso de capacidade",IF($M9>INDEX('Cenários'!$K$6:$K$105,INT((ROW()-6)/12)+1),"Capacidade insuficiente",IF(AND($E9<=0,$S9<INDEX('Cenários'!$H$6:$H$105,INT((ROW()-6)/12)+1)),"Atenção",IF($R9>0,"Desmobilizar","Adequado")))))))) | W9: =IF($A9="","",IF($Y9<>"OK","Corrigir cadastro do cenário",IF($X9="Pausado","",IF($T9>0,"Ruptura projetada de "&TEXT($T9,"0")&" un.",IF($U9>0,"Reduzir entrada ou transferir "&TEXT($U9,"0")&" un.",IF($M9>INDEX('Cenários'!$K$6:$K$105,INT((ROW()-6)/12)+1),"Capacidade abaixo do saldo-alvo em "&TEXT($M9-INDEX('Cenários'!$K$6:$K$105,INT((ROW()-6)/12)+1),"0")&" un.",IF(AND($O9>0,$E9-INDEX('Cenários'!$J$6:$J$105,INT((ROW()-6)/12)+1)<-4),"Recebimento depende de pedido anterior ao horizonte",IF($R9>0,"Desmobilizar "&TEXT($R9,"0")&" un. nesta semana",IF($P9>0,"Emitir pedido de "&TEXT($P9,"0")&" un. nesta semana",IF($O9>0,"Programar recebimento de "&TEXT($O9,"0")&" un.","Sem ação imediata"))))))))) | X9: =IF($A9="","",INDEX('Cenários'!$M$6:$M$105,INT((ROW()-6)/12)+1)) | Y9: =IF($A9="","",INDEX('Cenários'!$Z$6:$Z$105,INT((ROW()-6)/12)+1))
A10: =IF(INDEX('Cenários'!$A$6:$A$105,INT((ROW()-6)/12)+1)="","",INDEX('Cenários'!$A$6:$A$105,INT((ROW()-6)/12)+1)) | B10: =IF($A10="","",INDEX('Cenários'!$B$6:$B$105,INT((ROW()-6)/12)+1)) | C10: =IF($A10="","",INDEX('Cenários'!$C$6:$C$105,INT((ROW()-6)/12)+1)) | D10: =IF($A10="","",INDEX('Cenários'!$D$6:$D$105,INT((ROW()-6)/12)+1)) | E10: =IF($A10="","",MOD(ROW()-6,12)-4) | F10: =IF($A10="","",IF($E10<0,"Antes do pico",IF($E10=0,"Semana de pico","Depois do pico"))) | G10: =IF($A10="","",IFERROR(IF(INDEX('Cenários'!$E$6:$E$105,INT((ROW()-6)/12)+1)="","",INDEX('Cenários'!$E$6:$E$105,INT((ROW()-6)/12)+1)+7*$E10),"")) | H10: =IF($A10="","",INDEX('Cenários'!$N$6:$Y$105,INT((ROW()-6)/12)+1,$E10+5)) | I10: =IF(OR($A10="",$H10=""),"",IFERROR(ROUNDUP(INDEX('Cenários'!$F$6:$F$105,INT((ROW()-6)/12)+1)*$H10,0),"")) | K10: =IF($A10="","",IF($E10=-4,INDEX('Cenários'!$G$6:$G$105,INT((ROW()-6)/12)+1),$S9)) | L10: =IF($A10="","",$K10+IF($J10="",0,$J10)-IF($I10="",0,$I10)) | M10: =IF($A10="","",IF($E10<=0,INDEX('Cenários'!$H$6:$H$105,INT((ROW()-6)/12)+1)+SUMIFS($I$6:$I$1205,$A$6:$A$1205,$A10,$E$6:$E$1205,">"&$E10,$E$6:$E$1205,"<="&($E10+INDEX('Cenários'!$J$6:$J$105,INT((ROW()-6)/12)+1))),INDEX('Cenários'!$L$6:$L$105,INT((ROW()-6)/12)+1)+SUMIFS($I$6:$I$1205,$A$6:$A$1205,$A10,$E$6:$E$1205,">"&$E10,$E$6:$E$1205,"<=7"))) | N10: =IF($A10="","",MIN(INDEX('Cenários'!$K$6:$K$105,INT((ROW()-6)/12)+1),MAX(0,$M10))) | O10: =IF($A10="","",IFERROR(IF($L10>=$N10,0,MIN(CEILING(MAX(0,$N10-$L10),INDEX('Cenários'!$I$6:$I$105,INT((ROW()-6)/12)+1)),FLOOR(MAX(0,INDEX('Cenários'!$K$6:$K$105,INT((ROW()-6)/12)+1)-$L10),INDEX('Cenários'!$I$6:$I$105,INT((ROW()-6)/12)+1)))),0)) | P10: =IF($A10="","",IFERROR(IF($E10+INDEX('Cenários'!$J$6:$J$105,INT((ROW()-6)/12)+1)>7,0,SUMIFS($O$6:$O$1205,$A$6:$A$1205,$A10,$E$6:$E$1205,$E10+INDEX('Cenários'!$J$6:$J$105,INT((ROW()-6)/12)+1))),0)) | Q10: =IF($A10="","",$L10+$O10) | R10: =IF($A10="","",IF($E10>0,MAX(0,$Q10-$N10),0)) | S10: =IF($A10="","",$Q10-$R10) | T10: =IF($A10="","",MAX(0,-$S10)) | U10: =IF($A10="","",MAX(0,$Q10-INDEX('Cenários'!$K$6:$K$105,INT((ROW()-6)/12)+1))) | V10: =IF($A10="","",IF($Y10<>"OK","Dados inválidos",IF($X10="Pausado","Pausado",IF($T10>0,"Ruptura",IF($U10>0,"Excesso de capacidade",IF($M10>INDEX('Cenários'!$K$6:$K$105,INT((ROW()-6)/12)+1),"Capacidade insuficiente",IF(AND($E10<=0,$S10<INDEX('Cenários'!$H$6:$H$105,INT((ROW()-6)/12)+1)),"Atenção",IF($R10>0,"Desmobilizar","Adequado")))))))) | W10: =IF($A10="","",IF($Y10<>"OK","Corrigir cadastro do cenário",IF($X10="Pausado","",IF($T10>0,"Ruptura projetada de "&TEXT($T10,"0")&" un.",IF($U10>0,"Reduzir entrada ou transferir "&TEXT($U10,"0")&" un.",IF($M10>INDEX('Cenários'!$K$6:$K$105,INT((ROW()-6)/12)+1),"Capacidade abaixo do saldo-alvo em "&TEXT($M10-INDEX('Cenários'!$K$6:$K$105,INT((ROW()-6)/12)+1),"0")&" un.",IF(AND($O10>0,$E10-INDEX('Cenários'!$J$6:$J$105,INT((ROW()-6)/12)+1)<-4),"Recebimento depende de pedido anterior ao horizonte",IF($R10>0,"Desmobilizar "&TEXT($R10,"0")&" un. nesta semana",IF($P10>0,"Emitir pedido de "&TEXT($P10,"0")&" un. nesta semana",IF($O10>0,"Programar recebimento de "&TEXT($O10,"0")&" un.","Sem ação imediata"))))))))) | X10: =IF($A10="","",INDEX('Cenários'!$M$6:$M$105,INT((ROW()-6)/12)+1)) | Y10: =IF($A10="","",INDEX('Cenários'!$Z$6:$Z$105,INT((ROW()-6)/12)+1))
A11: =IF(INDEX('Cenários'!$A$6:$A$105,INT((ROW()-6)/12)+1)="","",INDEX('Cenários'!$A$6:$A$105,INT((ROW()-6)/12)+1)) | B11: =IF($A11="","",INDEX('Cenários'!$B$6:$B$105,INT((ROW()-6)/12)+1)) | C11: =IF($A11="","",INDEX('Cenários'!$C$6:$C$105,INT((ROW()-6)/12)+1)) | D11: =IF($A11="","",INDEX('Cenários'!$D$6:$D$105,INT((ROW()-6)/12)+1)) | E11: =IF($A11="","",MOD(ROW()-6,12)-4) | F11: =IF($A11="","",IF($E11<0,"Antes do pico",IF($E11=0,"Semana de pico","Depois do pico"))) | G11: =IF($A11="","",IFERROR(IF(INDEX('Cenários'!$E$6:$E$105,INT((ROW()-6)/12)+1)="","",INDEX('Cenários'!$E$6:$E$105,INT((ROW()-6)/12)+1)+7*$E11),"")) | H11: =IF($A11="","",INDEX('Cenários'!$N$6:$Y$105,INT((ROW()-6)/12)+1,$E11+5)) | I11: =IF(OR($A11="",$H11=""),"",IFERROR(ROUNDUP(INDEX('Cenários'!$F$6:$F$105,INT((ROW()-6)/12)+1)*$H11,0),"")) | K11: =IF($A11="","",IF($E11=-4,INDEX('Cenários'!$G$6:$G$105,INT((ROW()-6)/12)+1),$S10)) | L11: =IF($A11="","",$K11+IF($J11="",0,$J11)-IF($I11="",0,$I11)) | M11: =IF($A11="","",IF($E11<=0,INDEX('Cenários'!$H$6:$H$105,INT((ROW()-6)/12)+1)+SUMIFS($I$6:$I$1205,$A$6:$A$1205,$A11,$E$6:$E$1205,">"&$E11,$E$6:$E$1205,"<="&($E11+INDEX('Cenários'!$J$6:$J$105,INT((ROW()-6)/12)+1))),INDEX('Cenários'!$L$6:$L$105,INT((ROW()-6)/12)+1)+SUMIFS($I$6:$I$1205,$A$6:$A$1205,$A11,$E$6:$E$1205,">"&$E11,$E$6:$E$1205,"<=7"))) | N11: =IF($A11="","",MIN(INDEX('Cenários'!$K$6:$K$105,INT((ROW()-6)/12)+1),MAX(0,$M11))) | O11: =IF($A11="","",IFERROR(IF($L11>=$N11,0,MIN(CEILING(MAX(0,$N11-$L11),INDEX('Cenários'!$I$6:$I$105,INT((ROW()-6)/12)+1)),FLOOR(MAX(0,INDEX('Cenários'!$K$6:$K$105,INT((ROW()-6)/12)+1)-$L11),INDEX('Cenários'!$I$6:$I$105,INT((ROW()-6)/12)+1)))),0)) | P11: =IF($A11="","",IFERROR(IF($E11+INDEX('Cenários'!$J$6:$J$105,INT((ROW()-6)/12)+1)>7,0,SUMIFS($O$6:$O$1205,$A$6:$A$1205,$A11,$E$6:$E$1205,$E11+INDEX('Cenários'!$J$6:$J$105,INT((ROW()-6)/12)+1))),0)) | Q11: =IF($A11="","",$L11+$O11) | R11: =IF($A11="","",IF($E11>0,MAX(0,$Q11-$N11),0)) | S11: =IF($A11="","",$Q11-$R11) | T11: =IF($A11="","",MAX(0,-$S11)) | U11: =IF($A11="","",MAX(0,$Q11-INDEX('Cenários'!$K$6:$K$105,INT((ROW()-6)/12)+1))) | V11: =IF($A11="","",IF($Y11<>"OK","Dados inválidos",IF($X11="Pausado","Pausado",IF($T11>0,"Ruptura",IF($U11>0,"Excesso de capacidade",IF($M11>INDEX('Cenários'!$K$6:$K$105,INT((ROW()-6)/12)+1),"Capacidade insuficiente",IF(AND($E11<=0,$S11<INDEX('Cenários'!$H$6:$H$105,INT((ROW()-6)/12)+1)),"Atenção",IF($R11>0,"Desmobilizar","Adequado")))))))) | W11: =IF($A11="","",IF($Y11<>"OK","Corrigir cadastro do cenário",IF($X11="Pausado","",IF($T11>0,"Ruptura projetada de "&TEXT($T11,"0")&" un.",IF($U11>0,"Reduzir entrada ou transferir "&TEXT($U11,"0")&" un.",IF($M11>INDEX('Cenários'!$K$6:$K$105,INT((ROW()-6)/12)+1),"Capacidade abaixo do saldo-alvo em "&TEXT($M11-INDEX('Cenários'!$K$6:$K$105,INT((ROW()-6)/12)+1),"0")&" un.",IF(AND($O11>0,$E11-INDEX('Cenários'!$J$6:$J$105,INT((ROW()-6)/12)+1)<-4),"Recebimento depende de pedido anterior ao horizonte",IF($R11>0,"Desmobilizar "&TEXT($R11,"0")&" un. nesta semana",IF($P11>0,"Emitir pedido de "&TEXT($P11,"0")&" un. nesta semana",IF($O11>0,"Programar recebimento de "&TEXT($O11,"0")&" un.","Sem ação imediata"))))))))) | X11: =IF($A11="","",INDEX('Cenários'!$M$6:$M$105,INT((ROW()-6)/12)+1)) | Y11: =IF($A11="","",INDEX('Cenários'!$Z$6:$Z$105,INT((ROW()-6)/12)+1))
A12: =IF(INDEX('Cenários'!$A$6:$A$105,INT((ROW()-6)/12)+1)="","",INDEX('Cenários'!$A$6:$A$105,INT((ROW()-6)/12)+1)) | B12: =IF($A12="","",INDEX('Cenários'!$B$6:$B$105,INT((ROW()-6)/12)+1)) | C12: =IF($A12="","",INDEX('Cenários'!$C$6:$C$105,INT((ROW()-6)/12)+1)) | D12: =IF($A12="","",INDEX('Cenários'!$D$6:$D$105,INT((ROW()-6)/12)+1)) | E12: =IF($A12="","",MOD(ROW()-6,12)-4) | F12: =IF($A12="","",IF($E12<0,"Antes do pico",IF($E12=0,"Semana de pico","Depois do pico"))) | G12: =IF($A12="","",IFERROR(IF(INDEX('Cenários'!$E$6:$E$105,INT((ROW()-6)/12)+1)="","",INDEX('Cenários'!$E$6:$E$105,INT((ROW()-6)/12)+1)+7*$E12),"")) | H12: =IF($A12="","",INDEX('Cenários'!$N$6:$Y$105,INT((ROW()-6)/12)+1,$E12+5)) | I12: =IF(OR($A12="",$H12=""),"",IFERROR(ROUNDUP(INDEX('Cenários'!$F$6:$F$105,INT((ROW()-6)/12)+1)*$H12,0),"")) | K12: =IF($A12="","",IF($E12=-4,INDEX('Cenários'!$G$6:$G$105,INT((ROW()-6)/12)+1),$S11)) | L12: =IF($A12="","",$K12+IF($J12="",0,$J12)-IF($I12="",0,$I12)) | M12: =IF($A12="","",IF($E12<=0,INDEX('Cenários'!$H$6:$H$105,INT((ROW()-6)/12)+1)+SUMIFS($I$6:$I$1205,$A$6:$A$1205,$A12,$E$6:$E$1205,">"&$E12,$E$6:$E$1205,"<="&($E12+INDEX('Cenários'!$J$6:$J$105,INT((ROW()-6)/12)+1))),INDEX('Cenários'!$L$6:$L$105,INT((ROW()-6)/12)+1)+SUMIFS($I$6:$I$1205,$A$6:$A$1205,$A12,$E$6:$E$1205,">"&$E12,$E$6:$E$1205,"<=7"))) | N12: =IF($A12="","",MIN(INDEX('Cenários'!$K$6:$K$105,INT((ROW()-6)/12)+1),MAX(0,$M12))) | O12: =IF($A12="","",IFERROR(IF($L12>=$N12,0,MIN(CEILING(MAX(0,$N12-$L12),INDEX('Cenários'!$I$6:$I$105,INT((ROW()-6)/12)+1)),FLOOR(MAX(0,INDEX('Cenários'!$K$6:$K$105,INT((ROW()-6)/12)+1)-$L12),INDEX('Cenários'!$I$6:$I$105,INT((ROW()-6)/12)+1)))),0)) | P12: =IF($A12="","",IFERROR(IF($E12+INDEX('Cenários'!$J$6:$J$105,INT((ROW()-6)/12)+1)>7,0,SUMIFS($O$6:$O$1205,$A$6:$A$1205,$A12,$E$6:$E$1205,$E12+INDEX('Cenários'!$J$6:$J$105,INT((ROW()-6)/12)+1))),0)) | Q12: =IF($A12="","",$L12+$O12) | R12: =IF($A12="","",IF($E12>0,MAX(0,$Q12-$N12),0)) | S12: =IF($A12="","",$Q12-$R12) | T12: =IF($A12="","",MAX(0,-$S12)) | U12: =IF($A12="","",MAX(0,$Q12-INDEX('Cenários'!$K$6:$K$105,INT((ROW()-6)/12)+1))) | V12: =IF($A12="","",IF($Y12<>"OK","Dados inválidos",IF($X12="Pausado","Pausado",IF($T12>0,"Ruptura",IF($U12>0,"Excesso de capacidade",IF($M12>INDEX('Cenários'!$K$6:$K$105,INT((ROW()-6)/12)+1),"Capacidade insuficiente",IF(AND($E12<=0,$S12<INDEX('Cenários'!$H$6:$H$105,INT((ROW()-6)/12)+1)),"Atenção",IF($R12>0,"Desmobilizar","Adequado")))))))) | W12: =IF($A12="","",IF($Y12<>"OK","Corrigir cadastro do cenário",IF($X12="Pausado","",IF($T12>0,"Ruptura projetada de "&TEXT($T12,"0")&" un.",IF($U12>0,"Reduzir entrada ou transferir "&TEXT($U12,"0")&" un.",IF($M12>INDEX('Cenários'!$K$6:$K$105,INT((ROW()-6)/12)+1),"Capacidade abaixo do saldo-alvo em "&TEXT($M12-INDEX('Cenários'!$K$6:$K$105,INT((ROW()-6)/12)+1),"0")&" un.",IF(AND($O12>0,$E12-INDEX('Cenários'!$J$6:$J$105,INT((ROW()-6)/12)+1)<-4),"Recebimento depende de pedido anterior ao horizonte",IF($R12>0,"Desmobilizar "&TEXT($R12,"0")&" un. nesta semana",IF($P12>0,"Emitir pedido de "&TEXT($P12,"0")&" un. nesta semana",IF($O12>0,"Programar recebimento de "&TEXT($O12,"0")&" un.","Sem ação imediata"))))))))) | X12: =IF($A12="","",INDEX('Cenários'!$M$6:$M$105,INT((ROW()-6)/12)+1)) | Y12: =IF($A12="","",INDEX('Cenários'!$Z$6:$Z$105,INT((ROW()-6)/12)+1))
A13: =IF(INDEX('Cenários'!$A$6:$A$105,INT((ROW()-6)/12)+1)="","",INDEX('Cenários'!$A$6:$A$105,INT((ROW()-6)/12)+1)) | B13: =IF($A13="","",INDEX('Cenários'!$B$6:$B$105,INT((ROW()-6)/12)+1)) | C13: =IF($A13="","",INDEX('Cenários'!$C$6:$C$105,INT((ROW()-6)/12)+1)) | D13: =IF($A13="","",INDEX('Cenários'!$D$6:$D$105,INT((ROW()-6)/12)+1)) | E13: =IF($A13="","",MOD(ROW()-6,12)-4) | F13: =IF($A13="","",IF($E13<0,"Antes do pico",IF($E13=0,"Semana de pico","Depois do pico"))) | G13: =IF($A13="","",IFERROR(IF(INDEX('Cenários'!$E$6:$E$105,INT((ROW()-6)/12)+1)="","",INDEX('Cenários'!$E$6:$E$105,INT((ROW()-6)/12)+1)+7*$E13),"")) | H13: =IF($A13="","",INDEX('Cenários'!$N$6:$Y$105,INT((ROW()-6)/12)+1,$E13+5)) | I13: =IF(OR($A13="",$H13=""),"",IFERROR(ROUNDUP(INDEX('Cenários'!$F$6:$F$105,INT((ROW()-6)/12)+1)*$H13,0),"")) | K13: =IF($A13="","",IF($E13=-4,INDEX('Cenários'!$G$6:$G$105,INT((ROW()-6)/12)+1),$S12)) | L13: =IF($A13="","",$K13+IF($J13="",0,$J13)-IF($I13="",0,$I13)) | M13: =IF($A13="","",IF($E13<=0,INDEX('Cenários'!$H$6:$H$105,INT((ROW()-6)/12)+1)+SUMIFS($I$6:$I$1205,$A$6:$A$1205,$A13,$E$6:$E$1205,">"&$E13,$E$6:$E$1205,"<="&($E13+INDEX('Cenários'!$J$6:$J$105,INT((ROW()-6)/12)+1))),INDEX('Cenários'!$L$6:$L$105,INT((ROW()-6)/12)+1)+SUMIFS($I$6:$I$1205,$A$6:$A$1205,$A13,$E$6:$E$1205,">"&$E13,$E$6:$E$1205,"<=7"))) | N13: =IF($A13="","",MIN(INDEX('Cenários'!$K$6:$K$105,INT((ROW()-6)/12)+1),MAX(0,$M13))) | O13: =IF($A13="","",IFERROR(IF($L13>=$N13,0,MIN(CEILING(MAX(0,$N13-$L13),INDEX('Cenários'!$I$6:$I$105,INT((ROW()-6)/12)+1)),FLOOR(MAX(0,INDEX('Cenários'!$K$6:$K$105,INT((ROW()-6)/12)+1)-$L13),INDEX('Cenários'!$I$6:$I$105,INT((ROW()-6)/12)+1)))),0)) | P13: =IF($A13="","",IFERROR(IF($E13+INDEX('Cenários'!$J$6:$J$105,INT((ROW()-6)/12)+1)>7,0,SUMIFS($O$6:$O$1205,$A$6:$A$1205,$A13,$E$6:$E$1205,$E13+INDEX('Cenários'!$J$6:$J$105,INT((ROW()-6)/12)+1))),0)) | Q13: =IF($A13="","",$L13+$O13) | R13: =IF($A13="","",IF($E13>0,MAX(0,$Q13-$N13),0)) | S13: =IF($A13="","",$Q13-$R13) | T13: =IF($A13="","",MAX(0,-$S13)) | U13: =IF($A13="","",MAX(0,$Q13-INDEX('Cenários'!$K$6:$K$105,INT((ROW()-6)/12)+1))) | V13: =IF($A13="","",IF($Y13<>"OK","Dados inválidos",IF($X13="Pausado","Pausado",IF($T13>0,"Ruptura",IF($U13>0,"Excesso de capacidade",IF($M13>INDEX('Cenários'!$K$6:$K$105,INT((ROW()-6)/12)+1),"Capacidade insuficiente",IF(AND($E13<=0,$S13<INDEX('Cenários'!$H$6:$H$105,INT((ROW()-6)/12)+1)),"Atenção",IF($R13>0,"Desmobilizar","Adequado")))))))) | W13: =IF($A13="","",IF($Y13<>"OK","Corrigir cadastro do cenário",IF($X13="Pausado","",IF($T13>0,"Ruptura projetada de "&TEXT($T13,"0")&" un.",IF($U13>0,"Reduzir entrada ou transferir "&TEXT($U13,"0")&" un.",IF($M13>INDEX('Cenários'!$K$6:$K$105,INT((ROW()-6)/12)+1),"Capacidade abaixo do saldo-alvo em "&TEXT($M13-INDEX('Cenários'!$K$6:$K$105,INT((ROW()-6)/12)+1),"0")&" un.",IF(AND($O13>0,$E13-INDEX('Cenários'!$J$6:$J$105,INT((ROW()-6)/12)+1)<-4),"Recebimento depende de pedido anterior ao horizonte",IF($R13>0,"Desmobilizar "&TEXT($R13,"0")&" un. nesta semana",IF($P13>0,"Emitir pedido de "&TEXT($P13,"0")&" un. nesta semana",IF($O13>0,"Programar recebimento de "&TEXT($O13,"0")&" un.","Sem ação imediata"))))))))) | X13: =IF($A13="","",INDEX('Cenários'!$M$6:$M$105,INT((ROW()-6)/12)+1)) | Y13: =IF($A13="","",INDEX('Cenários'!$Z$6:$Z$105,INT((ROW()-6)/12)+1))
A14: =IF(INDEX('Cenários'!$A$6:$A$105,INT((ROW()-6)/12)+1)="","",INDEX('Cenários'!$A$6:$A$105,INT((ROW()-6)/12)+1)) | B14: =IF($A14="","",INDEX('Cenários'!$B$6:$B$105,INT((ROW()-6)/12)+1)) | C14: =IF($A14="","",INDEX('Cenários'!$C$6:$C$105,INT((ROW()-6)/12)+1)) | D14: =IF($A14="","",INDEX('Cenários'!$D$6:$D$105,INT((ROW()-6)/12)+1)) | E14: =IF($A14="","",MOD(ROW()-6,12)-4) | F14: =IF($A14="","",IF($E14<0,"Antes do pico",IF($E14=0,"Semana de pico","Depois do pico"))) | G14: =IF($A14="","",IFERROR(IF(INDEX('Cenários'!$E$6:$E$105,INT((ROW()-6)/12)+1)="","",INDEX('Cenários'!$E$6:$E$105,INT((ROW()-6)/12)+1)+7*$E14),"")) | H14: =IF($A14="","",INDEX('Cenários'!$N$6:$Y$105,INT((ROW()-6)/12)+1,$E14+5)) | I14: =IF(OR($A14="",$H14=""),"",IFERROR(ROUNDUP(INDEX('Cenários'!$F$6:$F$105,INT((ROW()-6)/12)+1)*$H14,0),"")) | K14: =IF($A14="","",IF($E14=-4,INDEX('Cenários'!$G$6:$G$105,INT((ROW()-6)/12)+1),$S13)) | L14: =IF($A14="","",$K14+IF($J14="",0,$J14)-IF($I14="",0,$I14)) | M14: =IF($A14="","",IF($E14<=0,INDEX('Cenários'!$H$6:$H$105,INT((ROW()-6)/12)+1)+SUMIFS($I$6:$I$1205,$A$6:$A$1205,$A14,$E$6:$E$1205,">"&$E14,$E$6:$E$1205,"<="&($E14+INDEX('Cenários'!$J$6:$J$105,INT((ROW()-6)/12)+1))),INDEX('Cenários'!$L$6:$L$105,INT((ROW()-6)/12)+1)+SUMIFS($I$6:$I$1205,$A$6:$A$1205,$A14,$E$6:$E$1205,">"&$E14,$E$6:$E$1205,"<=7"))) | N14: =IF($A14="","",MIN(INDEX('Cenários'!$K$6:$K$105,INT((ROW()-6)/12)+1),MAX(0,$M14))) | O14: =IF($A14="","",IFERROR(IF($L14>=$N14,0,MIN(CEILING(MAX(0,$N14-$L14),INDEX('Cenários'!$I$6:$I$105,INT((ROW()-6)/12)+1)),FLOOR(MAX(0,INDEX('Cenários'!$K$6:$K$105,INT((ROW()-6)/12)+1)-$L14),INDEX('Cenários'!$I$6:$I$105,INT((ROW()-6)/12)+1)))),0)) | P14: =IF($A14="","",IFERROR(IF($E14+INDEX('Cenários'!$J$6:$J$105,INT((ROW()-6)/12)+1)>7,0,SUMIFS($O$6:$O$1205,$A$6:$A$1205,$A14,$E$6:$E$1205,$E14+INDEX('Cenários'!$J$6:$J$105,INT((ROW()-6)/12)+1))),0)) | Q14: =IF($A14="","",$L14+$O14) | R14: =IF($A14="","",IF($E14>0,MAX(0,$Q14-$N14),0)) | S14: =IF($A14="","",$Q14-$R14) | T14: =IF($A14="","",MAX(0,-$S14)) | U14: =IF($A14="","",MAX(0,$Q14-INDEX('Cenários'!$K$6:$K$105,INT((ROW()-6)/12)+1))) | V14: =IF($A14="","",IF($Y14<>"OK","Dados inválidos",IF($X14="Pausado","Pausado",IF($T14>0,"Ruptura",IF($U14>0,"Excesso de capacidade",IF($M14>INDEX('Cenários'!$K$6:$K$105,INT((ROW()-6)/12)+1),"Capacidade insuficiente",IF(AND($E14<=0,$S14<INDEX('Cenários'!$H$6:$H$105,INT((ROW()-6)/12)+1)),"Atenção",IF($R14>0,"Desmobilizar","Adequado")))))))) | W14: =IF($A14="","",IF($Y14<>"OK","Corrigir cadastro do cenário",IF($X14="Pausado","",IF($T14>0,"Ruptura projetada de "&TEXT($T14,"0")&" un.",IF($U14>0,"Reduzir entrada ou transferir "&TEXT($U14,"0")&" un.",IF($M14>INDEX('Cenários'!$K$6:$K$105,INT((ROW()-6)/12)+1),"Capacidade abaixo do saldo-alvo em "&TEXT($M14-INDEX('Cenários'!$K$6:$K$105,INT((ROW()-6)/12)+1),"0")&" un.",IF(AND($O14>0,$E14-INDEX('Cenários'!$J$6:$J$105,INT((ROW()-6)/12)+1)<-4),"Recebimento depende de pedido anterior ao horizonte",IF($R14>0,"Desmobilizar "&TEXT($R14,"0")&" un. nesta semana",IF($P14>0,"Emitir pedido de "&TEXT($P14,"0")&" un. nesta semana",IF($O14>0,"Programar recebimento de "&TEXT($O14,"0")&" un.","Sem ação imediata"))))))))) | X14: =IF($A14="","",INDEX('Cenários'!$M$6:$M$105,INT((ROW()-6)/12)+1)) | Y14: =IF($A14="","",INDEX('Cenários'!$Z$6:$Z$105,INT((ROW()-6)/12)+1))
A15: =IF(INDEX('Cenários'!$A$6:$A$105,INT((ROW()-6)/12)+1)="","",INDEX('Cenários'!$A$6:$A$105,INT((ROW()-6)/12)+1)) | B15: =IF($A15="","",INDEX('Cenários'!$B$6:$B$105,INT((ROW()-6)/12)+1)) | C15: =IF($A15="","",INDEX('Cenários'!$C$6:$C$105,INT((ROW()-6)/12)+1)) | D15: =IF($A15="","",INDEX('Cenários'!$D$6:$D$105,INT((ROW()-6)/12)+1)) | E15: =IF($A15="","",MOD(ROW()-6,12)-4) | F15: =IF($A15="","",IF($E15<0,"Antes do pico",IF($E15=0,"Semana de pico","Depois do pico"))) | G15: =IF($A15="","",IFERROR(IF(INDEX('Cenários'!$E$6:$E$105,INT((ROW()-6)/12)+1)="","",INDEX('Cenários'!$E$6:$E$105,INT((ROW()-6)/12)+1)+7*$E15),"")) | H15: =IF($A15="","",INDEX('Cenários'!$N$6:$Y$105,INT((ROW()-6)/12)+1,$E15+5)) | I15: =IF(OR($A15="",$H15=""),"",IFERROR(ROUNDUP(INDEX('Cenários'!$F$6:$F$105,INT((ROW()-6)/12)+1)*$H15,0),"")) | K15: =IF($A15="","",IF($E15=-4,INDEX('Cenários'!$G$6:$G$105,INT((ROW()-6)/12)+1),$S14)) | L15: =IF($A15="","",$K15+IF($J15="",0,$J15)-IF($I15="",0,$I15)) | M15: =IF($A15="","",IF($E15<=0,INDEX('Cenários'!$H$6:$H$105,INT((ROW()-6)/12)+1)+SUMIFS($I$6:$I$1205,$A$6:$A$1205,$A15,$E$6:$E$1205,">"&$E15,$E$6:$E$1205,"<="&($E15+INDEX('Cenários'!$J$6:$J$105,INT((ROW()-6)/12)+1))),INDEX('Cenários'!$L$6:$L$105,INT((ROW()-6)/12)+1)+SUMIFS($I$6:$I$1205,$A$6:$A$1205,$A15,$E$6:$E$1205,">"&$E15,$E$6:$E$1205,"<=7"))) | N15: =IF($A15="","",MIN(INDEX('Cenários'!$K$6:$K$105,INT((ROW()-6)/12)+1),MAX(0,$M15))) | O15: =IF($A15="","",IFERROR(IF($L15>=$N15,0,MIN(CEILING(MAX(0,$N15-$L15),INDEX('Cenários'!$I$6:$I$105,INT((ROW()-6)/12)+1)),FLOOR(MAX(0,INDEX('Cenários'!$K$6:$K$105,INT((ROW()-6)/12)+1)-$L15),INDEX('Cenários'!$I$6:$I$105,INT((ROW()-6)/12)+1)))),0)) | P15: =IF($A15="","",IFERROR(IF($E15+INDEX('Cenários'!$J$6:$J$105,INT((ROW()-6)/12)+1)>7,0,SUMIFS($O$6:$O$1205,$A$6:$A$1205,$A15,$E$6:$E$1205,$E15+INDEX('Cenários'!$J$6:$J$105,INT((ROW()-6)/12)+1))),0)) | Q15: =IF($A15="","",$L15+$O15) | R15: =IF($A15="","",IF($E15>0,MAX(0,$Q15-$N15),0)) | S15: =IF($A15="","",$Q15-$R15) | T15: =IF($A15="","",MAX(0,-$S15)) | U15: =IF($A15="","",MAX(0,$Q15-INDEX('Cenários'!$K$6:$K$105,INT((ROW()-6)/12)+1))) | V15: =IF($A15="","",IF($Y15<>"OK","Dados inválidos",IF($X15="Pausado","Pausado",IF($T15>0,"Ruptura",IF($U15>0,"Excesso de capacidade",IF($M15>INDEX('Cenários'!$K$6:$K$105,INT((ROW()-6)/12)+1),"Capacidade insuficiente",IF(AND($E15<=0,$S15<INDEX('Cenários'!$H$6:$H$105,INT((ROW()-6)/12)+1)),"Atenção",IF($R15>0,"Desmobilizar","Adequado")))))))) | W15: =IF($A15="","",IF($Y15<>"OK","Corrigir cadastro do cenário",IF($X15="Pausado","",IF($T15>0,"Ruptura projetada de "&TEXT($T15,"0")&" un.",IF($U15>0,"Reduzir entrada ou transferir "&TEXT($U15,"0")&" un.",IF($M15>INDEX('Cenários'!$K$6:$K$105,INT((ROW()-6)/12)+1),"Capacidade abaixo do saldo-alvo em "&TEXT($M15-INDEX('Cenários'!$K$6:$K$105,INT((ROW()-6)/12)+1),"0")&" un.",IF(AND($O15>0,$E15-INDEX('Cenários'!$J$6:$J$105,INT((ROW()-6)/12)+1)<-4),"Recebimento depende de pedido anterior ao horizonte",IF($R15>0,"Desmobilizar "&TEXT($R15,"0")&" un. nesta semana",IF($P15>0,"Emitir pedido de "&TEXT($P15,"0")&" un. nesta semana",IF($O15>0,"Programar recebimento de "&TEXT($O15,"0")&" un.","Sem ação imediata"))))))))) | X15: =IF($A15="","",INDEX('Cenários'!$M$6:$M$105,INT((ROW()-6)/12)+1)) | Y15: =IF($A15="","",INDEX('Cenários'!$Z$6:$Z$105,INT((ROW()-6)/12)+1))
A16: =IF(INDEX('Cenários'!$A$6:$A$105,INT((ROW()-6)/12)+1)="","",INDEX('Cenários'!$A$6:$A$105,INT((ROW()-6)/12)+1)) | B16: =IF($A16="","",INDEX('Cenários'!$B$6:$B$105,INT((ROW()-6)/12)+1)) | C16: =IF($A16="","",INDEX('Cenários'!$C$6:$C$105,INT((ROW()-6)/12)+1)) | D16: =IF($A16="","",INDEX('Cenários'!$D$6:$D$105,INT((ROW()-6)/12)+1)) | E16: =IF($A16="","",MOD(ROW()-6,12)-4) | F16: =IF($A16="","",IF($E16<0,"Antes do pico",IF($E16=0,"Semana de pico","Depois do pico"))) | G16: =IF($A16="","",IFERROR(IF(INDEX('Cenários'!$E$6:$E$105,INT((ROW()-6)/12)+1)="","",INDEX('Cenários'!$E$6:$E$105,INT((ROW()-6)/12)+1)+7*$E16),"")) | H16: =IF($A16="","",INDEX('Cenários'!$N$6:$Y$105,INT((ROW()-6)/12)+1,$E16+5)) | I16: =IF(OR($A16="",$H16=""),"",IFERROR(ROUNDUP(INDEX('Cenários'!$F$6:$F$105,INT((ROW()-6)/12)+1)*$H16,0),"")) | K16: =IF($A16="","",IF($E16=-4,INDEX('Cenários'!$G$6:$G$105,INT((ROW()-6)/12)+1),$S15)) | L16: =IF($A16="","",$K16+IF($J16="",0,$J16)-IF($I16="",0,$I16)) | M16: =IF($A16="","",IF($E16<=0,INDEX('Cenários'!$H$6:$H$105,INT((ROW()-6)/12)+1)+SUMIFS($I$6:$I$1205,$A$6:$A$1205,$A16,$E$6:$E$1205,">"&$E16,$E$6:$E$1205,"<="&($E16+INDEX('Cenários'!$J$6:$J$105,INT((ROW()-6)/12)+1))),INDEX('Cenários'!$L$6:$L$105,INT((ROW()-6)/12)+1)+SUMIFS($I$6:$I$1205,$A$6:$A$1205,$A16,$E$6:$E$1205,">"&$E16,$E$6:$E$1205,"<=7"))) | N16: =IF($A16="","",MIN(INDEX('Cenários'!$K$6:$K$105,INT((ROW()-6)/12)+1),MAX(0,$M16))) | O16: =IF($A16="","",IFERROR(IF($L16>=$N16,0,MIN(CEILING(MAX(0,$N16-$L16),INDEX('Cenários'!$I$6:$I$105,INT((ROW()-6)/12)+1)),FLOOR(MAX(0,INDEX('Cenários'!$K$6:$K$105,INT((ROW()-6)/12)+1)-$L16),INDEX('Cenários'!$I$6:$I$105,INT((ROW()-6)/12)+1)))),0)) | P16: =IF($A16="","",IFERROR(IF($E16+INDEX('Cenários'!$J$6:$J$105,INT((ROW()-6)/12)+1)>7,0,SUMIFS($O$6:$O$1205,$A$6:$A$1205,$A16,$E$6:$E$1205,$E16+INDEX('Cenários'!$J$6:$J$105,INT((ROW()-6)/12)+1))),0)) | Q16: =IF($A16="","",$L16+$O16) | R16: =IF($A16="","",IF($E16>0,MAX(0,$Q16-$N16),0)) | S16: =IF($A16="","",$Q16-$R16) | T16: =IF($A16="","",MAX(0,-$S16)) | U16: =IF($A16="","",MAX(0,$Q16-INDEX('Cenários'!$K$6:$K$105,INT((ROW()-6)/12)+1))) | V16: =IF($A16="","",IF($Y16<>"OK","Dados inválidos",IF($X16="Pausado","Pausado",IF($T16>0,"Ruptura",IF($U16>0,"Excesso de capacidade",IF($M16>INDEX('Cenários'!$K$6:$K$105,INT((ROW()-6)/12)+1),"Capacidade insuficiente",IF(AND($E16<=0,$S16<INDEX('Cenários'!$H$6:$H$105,INT((ROW()-6)/12)+1)),"Atenção",IF($R16>0,"Desmobilizar","Adequado")))))))) | W16: =IF($A16="","",IF($Y16<>"OK","Corrigir cadastro do cenário",IF($X16="Pausado","",IF($T16>0,"Ruptura projetada de "&TEXT($T16,"0")&" un.",IF($U16>0,"Reduzir entrada ou transferir "&TEXT($U16,"0")&" un.",IF($M16>INDEX('Cenários'!$K$6:$K$105,INT((ROW()-6)/12)+1),"Capacidade abaixo do saldo-alvo em "&TEXT($M16-INDEX('Cenários'!$K$6:$K$105,INT((ROW()-6)/12)+1),"0")&" un.",IF(AND($O16>0,$E16-INDEX('Cenários'!$J$6:$J$105,INT((ROW()-6)/12)+1)<-4),"Recebimento depende de pedido anterior ao horizonte",IF($R16>0,"Desmobilizar "&TEXT($R16,"0")&" un. nesta semana",IF($P16>0,"Emitir pedido de "&TEXT($P16,"0")&" un. nesta semana",IF($O16>0,"Programar recebimento de "&TEXT($O16,"0")&" un.","Sem ação imediata"))))))))) | X16: =IF($A16="","",INDEX('Cenários'!$M$6:$M$105,INT((ROW()-6)/12)+1)) | Y16: =IF($A16="","",INDEX('Cenários'!$Z$6:$Z$105,INT((ROW()-6)/12)+1))
A17: =IF(INDEX('Cenários'!$A$6:$A$105,INT((ROW()-6)/12)+1)="","",INDEX('Cenários'!$A$6:$A$105,INT((ROW()-6)/12)+1)) | B17: =IF($A17="","",INDEX('Cenários'!$B$6:$B$105,INT((ROW()-6)/12)+1)) | C17: =IF($A17="","",INDEX('Cenários'!$C$6:$C$105,INT((ROW()-6)/12)+1)) | D17: =IF($A17="","",INDEX('Cenários'!$D$6:$D$105,INT((ROW()-6)/12)+1)) | E17: =IF($A17="","",MOD(ROW()-6,12)-4) | F17: =IF($A17="","",IF($E17<0,"Antes do pico",IF($E17=0,"Semana de pico","Depois do pico"))) | G17: =IF($A17="","",IFERROR(IF(INDEX('Cenários'!$E$6:$E$105,INT((ROW()-6)/12)+1)="","",INDEX('Cenários'!$E$6:$E$105,INT((ROW()-6)/12)+1)+7*$E17),"")) | H17: =IF($A17="","",INDEX('Cenários'!$N$6:$Y$105,INT((ROW()-6)/12)+1,$E17+5)) | I17: =IF(OR($A17="",$H17=""),"",IFERROR(ROUNDUP(INDEX('Cenários'!$F$6:$F$105,INT((ROW()-6)/12)+1)*$H17,0),"")) | K17: =IF($A17="","",IF($E17=-4,INDEX('Cenários'!$G$6:$G$105,INT((ROW()-6)/12)+1),$S16)) | L17: =IF($A17="","",$K17+IF($J17="",0,$J17)-IF($I17="",0,$I17)) | M17: =IF($A17="","",IF($E17<=0,INDEX('Cenários'!$H$6:$H$105,INT((ROW()-6)/12)+1)+SUMIFS($I$6:$I$1205,$A$6:$A$1205,$A17,$E$6:$E$1205,">"&$E17,$E$6:$E$1205,"<="&($E17+INDEX('Cenários'!$J$6:$J$105,INT((ROW()-6)/12)+1))),INDEX('Cenários'!$L$6:$L$105,INT((ROW()-6)/12)+1)+SUMIFS($I$6:$I$1205,$A$6:$A$1205,$A17,$E$6:$E$1205,">"&$E17,$E$6:$E$1205,"<=7"))) | N17: =IF($A17="","",MIN(INDEX('Cenários'!$K$6:$K$105,INT((ROW()-6)/12)+1),MAX(0,$M17))) | O17: =IF($A17="","",IFERROR(IF($L17>=$N17,0,MIN(CEILING(MAX(0,$N17-$L17),INDEX('Cenários'!$I$6:$I$105,INT((ROW()-6)/12)+1)),FLOOR(MAX(0,INDEX('Cenários'!$K$6:$K$105,INT((ROW()-6)/12)+1)-$L17),INDEX('Cenários'!$I$6:$I$105,INT((ROW()-6)/12)+1)))),0)) | P17: =IF($A17="","",IFERROR(IF($E17+INDEX('Cenários'!$J$6:$J$105,INT((ROW()-6)/12)+1)>7,0,SUMIFS($O$6:$O$1205,$A$6:$A$1205,$A17,$E$6:$E$1205,$E17+INDEX('Cenários'!$J$6:$J$105,INT((ROW()-6)/12)+1))),0)) | Q17: =IF($A17="","",$L17+$O17) | R17: =IF($A17="","",IF($E17>0,MAX(0,$Q17-$N17),0)) | S17: =IF($A17="","",$Q17-$R17) | T17: =IF($A17="","",MAX(0,-$S17)) | U17: =IF($A17="","",MAX(0,$Q17-INDEX('Cenários'!$K$6:$K$105,INT((ROW()-6)/12)+1))) | V17: =IF($A17="","",IF($Y17<>"OK","Dados inválidos",IF($X17="Pausado","Pausado",IF($T17>0,"Ruptura",IF($U17>0,"Excesso de capacidade",IF($M17>INDEX('Cenários'!$K$6:$K$105,INT((ROW()-6)/12)+1),"Capacidade insuficiente",IF(AND($E17<=0,$S17<INDEX('Cenários'!$H$6:$H$105,INT((ROW()-6)/12)+1)),"Atenção",IF($R17>0,"Desmobilizar","Adequado")))))))) | W17: =IF($A17="","",IF($Y17<>"OK","Corrigir cadastro do cenário",IF($X17="Pausado","",IF($T17>0,"Ruptura projetada de "&TEXT($T17,"0")&" un.",IF($U17>0,"Reduzir entrada ou transferir "&TEXT($U17,"0")&" un.",IF($M17>INDEX('Cenários'!$K$6:$K$105,INT((ROW()-6)/12)+1),"Capacidade abaixo do saldo-alvo em "&TEXT($M17-INDEX('Cenários'!$K$6:$K$105,INT((ROW()-6)/12)+1),"0")&" un.",IF(AND($O17>0,$E17-INDEX('Cenários'!$J$6:$J$105,INT((ROW()-6)/12)+1)<-4),"Recebimento depende de pedido anterior ao horizonte",IF($R17>0,"Desmobilizar "&TEXT($R17,"0")&" un. nesta semana",IF($P17>0,"Emitir pedido de "&TEXT($P17,"0")&" un. nesta semana",IF($O17>0,"Programar recebimento de "&TEXT($O17,"0")&" un.","Sem ação imediata"))))))))) | X17: =IF($A17="","",INDEX('Cenários'!$M$6:$M$105,INT((ROW()-6)/12)+1)) | Y17: =IF($A17="","",INDEX('Cenários'!$Z$6:$Z$105,INT((ROW()-6)/12)+1))
A18: =IF(INDEX('Cenários'!$A$6:$A$105,INT((ROW()-6)/12)+1)="","",INDEX('Cenários'!$A$6:$A$105,INT((ROW()-6)/12)+1)) | B18: =IF($A18="","",INDEX('Cenários'!$B$6:$B$105,INT((ROW()-6)/12)+1)) | C18: =IF($A18="","",INDEX('Cenários'!$C$6:$C$105,INT((ROW()-6)/12)+1)) | D18: =IF($A18="","",INDEX('Cenários'!$D$6:$D$105,INT((ROW()-6)/12)+1)) | E18: =IF($A18="","",MOD(ROW()-6,12)-4) | F18: =IF($A18="","",IF($E18<0,"Antes do pico",IF($E18=0,"Semana de pico","Depois do pico"))) | G18: =IF($A18="","",IFERROR(IF(INDEX('Cenários'!$E$6:$E$105,INT((ROW()-6)/12)+1)="","",INDEX('Cenários'!$E$6:$E$105,INT((ROW()-6)/12)+1)+7*$E18),"")) | H18: =IF($A18="","",INDEX('Cenários'!$N$6:$Y$105,INT((ROW()-6)/12)+1,$E18+5)) | I18: =IF(OR($A18="",$H18=""),"",IFERROR(ROUNDUP(INDEX('Cenários'!$F$6:$F$105,INT((ROW()-6)/12)+1)*$H18,0),"")) | K18: =IF($A18="","",IF($E18=-4,INDEX('Cenários'!$G$6:$G$105,INT((ROW()-6)/12)+1),$S17)) | L18: =IF($A18="","",$K18+IF($J18="",0,$J18)-IF($I18="",0,$I18)) | M18: =IF($A18="","",IF($E18<=0,INDEX('Cenários'!$H$6:$H$105,INT((ROW()-6)/12)+1)+SUMIFS($I$6:$I$1205,$A$6:$A$1205,$A18,$E$6:$E$1205,">"&$E18,$E$6:$E$1205,"<="&($E18+INDEX('Cenários'!$J$6:$J$105,INT((ROW()-6)/12)+1))),INDEX('Cenários'!$L$6:$L$105,INT((ROW()-6)/12)+1)+SUMIFS($I$6:$I$1205,$A$6:$A$1205,$A18,$E$6:$E$1205,">"&$E18,$E$6:$E$1205,"<=7"))) | N18: =IF($A18="","",MIN(INDEX('Cenários'!$K$6:$K$105,INT((ROW()-6)/12)+1),MAX(0,$M18))) | O18: =IF($A18="","",IFERROR(IF($L18>=$N18,0,MIN(CEILING(MAX(0,$N18-$L18),INDEX('Cenários'!$I$6:$I$105,INT((ROW()-6)/12)+1)),FLOOR(MAX(0,INDEX('Cenários'!$K$6:$K$105,INT((ROW()-6)/12)+1)-$L18),INDEX('Cenários'!$I$6:$I$105,INT((ROW()-6)/12)+1)))),0)) | P18: =IF($A18="","",IFERROR(IF($E18+INDEX('Cenários'!$J$6:$J$105,INT((ROW()-6)/12)+1)>7,0,SUMIFS($O$6:$O$1205,$A$6:$A$1205,$A18,$E$6:$E$1205,$E18+INDEX('Cenários'!$J$6:$J$105,INT((ROW()-6)/12)+1))),0)) | Q18: =IF($A18="","",$L18+$O18) | R18: =IF($A18="","",IF($E18>0,MAX(0,$Q18-$N18),0)) | S18: =IF($A18="","",$Q18-$R18) | T18: =IF($A18="","",MAX(0,-$S18)) | U18: =IF($A18="","",MAX(0,$Q18-INDEX('Cenários'!$K$6:$K$105,INT((ROW()-6)/12)+1))) | V18: =IF($A18="","",IF($Y18<>"OK","Dados inválidos",IF($X18="Pausado","Pausado",IF($T18>0,"Ruptura",IF($U18>0,"Excesso de capacidade",IF($M18>INDEX('Cenários'!$K$6:$K$105,INT((ROW()-6)/12)+1),"Capacidade insuficiente",IF(AND($E18<=0,$S18<INDEX('Cenários'!$H$6:$H$105,INT((ROW()-6)/12)+1)),"Atenção",IF($R18>0,"Desmobilizar","Adequado")))))))) | W18: =IF($A18="","",IF($Y18<>"OK","Corrigir cadastro do cenário",IF($X18="Pausado","",IF($T18>0,"Ruptura projetada de "&TEXT($T18,"0")&" un.",IF($U18>0,"Reduzir entrada ou transferir "&TEXT($U18,"0")&" un.",IF($M18>INDEX('Cenários'!$K$6:$K$105,INT((ROW()-6)/12)+1),"Capacidade abaixo do saldo-alvo em "&TEXT($M18-INDEX('Cenários'!$K$6:$K$105,INT((ROW()-6)/12)+1),"0")&" un.",IF(AND($O18>0,$E18-INDEX('Cenários'!$J$6:$J$105,INT((ROW()-6)/12)+1)<-4),"Recebimento depende de pedido anterior ao horizonte",IF($R18>0,"Desmobilizar "&TEXT($R18,"0")&" un. nesta semana",IF($P18>0,"Emitir pedido de "&TEXT($P18,"0")&" un. nesta semana",IF($O18>0,"Programar recebimento de "&TEXT($O18,"0")&" un.","Sem ação imediata"))))))))) | X18: =IF($A18="","",INDEX('Cenários'!$M$6:$M$105,INT((ROW()-6)/12)+1)) | Y18: =IF($A18="","",INDEX('Cenários'!$Z$6:$Z$105,INT((ROW()-6)/12)+1))
A19: =IF(INDEX('Cenários'!$A$6:$A$105,INT((ROW()-6)/12)+1)="","",INDEX('Cenários'!$A$6:$A$105,INT((ROW()-6)/12)+1)) | B19: =IF($A19="","",INDEX('Cenários'!$B$6:$B$105,INT((ROW()-6)/12)+1)) | C19: =IF($A19="","",INDEX('Cenários'!$C$6:$C$105,INT((ROW()-6)/12)+1)) | D19: =IF($A19="","",INDEX('Cenários'!$D$6:$D$105,INT((ROW()-6)/12)+1)) | E19: =IF($A19="","",MOD(ROW()-6,12)-4) | F19: =IF($A19="","",IF($E19<0,"Antes do pico",IF($E19=0,"Semana de pico","Depois do pico"))) | G19: =IF($A19="","",IFERROR(IF(INDEX('Cenários'!$E$6:$E$105,INT((ROW()-6)/12)+1)="","",INDEX('Cenários'!$E$6:$E$105,INT((ROW()-6)/12)+1)+7*$E19),"")) | H19: =IF($A19="","",INDEX('Cenários'!$N$6:$Y$105,INT((ROW()-6)/12)+1,$E19+5)) | I19: =IF(OR($A19="",$H19=""),"",IFERROR(ROUNDUP(INDEX('Cenários'!$F$6:$F$105,INT((ROW()-6)/12)+1)*$H19,0),"")) | K19: =IF($A19="","",IF($E19=-4,INDEX('Cenários'!$G$6:$G$105,INT((ROW()-6)/12)+1),$S18)) | L19: =IF($A19="","",$K19+IF($J19="",0,$J19)-IF($I19="",0,$I19)) | M19: =IF($A19="","",IF($E19<=0,INDEX('Cenários'!$H$6:$H$105,INT((ROW()-6)/12)+1)+SUMIFS($I$6:$I$1205,$A$6:$A$1205,$A19,$E$6:$E$1205,">"&$E19,$E$6:$E$1205,"<="&($E19+INDEX('Cenários'!$J$6:$J$105,INT((ROW()-6)/12)+1))),INDEX('Cenários'!$L$6:$L$105,INT((ROW()-6)/12)+1)+SUMIFS($I$6:$I$1205,$A$6:$A$1205,$A19,$E$6:$E$1205,">"&$E19,$E$6:$E$1205,"<=7"))) | N19: =IF($A19="","",MIN(INDEX('Cenários'!$K$6:$K$105,INT((ROW()-6)/12)+1),MAX(0,$M19))) | O19: =IF($A19="","",IFERROR(IF($L19>=$N19,0,MIN(CEILING(MAX(0,$N19-$L19),INDEX('Cenários'!$I$6:$I$105,INT((ROW()-6)/12)+1)),FLOOR(MAX(0,INDEX('Cenários'!$K$6:$K$105,INT((ROW()-6)/12)+1)-$L19),INDEX('Cenários'!$I$6:$I$105,INT((ROW()-6)/12)+1)))),0)) | P19: =IF($A19="","",IFERROR(IF($E19+INDEX('Cenários'!$J$6:$J$105,INT((ROW()-6)/12)+1)>7,0,SUMIFS($O$6:$O$1205,$A$6:$A$1205,$A19,$E$6:$E$1205,$E19+INDEX('Cenários'!$J$6:$J$105,INT((ROW()-6)/12)+1))),0)) | Q19: =IF($A19="","",$L19+$O19) | R19: =IF($A19="","",IF($E19>0,MAX(0,$Q19-$N19),0)) | S19: =IF($A19="","",$Q19-$R19) | T19: =IF($A19="","",MAX(0,-$S19)) | U19: =IF($A19="","",MAX(0,$Q19-INDEX('Cenários'!$K$6:$K$105,INT((ROW()-6)/12)+1))) | V19: =IF($A19="","",IF($Y19<>"OK","Dados inválidos",IF($X19="Pausado","Pausado",IF($T19>0,"Ruptura",IF($U19>0,"Excesso de capacidade",IF($M19>INDEX('Cenários'!$K$6:$K$105,INT((ROW()-6)/12)+1),"Capacidade insuficiente",IF(AND($E19<=0,$S19<INDEX('Cenários'!$H$6:$H$105,INT((ROW()-6)/12)+1)),"Atenção",IF($R19>0,"Desmobilizar","Adequado")))))))) | W19: =IF($A19="","",IF($Y19<>"OK","Corrigir cadastro do cenário",IF($X19="Pausado","",IF($T19>0,"Ruptura projetada de "&TEXT($T19,"0")&" un.",IF($U19>0,"Reduzir entrada ou transferir "&TEXT($U19,"0")&" un.",IF($M19>INDEX('Cenários'!$K$6:$K$105,INT((ROW()-6)/12)+1),"Capacidade abaixo do saldo-alvo em "&TEXT($M19-INDEX('Cenários'!$K$6:$K$105,INT((ROW()-6)/12)+1),"0")&" un.",IF(AND($O19>0,$E19-INDEX('Cenários'!$J$6:$J$105,INT((ROW()-6)/12)+1)<-4),"Recebimento depende de pedido anterior ao horizonte",IF($R19>0,"Desmobilizar "&TEXT($R19,"0")&" un. nesta semana",IF($P19>0,"Emitir pedido de "&TEXT($P19,"0")&" un. nesta semana",IF($O19>0,"Programar recebimento de "&TEXT($O19,"0")&" un.","Sem ação imediata"))))))))) | X19: =IF($A19="","",INDEX('Cenários'!$M$6:$M$105,INT((ROW()-6)/12)+1)) | Y19: =IF($A19="","",INDEX('Cenários'!$Z$6:$Z$105,INT((ROW()-6)/12)+1))
A20: =IF(INDEX('Cenários'!$A$6:$A$105,INT((ROW()-6)/12)+1)="","",INDEX('Cenários'!$A$6:$A$105,INT((ROW()-6)/12)+1)) | B20: =IF($A20="","",INDEX('Cenários'!$B$6:$B$105,INT((ROW()-6)/12)+1)) | C20: =IF($A20="","",INDEX('Cenários'!$C$6:$C$105,INT((ROW()-6)/12)+1)) | D20: =IF($A20="","",INDEX('Cenários'!$D$6:$D$105,INT((ROW()-6)/12)+1)) | E20: =IF($A20="","",MOD(ROW()-6,12)-4) | F20: =IF($A20="","",IF($E20<0,"Antes do pico",IF($E20=0,"Semana de pico","Depois do pico"))) | G20: =IF($A20="","",IFERROR(IF(INDEX('Cenários'!$E$6:$E$105,INT((ROW()-6)/12)+1)="","",INDEX('Cenários'!$E$6:$E$105,INT((ROW()-6)/12)+1)+7*$E20),"")) | H20: =IF($A20="","",INDEX('Cenários'!$N$6:$Y$105,INT((ROW()-6)/12)+1,$E20+5)) | I20: =IF(OR($A20="",$H20=""),"",IFERROR(ROUNDUP(INDEX('Cenários'!$F$6:$F$105,INT((ROW()-6)/12)+1)*$H20,0),"")) | K20: =IF($A20="","",IF($E20=-4,INDEX('Cenários'!$G$6:$G$105,INT((ROW()-6)/12)+1),$S19)) | L20: =IF($A20="","",$K20+IF($J20="",0,$J20)-IF($I20="",0,$I20)) | M20: =IF($A20="","",IF($E20<=0,INDEX('Cenários'!$H$6:$H$105,INT((ROW()-6)/12)+1)+SUMIFS($I$6:$I$1205,$A$6:$A$1205,$A20,$E$6:$E$1205,">"&$E20,$E$6:$E$1205,"<="&($E20+INDEX('Cenários'!$J$6:$J$105,INT((ROW()-6)/12)+1))),INDEX('Cenários'!$L$6:$L$105,INT((ROW()-6)/12)+1)+SUMIFS($I$6:$I$1205,$A$6:$A$1205,$A20,$E$6:$E$1205,">"&$E20,$E$6:$E$1205,"<=7"))) | N20: =IF($A20="","",MIN(INDEX('Cenários'!$K$6:$K$105,INT((ROW()-6)/12)+1),MAX(0,$M20))) | O20: =IF($A20="","",IFERROR(IF($L20>=$N20,0,MIN(CEILING(MAX(0,$N20-$L20),INDEX('Cenários'!$I$6:$I$105,INT((ROW()-6)/12)+1)),FLOOR(MAX(0,INDEX('Cenários'!$K$6:$K$105,INT((ROW()-6)/12)+1)-$L20),INDEX('Cenários'!$I$6:$I$105,INT((ROW()-6)/12)+1)))),0)) | P20: =IF($A20="","",IFERROR(IF($E20+INDEX('Cenários'!$J$6:$J$105,INT((ROW()-6)/12)+1)>7,0,SUMIFS($O$6:$O$1205,$A$6:$A$1205,$A20,$E$6:$E$1205,$E20+INDEX('Cenários'!$J$6:$J$105,INT((ROW()-6)/12)+1))),0)) | Q20: =IF($A20="","",$L20+$O20) | R20: =IF($A20="","",IF($E20>0,MAX(0,$Q20-$N20),0)) | S20: =IF($A20="","",$Q20-$R20) | T20: =IF($A20="","",MAX(0,-$S20)) | U20: =IF($A20="","",MAX(0,$Q20-INDEX('Cenários'!$K$6:$K$105,INT((ROW()-6)/12)+1))) | V20: =IF($A20="","",IF($Y20<>"OK","Dados inválidos",IF($X20="Pausado","Pausado",IF($T20>0,"Ruptura",IF($U20>0,"Excesso de capacidade",IF($M20>INDEX('Cenários'!$K$6:$K$105,INT((ROW()-6)/12)+1),"Capacidade insuficiente",IF(AND($E20<=0,$S20<INDEX('Cenários'!$H$6:$H$105,INT((ROW()-6)/12)+1)),"Atenção",IF($R20>0,"Desmobilizar","Adequado")))))))) | W20: =IF($A20="","",IF($Y20<>"OK","Corrigir cadastro do cenário",IF($X20="Pausado","",IF($T20>0,"Ruptura projetada de "&TEXT($T20,"0")&" un.",IF($U20>0,"Reduzir entrada ou transferir "&TEXT($U20,"0")&" un.",IF($M20>INDEX('Cenários'!$K$6:$K$105,INT((ROW()-6)/12)+1),"Capacidade abaixo do saldo-alvo em "&TEXT($M20-INDEX('Cenários'!$K$6:$K$105,INT((ROW()-6)/12)+1),"0")&" un.",IF(AND($O20>0,$E20-INDEX('Cenários'!$J$6:$J$105,INT((ROW()-6)/12)+1)<-4),"Recebimento depende de pedido anterior ao horizonte",IF($R20>0,"Desmobilizar "&TEXT($R20,"0")&" un. nesta semana",IF($P20>0,"Emitir pedido de "&TEXT($P20,"0")&" un. nesta semana",IF($O20>0,"Programar recebimento de "&TEXT($O20,"0")&" un.","Sem ação imediata"))))))))) | X20: =IF($A20="","",INDEX('Cenários'!$M$6:$M$105,INT((ROW()-6)/12)+1)) | Y20: =IF($A20="","",INDEX('Cenários'!$Z$6:$Z$105,INT((ROW()-6)/12)+1))
A21: =IF(INDEX('Cenários'!$A$6:$A$105,INT((ROW()-6)/12)+1)="","",INDEX('Cenários'!$A$6:$A$105,INT((ROW()-6)/12)+1)) | B21: =IF($A21="","",INDEX('Cenários'!$B$6:$B$105,INT((ROW()-6)/12)+1)) | C21: =IF($A21="","",INDEX('Cenários'!$C$6:$C$105,INT((ROW()-6)/12)+1)) | D21: =IF($A21="","",INDEX('Cenários'!$D$6:$D$105,INT((ROW()-6)/12)+1)) | E21: =IF($A21="","",MOD(ROW()-6,12)-4) | F21: =IF($A21="","",IF($E21<0,"Antes do pico",IF($E21=0,"Semana de pico","Depois do pico"))) | G21: =IF($A21="","",IFERROR(IF(INDEX('Cenários'!$E$6:$E$105,INT((ROW()-6)/12)+1)="","",INDEX('Cenários'!$E$6:$E$105,INT((ROW()-6)/12)+1)+7*$E21),"")) | H21: =IF($A21="","",INDEX('Cenários'!$N$6:$Y$105,INT((ROW()-6)/12)+1,$E21+5)) | I21: =IF(OR($A21="",$H21=""),"",IFERROR(ROUNDUP(INDEX('Cenários'!$F$6:$F$105,INT((ROW()-6)/12)+1)*$H21,0),"")) | J21: 100 | K21: =IF($A21="","",IF($E21=-4,INDEX('Cenários'!$G$6:$G$105,INT((ROW()-6)/12)+1),$S20)) | L21: =IF($A21="","",$K21+IF($J21="",0,$J21)-IF($I21="",0,$I21)) | M21: =IF($A21="","",IF($E21<=0,INDEX('Cenários'!$H$6:$H$105,INT((ROW()-6)/12)+1)+SUMIFS($I$6:$I$1205,$A$6:$A$1205,$A21,$E$6:$E$1205,">"&$E21,$E$6:$E$1205,"<="&($E21+INDEX('Cenários'!$J$6:$J$105,INT((ROW()-6)/12)+1))),INDEX('Cenários'!$L$6:$L$105,INT((ROW()-6)/12)+1)+SUMIFS($I$6:$I$1205,$A$6:$A$1205,$A21,$E$6:$E$1205,">"&$E21,$E$6:$E$1205,"<=7"))) | N21: =IF($A21="","",MIN(INDEX('Cenários'!$K$6:$K$105,INT((ROW()-6)/12)+1),MAX(0,$M21))) | O21: =IF($A21="","",IFERROR(IF($L21>=$N21,0,MIN(CEILING(MAX(0,$N21-$L21),INDEX('Cenários'!$I$6:$I$105,INT((ROW()-6)/12)+1)),FLOOR(MAX(0,INDEX('Cenários'!$K$6:$K$105,INT((ROW()-6)/12)+1)-$L21),INDEX('Cenários'!$I$6:$I$105,INT((ROW()-6)/12)+1)))),0)) | P21: =IF($A21="","",IFERROR(IF($E21+INDEX('Cenários'!$J$6:$J$105,INT((ROW()-6)/12)+1)>7,0,SUMIFS($O$6:$O$1205,$A$6:$A$1205,$A21,$E$6:$E$1205,$E21+INDEX('Cenários'!$J$6:$J$105,INT((ROW()-6)/12)+1))),0)) | Q21: =IF($A21="","",$L21+$O21) | R21: =IF($A21="","",IF($E21>0,MAX(0,$Q21-$N21),0)) | S21: =IF($A21="","",$Q21-$R21) | T21: =IF($A21="","",MAX(0,-$S21)) | U21: =IF($A21="","",MAX(0,$Q21-INDEX('Cenários'!$K$6:$K$105,INT((ROW()-6)/12)+1))) | V21: =IF($A21="","",IF($Y21<>"OK","Dados inválidos",IF($X21="Pausado","Pausado",IF($T21>0,"Ruptura",IF($U21>0,"Excesso de capacidade",IF($M21>INDEX('Cenários'!$K$6:$K$105,INT((ROW()-6)/12)+1),"Capacidade insuficiente",IF(AND($E21<=0,$S21<INDEX('Cenários'!$H$6:$H$105,INT((ROW()-6)/12)+1)),"Atenção",IF($R21>0,"Desmobilizar","Adequado")))))))) | W21: =IF($A21="","",IF($Y21<>"OK","Corrigir cadastro do cenário",IF($X21="Pausado","",IF($T21>0,"Ruptura projetada de "&TEXT($T21,"0")&" un.",IF($U21>0,"Reduzir entrada ou transferir "&TEXT($U21,"0")&" un.",IF($M21>INDEX('Cenários'!$K$6:$K$105,INT((ROW()-6)/12)+1),"Capacidade abaixo do saldo-alvo em "&TEXT($M21-INDEX('Cenários'!$K$6:$K$105,INT((ROW()-6)/12)+1),"0")&" un.",IF(AND($O21>0,$E21-INDEX('Cenários'!$J$6:$J$105,INT((ROW()-6)/12)+1)<-4),"Recebimento depende de pedido anterior ao horizonte",IF($R21>0,"Desmobilizar "&TEXT($R21,"0")&" un. nesta semana",IF($P21>0,"Emitir pedido de "&TEXT($P21,"0")&" un. nesta semana",IF($O21>0,"Programar recebimento de "&TEXT($O21,"0")&" un.","Sem ação imediata"))))))))) | X21: =IF($A21="","",INDEX('Cenários'!$M$6:$M$105,INT((ROW()-6)/12)+1)) | Y21: =IF($A21="","",INDEX('Cenários'!$Z$6:$Z$105,INT((ROW()-6)/12)+1))
A22: =IF(INDEX('Cenários'!$A$6:$A$105,INT((ROW()-6)/12)+1)="","",INDEX('Cenários'!$A$6:$A$105,INT((ROW()-6)/12)+1)) | B22: =IF($A22="","",INDEX('Cenários'!$B$6:$B$105,INT((ROW()-6)/12)+1)) | C22: =IF($A22="","",INDEX('Cenários'!$C$6:$C$105,INT((ROW()-6)/12)+1)) | D22: =IF($A22="","",INDEX('Cenários'!$D$6:$D$105,INT((ROW()-6)/12)+1)) | E22: =IF($A22="","",MOD(ROW()-6,12)-4) | F22: =IF($A22="","",IF($E22<0,"Antes do pico",IF($E22=0,"Semana de pico","Depois do pico"))) | G22: =IF($A22="","",IFERROR(IF(INDEX('Cenários'!$E$6:$E$105,INT((ROW()-6)/12)+1)="","",INDEX('Cenários'!$E$6:$E$105,INT((ROW()-6)/12)+1)+7*$E22),"")) | H22: =IF($A22="","",INDEX('Cenários'!$N$6:$Y$105,INT((ROW()-6)/12)+1,$E22+5)) | I22: =IF(OR($A22="",$H22=""),"",IFERROR(ROUNDUP(INDEX('Cenários'!$F$6:$F$105,INT((ROW()-6)/12)+1)*$H22,0),"")) | K22: =IF($A22="","",IF($E22=-4,INDEX('Cenários'!$G$6:$G$105,INT((ROW()-6)/12)+1),$S21)) | L22: =IF($A22="","",$K22+IF($J22="",0,$J22)-IF($I22="",0,$I22)) | M22: =IF($A22="","",IF($E22<=0,INDEX('Cenários'!$H$6:$H$105,INT((ROW()-6)/12)+1)+SUMIFS($I$6:$I$1205,$A$6:$A$1205,$A22,$E$6:$E$1205,">"&$E22,$E$6:$E$1205,"<="&($E22+INDEX('Cenários'!$J$6:$J$105,INT((ROW()-6)/12)+1))),INDEX('Cenários'!$L$6:$L$105,INT((ROW()-6)/12)+1)+SUMIFS($I$6:$I$1205,$A$6:$A$1205,$A22,$E$6:$E$1205,">"&$E22,$E$6:$E$1205,"<=7"))) | N22: =IF($A22="","",MIN(INDEX('Cenários'!$K$6:$K$105,INT((ROW()-6)/12)+1),MAX(0,$M22))) | O22: =IF($A22="","",IFERROR(IF($L22>=$N22,0,MIN(CEILING(MAX(0,$N22-$L22),INDEX('Cenários'!$I$6:$I$105,INT((ROW()-6)/12)+1)),FLOOR(MAX(0,INDEX('Cenários'!$K$6:$K$105,INT((ROW()-6)/12)+1)-$L22),INDEX('Cenários'!$I$6:$I$105,INT((ROW()-6)/12)+1)))),0)) | P22: =IF($A22="","",IFERROR(IF($E22+INDEX('Cenários'!$J$6:$J$105,INT((ROW()-6)/12)+1)>7,0,SUMIFS($O$6:$O$1205,$A$6:$A$1205,$A22,$E$6:$E$1205,$E22+INDEX('Cenários'!$J$6:$J$105,INT((ROW()-6)/12)+1))),0)) | Q22: =IF($A22="","",$L22+$O22) | R22: =IF($A22="","",IF($E22>0,MAX(0,$Q22-$N22),0)) | S22: =IF($A22="","",$Q22-$R22) | T22: =IF($A22="","",MAX(0,-$S22)) | U22: =IF($A22="","",MAX(0,$Q22-INDEX('Cenários'!$K$6:$K$105,INT((ROW()-6)/12)+1))) | V22: =IF($A22="","",IF($Y22<>"OK","Dados inválidos",IF($X22="Pausado","Pausado",IF($T22>0,"Ruptura",IF($U22>0,"Excesso de capacidade",IF($M22>INDEX('Cenários'!$K$6:$K$105,INT((ROW()-6)/12)+1),"Capacidade insuficiente",IF(AND($E22<=0,$S22<INDEX('Cenários'!$H$6:$H$105,INT((ROW()-6)/12)+1)),"Atenção",IF($R22>0,"Desmobilizar","Adequado")))))))) | W22: =IF($A22="","",IF($Y22<>"OK","Corrigir cadastro do cenário",IF($X22="Pausado","",IF($T22>0,"Ruptura projetada de "&TEXT($T22,"0")&" un.",IF($U22>0,"Reduzir entrada ou transferir "&TEXT($U22,"0")&" un.",IF($M22>INDEX('Cenários'!$K$6:$K$105,INT((ROW()-6)/12)+1),"Capacidade abaixo do saldo-alvo em "&TEXT($M22-INDEX('Cenários'!$K$6:$K$105,INT((ROW()-6)/12)+1),"0")&" un.",IF(AND($O22>0,$E22-INDEX('Cenários'!$J$6:$J$105,INT((ROW()-6)/12)+1)<-4),"Recebimento depende de pedido anterior ao horizonte",IF($R22>0,"Desmobilizar "&TEXT($R22,"0")&" un. nesta semana",IF($P22>0,"Emitir pedido de "&TEXT($P22,"0")&" un. nesta semana",IF($O22>0,"Programar recebimento de "&TEXT($O22,"0")&" un.","Sem ação imediata"))))))))) | X22: =IF($A22="","",INDEX('Cenários'!$M$6:$M$105,INT((ROW()-6)/12)+1)) | Y22: =IF($A22="","",INDEX('Cenários'!$Z$6:$Z$105,INT((ROW()-6)/12)+1))
A23: =IF(INDEX('Cenários'!$A$6:$A$105,INT((ROW()-6)/12)+1)="","",INDEX('Cenários'!$A$6:$A$105,INT((ROW()-6)/12)+1)) | B23: =IF($A23="","",INDEX('Cenários'!$B$6:$B$105,INT((ROW()-6)/12)+1)) | C23: =IF($A23="","",INDEX('Cenários'!$C$6:$C$105,INT((ROW()-6)/12)+1)) | D23: =IF($A23="","",INDEX('Cenários'!$D$6:$D$105,INT((ROW()-6)/12)+1)) | E23: =IF($A23="","",MOD(ROW()-6,12)-4) | F23: =IF($A23="","",IF($E23<0,"Antes do pico",IF($E23=0,"Semana de pico","Depois do pico"))) | G23: =IF($A23="","",IFERROR(IF(INDEX('Cenários'!$E$6:$E$105,INT((ROW()-6)/12)+1)="","",INDEX('Cenários'!$E$6:$E$105,INT((ROW()-6)/12)+1)+7*$E23),"")) | H23: =IF($A23="","",INDEX('Cenários'!$N$6:$Y$105,INT((ROW()-6)/12)+1,$E23+5)) | I23: =IF(OR($A23="",$H23=""),"",IFERROR(ROUNDUP(INDEX('Cenários'!$F$6:$F$105,INT((ROW()-6)/12)+1)*$H23,0),"")) | K23: =IF($A23="","",IF($E23=-4,INDEX('Cenários'!$G$6:$G$105,INT((ROW()-6)/12)+1),$S22)) | L23: =IF($A23="","",$K23+IF($J23="",0,$J23)-IF($I23="",0,$I23)) | M23: =IF($A23="","",IF($E23<=0,INDEX('Cenários'!$H$6:$H$105,INT((ROW()-6)/12)+1)+SUMIFS($I$6:$I$1205,$A$6:$A$1205,$A23,$E$6:$E$1205,">"&$E23,$E$6:$E$1205,"<="&($E23+INDEX('Cenários'!$J$6:$J$105,INT((ROW()-6)/12)+1))),INDEX('Cenários'!$L$6:$L$105,INT((ROW()-6)/12)+1)+SUMIFS($I$6:$I$1205,$A$6:$A$1205,$A23,$E$6:$E$1205,">"&$E23,$E$6:$E$1205,"<=7"))) | N23: =IF($A23="","",MIN(INDEX('Cenários'!$K$6:$K$105,INT((ROW()-6)/12)+1),MAX(0,$M23))) | O23: =IF($A23="","",IFERROR(IF($L23>=$N23,0,MIN(CEILING(MAX(0,$N23-$L23),INDEX('Cenários'!$I$6:$I$105,INT((ROW()-6)/12)+1)),FLOOR(MAX(0,INDEX('Cenários'!$K$6:$K$105,INT((ROW()-6)/12)+1)-$L23),INDEX('Cenários'!$I$6:$I$105,INT((ROW()-6)/12)+1)))),0)) | P23: =IF($A23="","",IFERROR(IF($E23+INDEX('Cenários'!$J$6:$J$105,INT((ROW()-6)/12)+1)>7,0,SUMIFS($O$6:$O$1205,$A$6:$A$1205,$A23,$E$6:$E$1205,$E23+INDEX('Cenários'!$J$6:$J$105,INT((ROW()-6)/12)+1))),0)) | Q23: =IF($A23="","",$L23+$O23) | R23: =IF($A23="","",IF($E23>0,MAX(0,$Q23-$N23),0)) | S23: =IF($A23="","",$Q23-$R23) | T23: =IF($A23="","",MAX(0,-$S23)) | U23: =IF($A23="","",MAX(0,$Q23-INDEX('Cenários'!$K$6:$K$105,INT((ROW()-6)/12)+1))) | V23: =IF($A23="","",IF($Y23<>"OK","Dados inválidos",IF($X23="Pausado","Pausado",IF($T23>0,"Ruptura",IF($U23>0,"Excesso de capacidade",IF($M23>INDEX('Cenários'!$K$6:$K$105,INT((ROW()-6)/12)+1),"Capacidade insuficiente",IF(AND($E23<=0,$S23<INDEX('Cenários'!$H$6:$H$105,INT((ROW()-6)/12)+1)),"Atenção",IF($R23>0,"Desmobilizar","Adequado")))))))) | W23: =IF($A23="","",IF($Y23<>"OK","Corrigir cadastro do cenário",IF($X23="Pausado","",IF($T23>0,"Ruptura projetada de "&TEXT($T23,"0")&" un.",IF($U23>0,"Reduzir entrada ou transferir "&TEXT($U23,"0")&" un.",IF($M23>INDEX('Cenários'!$K$6:$K$105,INT((ROW()-6)/12)+1),"Capacidade abaixo do saldo-alvo em "&TEXT($M23-INDEX('Cenários'!$K$6:$K$105,INT((ROW()-6)/12)+1),"0")&" un.",IF(AND($O23>0,$E23-INDEX('Cenários'!$J$6:$J$105,INT((ROW()-6)/12)+1)<-4),"Recebimento depende de pedido anterior ao horizonte",IF($R23>0,"Desmobilizar "&TEXT($R23,"0")&" un. nesta semana",IF($P23>0,"Emitir pedido de "&TEXT($P23,"0")&" un. nesta semana",IF($O23>0,"Programar recebimento de "&TEXT($O23,"0")&" un.","Sem ação imediata"))))))))) | X23: =IF($A23="","",INDEX('Cenários'!$M$6:$M$105,INT((ROW()-6)/12)+1)) | Y23: =IF($A23="","",INDEX('Cenários'!$Z$6:$Z$105,INT((ROW()-6)/12)+1))
A24: =IF(INDEX('Cenários'!$A$6:$A$105,INT((ROW()-6)/12)+1)="","",INDEX('Cenários'!$A$6:$A$105,INT((ROW()-6)/12)+1)) | B24: =IF($A24="","",INDEX('Cenários'!$B$6:$B$105,INT((ROW()-6)/12)+1)) | C24: =IF($A24="","",INDEX('Cenários'!$C$6:$C$105,INT((ROW()-6)/12)+1)) | D24: =IF($A24="","",INDEX('Cenários'!$D$6:$D$105,INT((ROW()-6)/12)+1)) | E24: =IF($A24="","",MOD(ROW()-6,12)-4) | F24: =IF($A24="","",IF($E24<0,"Antes do pico",IF($E24=0,"Semana de pico","Depois do pico"))) | G24: =IF($A24="","",IFERROR(IF(INDEX('Cenários'!$E$6:$E$105,INT((ROW()-6)/12)+1)="","",INDEX('Cenários'!$E$6:$E$105,INT((ROW()-6)/12)+1)+7*$E24),"")) | H24: =IF($A24="","",INDEX('Cenários'!$N$6:$Y$105,INT((ROW()-6)/12)+1,$E24+5)) | I24: =IF(OR($A24="",$H24=""),"",IFERROR(ROUNDUP(INDEX('Cenários'!$F$6:$F$105,INT((ROW()-6)/12)+1)*$H24,0),"")) | K24: =IF($A24="","",IF($E24=-4,INDEX('Cenários'!$G$6:$G$105,INT((ROW()-6)/12)+1),$S23)) | L24: =IF($A24="","",$K24+IF($J24="",0,$J24)-IF($I24="",0,$I24)) | M24: =IF($A24="","",IF($E24<=0,INDEX('Cenários'!$H$6:$H$105,INT((ROW()-6)/12)+1)+SUMIFS($I$6:$I$1205,$A$6:$A$1205,$A24,$E$6:$E$1205,">"&$E24,$E$6:$E$1205,"<="&($E24+INDEX('Cenários'!$J$6:$J$105,INT((ROW()-6)/12)+1))),INDEX('Cenários'!$L$6:$L$105,INT((ROW()-6)/12)+1)+SUMIFS($I$6:$I$1205,$A$6:$A$1205,$A24,$E$6:$E$1205,">"&$E24,$E$6:$E$1205,"<=7"))) | N24: =IF($A24="","",MIN(INDEX('Cenários'!$K$6:$K$105,INT((ROW()-6)/12)+1),MAX(0,$M24))) | O24: =IF($A24="","",IFERROR(IF($L24>=$N24,0,MIN(CEILING(MAX(0,$N24-$L24),INDEX('Cenários'!$I$6:$I$105,INT((ROW()-6)/12)+1)),FLOOR(MAX(0,INDEX('Cenários'!$K$6:$K$105,INT((ROW()-6)/12)+1)-$L24),INDEX('Cenários'!$I$6:$I$105,INT((ROW()-6)/12)+1)))),0)) | P24: =IF($A24="","",IFERROR(IF($E24+INDEX('Cenários'!$J$6:$J$105,INT((ROW()-6)/12)+1)>7,0,SUMIFS($O$6:$O$1205,$A$6:$A$1205,$A24,$E$6:$E$1205,$E24+INDEX('Cenários'!$J$6:$J$105,INT((ROW()-6)/12)+1))),0)) | Q24: =IF($A24="","",$L24+$O24) | R24: =IF($A24="","",IF($E24>0,MAX(0,$Q24-$N24),0)) | S24: =IF($A24="","",$Q24-$R24) | T24: =IF($A24="","",MAX(0,-$S24)) | U24: =IF($A24="","",MAX(0,$Q24-INDEX('Cenários'!$K$6:$K$105,INT((ROW()-6)/12)+1))) | V24: =IF($A24="","",IF($Y24<>"OK","Dados inválidos",IF($X24="Pausado","Pausado",IF($T24>0,"Ruptura",IF($U24>0,"Excesso de capacidade",IF($M24>INDEX('Cenários'!$K$6:$K$105,INT((ROW()-6)/12)+1),"Capacidade insuficiente",IF(AND($E24<=0,$S24<INDEX('Cenários'!$H$6:$H$105,INT((ROW()-6)/12)+1)),"Atenção",IF($R24>0,"Desmobilizar","Adequado")))))))) | W24: =IF($A24="","",IF($Y24<>"OK","Corrigir cadastro do cenário",IF($X24="Pausado","",IF($T24>0,"Ruptura projetada de "&TEXT($T24,"0")&" un.",IF($U24>0,"Reduzir entrada ou transferir "&TEXT($U24,"0")&" un.",IF($M24>INDEX('Cenários'!$K$6:$K$105,INT((ROW()-6)/12)+1),"Capacidade abaixo do saldo-alvo em "&TEXT($M24-INDEX('Cenários'!$K$6:$K$105,INT((ROW()-6)/12)+1),"0")&" un.",IF(AND($O24>0,$E24-INDEX('Cenários'!$J$6:$J$105,INT((ROW()-6)/12)+1)<-4),"Recebimento depende de pedido anterior ao horizonte",IF($R24>0,"Desmobilizar "&TEXT($R24,"0")&" un. nesta semana",IF($P24>0,"Emitir pedido de "&TEXT($P24,"0")&" un. nesta semana",IF($O24>0,"Programar recebimento de "&TEXT($O24,"0")&" un.","Sem ação imediata"))))))))) | X24: =IF($A24="","",INDEX('Cenários'!$M$6:$M$105,INT((ROW()-6)/12)+1)) | Y24: =IF($A24="","",INDEX('Cenários'!$Z$6:$Z$105,INT((ROW()-6)/12)+1))
A25: =IF(INDEX('Cenários'!$A$6:$A$105,INT((ROW()-6)/12)+1)="","",INDEX('Cenários'!$A$6:$A$105,INT((ROW()-6)/12)+1)) | B25: =IF($A25="","",INDEX('Cenários'!$B$6:$B$105,INT((ROW()-6)/12)+1)) | C25: =IF($A25="","",INDEX('Cenários'!$C$6:$C$105,INT((ROW()-6)/12)+1)) | D25: =IF($A25="","",INDEX('Cenários'!$D$6:$D$105,INT((ROW()-6)/12)+1)) | E25: =IF($A25="","",MOD(ROW()-6,12)-4) | F25: =IF($A25="","",IF($E25<0,"Antes do pico",IF($E25=0,"Semana de pico","Depois do pico"))) | G25: =IF($A25="","",IFERROR(IF(INDEX('Cenários'!$E$6:$E$105,INT((ROW()-6)/12)+1)="","",INDEX('Cenários'!$E$6:$E$105,INT((ROW()-6)/12)+1)+7*$E25),"")) | H25: =IF($A25="","",INDEX('Cenários'!$N$6:$Y$105,INT((ROW()-6)/12)+1,$E25+5)) | I25: =IF(OR($A25="",$H25=""),"",IFERROR(ROUNDUP(INDEX('Cenários'!$F$6:$F$105,INT((ROW()-6)/12)+1)*$H25,0),"")) | K25: =IF($A25="","",IF($E25=-4,INDEX('Cenários'!$G$6:$G$105,INT((ROW()-6)/12)+1),$S24)) | L25: =IF($A25="","",$K25+IF($J25="",0,$J25)-IF($I25="",0,$I25)) | M25: =IF($A25="","",IF($E25<=0,INDEX('Cenários'!$H$6:$H$105,INT((ROW()-6)/12)+1)+SUMIFS($I$6:$I$1205,$A$6:$A$1205,$A25,$E$6:$E$1205,">"&$E25,$E$6:$E$1205,"<="&($E25+INDEX('Cenários'!$J$6:$J$105,INT((ROW()-6)/12)+1))),INDEX('Cenários'!$L$6:$L$105,INT((ROW()-6)/12)+1)+SUMIFS($I$6:$I$1205,$A$6:$A$1205,$A25,$E$6:$E$1205,">"&$E25,$E$6:$E$1205,"<=7"))) | N25: =IF($A25="","",MIN(INDEX('Cenários'!$K$6:$K$105,INT((ROW()-6)/12)+1),MAX(0,$M25))) | O25: =IF($A25="","",IFERROR(IF($L25>=$N25,0,MIN(CEILING(MAX(0,$N25-$L25),INDEX('Cenários'!$I$6:$I$105,INT((ROW()-6)/12)+1)),FLOOR(MAX(0,INDEX('Cenários'!$K$6:$K$105,INT((ROW()-6)/12)+1)-$L25),INDEX('Cenários'!$I$6:$I$105,INT((ROW()-6)/12)+1)))),0)) | P25: =IF($A25="","",IFERROR(IF($E25+INDEX('Cenários'!$J$6:$J$105,INT((ROW()-6)/12)+1)>7,0,SUMIFS($O$6:$O$1205,$A$6:$A$1205,$A25,$E$6:$E$1205,$E25+INDEX('Cenários'!$J$6:$J$105,INT((ROW()-6)/12)+1))),0)) | Q25: =IF($A25="","",$L25+$O25) | R25: =IF($A25="","",IF($E25>0,MAX(0,$Q25-$N25),0)) | S25: =IF($A25="","",$Q25-$R25) | T25: =IF($A25="","",MAX(0,-$S25)) | U25: =IF($A25="","",MAX(0,$Q25-INDEX('Cenários'!$K$6:$K$105,INT((ROW()-6)/12)+1))) | V25: =IF($A25="","",IF($Y25<>"OK","Dados inválidos",IF($X25="Pausado","Pausado",IF($T25>0,"Ruptura",IF($U25>0,"Excesso de capacidade",IF($M25>INDEX('Cenários'!$K$6:$K$105,INT((ROW()-6)/12)+1),"Capacidade insuficiente",IF(AND($E25<=0,$S25<INDEX('Cenários'!$H$6:$H$105,INT((ROW()-6)/12)+1)),"Atenção",IF($R25>0,"Desmobilizar","Adequado")))))))) | W25: =IF($A25="","",IF($Y25<>"OK","Corrigir cadastro do cenário",IF($X25="Pausado","",IF($T25>0,"Ruptura projetada de "&TEXT($T25,"0")&" un.",IF($U25>0,"Reduzir entrada ou transferir "&TEXT($U25,"0")&" un.",IF($M25>INDEX('Cenários'!$K$6:$K$105,INT((ROW()-6)/12)+1),"Capacidade abaixo do saldo-alvo em "&TEXT($M25-INDEX('Cenários'!$K$6:$K$105,INT((ROW()-6)/12)+1),"0")&" un.",IF(AND($O25>0,$E25-INDEX('Cenários'!$J$6:$J$105,INT((ROW()-6)/12)+1)<-4),"Recebimento depende de pedido anterior ao horizonte",IF($R25>0,"Desmobilizar "&TEXT($R25,"0")&" un. nesta semana",IF($P25>0,"Emitir pedido de "&TEXT($P25,"0")&" un. nesta semana",IF($O25>0,"Programar recebimento de "&TEXT($O25,"0")&" un.","Sem ação imediata"))))))))) | X25: =IF($A25="","",INDEX('Cenários'!$M$6:$M$105,INT((ROW()-6)/12)+1)) | Y25: =IF($A25="","",INDEX('Cenários'!$Z$6:$Z$105,INT((ROW()-6)/12)+1))
A26: =IF(INDEX('Cenários'!$A$6:$A$105,INT((ROW()-6)/12)+1)="","",INDEX('Cenários'!$A$6:$A$105,INT((ROW()-6)/12)+1)) | B26: =IF($A26="","",INDEX('Cenários'!$B$6:$B$105,INT((ROW()-6)/12)+1)) | C26: =IF($A26="","",INDEX('Cenários'!$C$6:$C$105,INT((ROW()-6)/12)+1)) | D26: =IF($A26="","",INDEX('Cenários'!$D$6:$D$105,INT((ROW()-6)/12)+1)) | E26: =IF($A26="","",MOD(ROW()-6,12)-4) | F26: =IF($A26="","",IF($E26<0,"Antes do pico",IF($E26=0,"Semana de pico","Depois do pico"))) | G26: =IF($A26="","",IFERROR(IF(INDEX('Cenários'!$E$6:$E$105,INT((ROW()-6)/12)+1)="","",INDEX('Cenários'!$E$6:$E$105,INT((ROW()-6)/12)+1)+7*$E26),"")) | H26: =IF($A26="","",INDEX('Cenários'!$N$6:$Y$105,INT((ROW()-6)/12)+1,$E26+5)) | I26: =IF(OR($A26="",$H26=""),"",IFERROR(ROUNDUP(INDEX('Cenários'!$F$6:$F$105,INT((ROW()-6)/12)+1)*$H26,0),"")) | K26: =IF($A26="","",IF($E26=-4,INDEX('Cenários'!$G$6:$G$105,INT((ROW()-6)/12)+1),$S25)) | L26: =IF($A26="","",$K26+IF($J26="",0,$J26)-IF($I26="",0,$I26)) | M26: =IF($A26="","",IF($E26<=0,INDEX('Cenários'!$H$6:$H$105,INT((ROW()-6)/12)+1)+SUMIFS($I$6:$I$1205,$A$6:$A$1205,$A26,$E$6:$E$1205,">"&$E26,$E$6:$E$1205,"<="&($E26+INDEX('Cenários'!$J$6:$J$105,INT((ROW()-6)/12)+1))),INDEX('Cenários'!$L$6:$L$105,INT((ROW()-6)/12)+1)+SUMIFS($I$6:$I$1205,$A$6:$A$1205,$A26,$E$6:$E$1205,">"&$E26,$E$6:$E$1205,"<=7"))) | N26: =IF($A26="","",MIN(INDEX('Cenários'!$K$6:$K$105,INT((ROW()-6)/12)+1),MAX(0,$M26))) | O26: =IF($A26="","",IFERROR(IF($L26>=$N26,0,MIN(CEILING(MAX(0,$N26-$L26),INDEX('Cenários'!$I$6:$I$105,INT((ROW()-6)/12)+1)),FLOOR(MAX(0,INDEX('Cenários'!$K$6:$K$105,INT((ROW()-6)/12)+1)-$L26),INDEX('Cenários'!$I$6:$I$105,INT((ROW()-6)/12)+1)))),0)) | P26: =IF($A26="","",IFERROR(IF($E26+INDEX('Cenários'!$J$6:$J$105,INT((ROW()-6)/12)+1)>7,0,SUMIFS($O$6:$O$1205,$A$6:$A$1205,$A26,$E$6:$E$1205,$E26+INDEX('Cenários'!$J$6:$J$105,INT((ROW()-6)/12)+1))),0)) | Q26: =IF($A26="","",$L26+$O26) | R26: =IF($A26="","",IF($E26>0,MAX(0,$Q26-$N26),0)) | S26: =IF($A26="","",$Q26-$R26) | T26: =IF($A26="","",MAX(0,-$S26)) | U26: =IF($A26="","",MAX(0,$Q26-INDEX('Cenários'!$K$6:$K$105,INT((ROW()-6)/12)+1))) | V26: =IF($A26="","",IF($Y26<>"OK","Dados inválidos",IF($X26="Pausado","Pausado",IF($T26>0,"Ruptura",IF($U26>0,"Excesso de capacidade",IF($M26>INDEX('Cenários'!$K$6:$K$105,INT((ROW()-6)/12)+1),"Capacidade insuficiente",IF(AND($E26<=0,$S26<INDEX('Cenários'!$H$6:$H$105,INT((ROW()-6)/12)+1)),"Atenção",IF($R26>0,"Desmobilizar","Adequado")))))))) | W26: =IF($A26="","",IF($Y26<>"OK","Corrigir cadastro do cenário",IF($X26="Pausado","",IF($T26>0,"Ruptura projetada de "&TEXT($T26,"0")&" un.",IF($U26>0,"Reduzir entrada ou transferir "&TEXT($U26,"0")&" un.",IF($M26>INDEX('Cenários'!$K$6:$K$105,INT((ROW()-6)/12)+1),"Capacidade abaixo do saldo-alvo em "&TEXT($M26-INDEX('Cenários'!$K$6:$K$105,INT((ROW()-6)/12)+1),"0")&" un.",IF(AND($O26>0,$E26-INDEX('Cenários'!$J$6:$J$105,INT((ROW()-6)/12)+1)<-4),"Recebimento depende de pedido anterior ao horizonte",IF($R26>0,"Desmobilizar "&TEXT($R26,"0")&" un. nesta semana",IF($P26>0,"Emitir pedido de "&TEXT($P26,"0")&" un. nesta semana",IF($O26>0,"Programar recebimento de "&TEXT($O26,"0")&" un.","Sem ação imediata"))))))))) | X26: =IF($A26="","",INDEX('Cenários'!$M$6:$M$105,INT((ROW()-6)/12)+1)) | Y26: =IF($A26="","",INDEX('Cenários'!$Z$6:$Z$105,INT((ROW()-6)/12)+1))
A27: =IF(INDEX('Cenários'!$A$6:$A$105,INT((ROW()-6)/12)+1)="","",INDEX('Cenários'!$A$6:$A$105,INT((ROW()-6)/12)+1)) | B27: =IF($A27="","",INDEX('Cenários'!$B$6:$B$105,INT((ROW()-6)/12)+1)) | C27: =IF($A27="","",INDEX('Cenários'!$C$6:$C$105,INT((ROW()-6)/12)+1)) | D27: =IF($A27="","",INDEX('Cenários'!$D$6:$D$105,INT((ROW()-6)/12)+1)) | E27: =IF($A27="","",MOD(ROW()-6,12)-4) | F27: =IF($A27="","",IF($E27<0,"Antes do pico",IF($E27=0,"Semana de pico","Depois do pico"))) | G27: =IF($A27="","",IFERROR(IF(INDEX('Cenários'!$E$6:$E$105,INT((ROW()-6)/12)+1)="","",INDEX('Cenários'!$E$6:$E$105,INT((ROW()-6)/12)+1)+7*$E27),"")) | H27: =IF($A27="","",INDEX('Cenários'!$N$6:$Y$105,INT((ROW()-6)/12)+1,$E27+5)) | I27: =IF(OR($A27="",$H27=""),"",IFERROR(ROUNDUP(INDEX('Cenários'!$F$6:$F$105,INT((ROW()-6)/12)+1)*$H27,0),"")) | K27: =IF($A27="","",IF($E27=-4,INDEX('Cenários'!$G$6:$G$105,INT((ROW()-6)/12)+1),$S26)) | L27: =IF($A27="","",$K27+IF($J27="",0,$J27)-IF($I27="",0,$I27)) | M27: =IF($A27="","",IF($E27<=0,INDEX('Cenários'!$H$6:$H$105,INT((ROW()-6)/12)+1)+SUMIFS($I$6:$I$1205,$A$6:$A$1205,$A27,$E$6:$E$1205,">"&$E27,$E$6:$E$1205,"<="&($E27+INDEX('Cenários'!$J$6:$J$105,INT((ROW()-6)/12)+1))),INDEX('Cenários'!$L$6:$L$105,INT((ROW()-6)/12)+1)+SUMIFS($I$6:$I$1205,$A$6:$A$1205,$A27,$E$6:$E$1205,">"&$E27,$E$6:$E$1205,"<=7"))) | N27: =IF($A27="","",MIN(INDEX('Cenários'!$K$6:$K$105,INT((ROW()-6)/12)+1),MAX(0,$M27))) | O27: =IF($A27="","",IFERROR(IF($L27>=$N27,0,MIN(CEILING(MAX(0,$N27-$L27),INDEX('Cenários'!$I$6:$I$105,INT((ROW()-6)/12)+1)),FLOOR(MAX(0,INDEX('Cenários'!$K$6:$K$105,INT((ROW()-6)/12)+1)-$L27),INDEX('Cenários'!$I$6:$I$105,INT((ROW()-6)/12)+1)))),0)) | P27: =IF($A27="","",IFERROR(IF($E27+INDEX('Cenários'!$J$6:$J$105,INT((ROW()-6)/12)+1)>7,0,SUMIFS($O$6:$O$1205,$A$6:$A$1205,$A27,$E$6:$E$1205,$E27+INDEX('Cenários'!$J$6:$J$105,INT((ROW()-6)/12)+1))),0)) | Q27: =IF($A27="","",$L27+$O27) | R27: =IF($A27="","",IF($E27>0,MAX(0,$Q27-$N27),0)) | S27: =IF($A27="","",$Q27-$R27) | T27: =IF($A27="","",MAX(0,-$S27)) | U27: =IF($A27="","",MAX(0,$Q27-INDEX('Cenários'!$K$6:$K$105,INT((ROW()-6)/12)+1))) | V27: =IF($A27="","",IF($Y27<>"OK","Dados inválidos",IF($X27="Pausado","Pausado",IF($T27>0,"Ruptura",IF($U27>0,"Excesso de capacidade",IF($M27>INDEX('Cenários'!$K$6:$K$105,INT((ROW()-6)/12)+1),"Capacidade insuficiente",IF(AND($E27<=0,$S27<INDEX('Cenários'!$H$6:$H$105,INT((ROW()-6)/12)+1)),"Atenção",IF($R27>0,"Desmobilizar","Adequado")))))))) | W27: =IF($A27="","",IF($Y27<>"OK","Corrigir cadastro do cenário",IF($X27="Pausado","",IF($T27>0,"Ruptura projetada de "&TEXT($T27,"0")&" un.",IF($U27>0,"Reduzir entrada ou transferir "&TEXT($U27,"0")&" un.",IF($M27>INDEX('Cenários'!$K$6:$K$105,INT((ROW()-6)/12)+1),"Capacidade abaixo do saldo-alvo em "&TEXT($M27-INDEX('Cenários'!$K$6:$K$105,INT((ROW()-6)/12)+1),"0")&" un.",IF(AND($O27>0,$E27-INDEX('Cenários'!$J$6:$J$105,INT((ROW()-6)/12)+1)<-4),"Recebimento depende de pedido anterior ao horizonte",IF($R27>0,"Desmobilizar "&TEXT($R27,"0")&" un. nesta semana",IF($P27>0,"Emitir pedido de "&TEXT($P27,"0")&" un. nesta semana",IF($O27>0,"Programar recebimento de "&TEXT($O27,"0")&" un.","Sem ação imediata"))))))))) | X27: =IF($A27="","",INDEX('Cenários'!$M$6:$M$105,INT((ROW()-6)/12)+1)) | Y27: =IF($A27="","",INDEX('Cenários'!$Z$6:$Z$105,INT((ROW()-6)/12)+1))
A28: =IF(INDEX('Cenários'!$A$6:$A$105,INT((ROW()-6)/12)+1)="","",INDEX('Cenários'!$A$6:$A$105,INT((ROW()-6)/12)+1)) | B28: =IF($A28="","",INDEX('Cenários'!$B$6:$B$105,INT((ROW()-6)/12)+1)) | C28: =IF($A28="","",INDEX('Cenários'!$C$6:$C$105,INT((ROW()-6)/12)+1)) | D28: =IF($A28="","",INDEX('Cenários'!$D$6:$D$105,INT((ROW()-6)/12)+1)) | E28: =IF($A28="","",MOD(ROW()-6,12)-4) | F28: =IF($A28="","",IF($E28<0,"Antes do pico",IF($E28=0,"Semana de pico","Depois do pico"))) | G28: =IF($A28="","",IFERROR(IF(INDEX('Cenários'!$E$6:$E$105,INT((ROW()-6)/12)+1)="","",INDEX('Cenários'!$E$6:$E$105,INT((ROW()-6)/12)+1)+7*$E28),"")) | H28: =IF($A28="","",INDEX('Cenários'!$N$6:$Y$105,INT((ROW()-6)/12)+1,$E28+5)) | I28: =IF(OR($A28="",$H28=""),"",IFERROR(ROUNDUP(INDEX('Cenários'!$F$6:$F$105,INT((ROW()-6)/12)+1)*$H28,0),"")) | K28: =IF($A28="","",IF($E28=-4,INDEX('Cenários'!$G$6:$G$105,INT((ROW()-6)/12)+1),$S27)) | L28: =IF($A28="","",$K28+IF($J28="",0,$J28)-IF($I28="",0,$I28)) | M28: =IF($A28="","",IF($E28<=0,INDEX('Cenários'!$H$6:$H$105,INT((ROW()-6)/12)+1)+SUMIFS($I$6:$I$1205,$A$6:$A$1205,$A28,$E$6:$E$1205,">"&$E28,$E$6:$E$1205,"<="&($E28+INDEX('Cenários'!$J$6:$J$105,INT((ROW()-6)/12)+1))),INDEX('Cenários'!$L$6:$L$105,INT((ROW()-6)/12)+1)+SUMIFS($I$6:$I$1205,$A$6:$A$1205,$A28,$E$6:$E$1205,">"&$E28,$E$6:$E$1205,"<=7"))) | N28: =IF($A28="","",MIN(INDEX('Cenários'!$K$6:$K$105,INT((ROW()-6)/12)+1),MAX(0,$M28))) | O28: =IF($A28="","",IFERROR(IF($L28>=$N28,0,MIN(CEILING(MAX(0,$N28-$L28),INDEX('Cenários'!$I$6:$I$105,INT((ROW()-6)/12)+1)),FLOOR(MAX(0,INDEX('Cenários'!$K$6:$K$105,INT((ROW()-6)/12)+1)-$L28),INDEX('Cenários'!$I$6:$I$105,INT((ROW()-6)/12)+1)))),0)) | P28: =IF($A28="","",IFERROR(IF($E28+INDEX('Cenários'!$J$6:$J$105,INT((ROW()-6)/12)+1)>7,0,SUMIFS($O$6:$O$1205,$A$6:$A$1205,$A28,$E$6:$E$1205,$E28+INDEX('Cenários'!$J$6:$J$105,INT((ROW()-6)/12)+1))),0)) | Q28: =IF($A28="","",$L28+$O28) | R28: =IF($A28="","",IF($E28>0,MAX(0,$Q28-$N28),0)) | S28: =IF($A28="","",$Q28-$R28) | T28: =IF($A28="","",MAX(0,-$S28)) | U28: =IF($A28="","",MAX(0,$Q28-INDEX('Cenários'!$K$6:$K$105,INT((ROW()-6)/12)+1))) | V28: =IF($A28="","",IF($Y28<>"OK","Dados inválidos",IF($X28="Pausado","Pausado",IF($T28>0,"Ruptura",IF($U28>0,"Excesso de capacidade",IF($M28>INDEX('Cenários'!$K$6:$K$105,INT((ROW()-6)/12)+1),"Capacidade insuficiente",IF(AND($E28<=0,$S28<INDEX('Cenários'!$H$6:$H$105,INT((ROW()-6)/12)+1)),"Atenção",IF($R28>0,"Desmobilizar","Adequado")))))))) | W28: =IF($A28="","",IF($Y28<>"OK","Corrigir cadastro do cenário",IF($X28="Pausado","",IF($T28>0,"Ruptura projetada de "&TEXT($T28,"0")&" un.",IF($U28>0,"Reduzir entrada ou transferir "&TEXT($U28,"0")&" un.",IF($M28>INDEX('Cenários'!$K$6:$K$105,INT((ROW()-6)/12)+1),"Capacidade abaixo do saldo-alvo em "&TEXT($M28-INDEX('Cenários'!$K$6:$K$105,INT((ROW()-6)/12)+1),"0")&" un.",IF(AND($O28>0,$E28-INDEX('Cenários'!$J$6:$J$105,INT((ROW()-6)/12)+1)<-4),"Recebimento depende de pedido anterior ao horizonte",IF($R28>0,"Desmobilizar "&TEXT($R28,"0")&" un. nesta semana",IF($P28>0,"Emitir pedido de "&TEXT($P28,"0")&" un. nesta semana",IF($O28>0,"Programar recebimento de "&TEXT($O28,"0")&" un.","Sem ação imediata"))))))))) | X28: =IF($A28="","",INDEX('Cenários'!$M$6:$M$105,INT((ROW()-6)/12)+1)) | Y28: =IF($A28="","",INDEX('Cenários'!$Z$6:$Z$105,INT((ROW()-6)/12)+1))
A29: =IF(INDEX('Cenários'!$A$6:$A$105,INT((ROW()-6)/12)+1)="","",INDEX('Cenários'!$A$6:$A$105,INT((ROW()-6)/12)+1)) | B29: =IF($A29="","",INDEX('Cenários'!$B$6:$B$105,INT((ROW()-6)/12)+1)) | C29: =IF($A29="","",INDEX('Cenários'!$C$6:$C$105,INT((ROW()-6)/12)+1)) | D29: =IF($A29="","",INDEX('Cenários'!$D$6:$D$105,INT((ROW()-6)/12)+1)) | E29: =IF($A29="","",MOD(ROW()-6,12)-4) | F29: =IF($A29="","",IF($E29<0,"Antes do pico",IF($E29=0,"Semana de pico","Depois do pico"))) | G29: =IF($A29="","",IFERROR(IF(INDEX('Cenários'!$E$6:$E$105,INT((ROW()-6)/12)+1)="","",INDEX('Cenários'!$E$6:$E$105,INT((ROW()-6)/12)+1)+7*$E29),"")) | H29: =IF($A29="","",INDEX('Cenários'!$N$6:$Y$105,INT((ROW()-6)/12)+1,$E29+5)) | I29: =IF(OR($A29="",$H29=""),"",IFERROR(ROUNDUP(INDEX('Cenários'!$F$6:$F$105,INT((ROW()-6)/12)+1)*$H29,0),"")) | K29: =IF($A29="","",IF($E29=-4,INDEX('Cenários'!$G$6:$G$105,INT((ROW()-6)/12)+1),$S28)) | L29: =IF($A29="","",$K29+IF($J29="",0,$J29)-IF($I29="",0,$I29)) | M29: =IF($A29="","",IF($E29<=0,INDEX('Cenários'!$H$6:$H$105,INT((ROW()-6)/12)+1)+SUMIFS($I$6:$I$1205,$A$6:$A$1205,$A29,$E$6:$E$1205,">"&$E29,$E$6:$E$1205,"<="&($E29+INDEX('Cenários'!$J$6:$J$105,INT((ROW()-6)/12)+1))),INDEX('Cenários'!$L$6:$L$105,INT((ROW()-6)/12)+1)+SUMIFS($I$6:$I$1205,$A$6:$A$1205,$A29,$E$6:$E$1205,">"&$E29,$E$6:$E$1205,"<=7"))) | N29: =IF($A29="","",MIN(INDEX('Cenários'!$K$6:$K$105,INT((ROW()-6)/12)+1),MAX(0,$M29))) | O29: =IF($A29="","",IFERROR(IF($L29>=$N29,0,MIN(CEILING(MAX(0,$N29-$L29),INDEX('Cenários'!$I$6:$I$105,INT((ROW()-6)/12)+1)),FLOOR(MAX(0,INDEX('Cenários'!$K$6:$K$105,INT((ROW()-6)/12)+1)-$L29),INDEX('Cenários'!$I$6:$I$105,INT((ROW()-6)/12)+1)))),0)) | P29: =IF($A29="","",IFERROR(IF($E29+INDEX('Cenários'!$J$6:$J$105,INT((ROW()-6)/12)+1)>7,0,SUMIFS($O$6:$O$1205,$A$6:$A$1205,$A29,$E$6:$E$1205,$E29+INDEX('Cenários'!$J$6:$J$105,INT((ROW()-6)/12)+1))),0)) | Q29: =IF($A29="","",$L29+$O29) | R29: =IF($A29="","",IF($E29>0,MAX(0,$Q29-$N29),0)) | S29: =IF($A29="","",$Q29-$R29) | T29: =IF($A29="","",MAX(0,-$S29)) | U29: =IF($A29="","",MAX(0,$Q29-INDEX('Cenários'!$K$6:$K$105,INT((ROW()-6)/12)+1))) | V29: =IF($A29="","",IF($Y29<>"OK","Dados inválidos",IF($X29="Pausado","Pausado",IF($T29>0,"Ruptura",IF($U29>0,"Excesso de capacidade",IF($M29>INDEX('Cenários'!$K$6:$K$105,INT((ROW()-6)/12)+1),"Capacidade insuficiente",IF(AND($E29<=0,$S29<INDEX('Cenários'!$H$6:$H$105,INT((ROW()-6)/12)+1)),"Atenção",IF($R29>0,"Desmobilizar","Adequado")))))))) | W29: =IF($A29="","",IF($Y29<>"OK","Corrigir cadastro do cenário",IF($X29="Pausado","",IF($T29>0,"Ruptura projetada de "&TEXT($T29,"0")&" un.",IF($U29>0,"Reduzir entrada ou transferir "&TEXT($U29,"0")&" un.",IF($M29>INDEX('Cenários'!$K$6:$K$105,INT((ROW()-6)/12)+1),"Capacidade abaixo do saldo-alvo em "&TEXT($M29-INDEX('Cenários'!$K$6:$K$105,INT((ROW()-6)/12)+1),"0")&" un.",IF(AND($O29>0,$E29-INDEX('Cenários'!$J$6:$J$105,INT((ROW()-6)/12)+1)<-4),"Recebimento depende de pedido anterior ao horizonte",IF($R29>0,"Desmobilizar "&TEXT($R29,"0")&" un. nesta semana",IF($P29>0,"Emitir pedido de "&TEXT($P29,"0")&" un. nesta semana",IF($O29>0,"Programar recebimento de "&TEXT($O29,"0")&" un.","Sem ação imediata"))))))))) | X29: =IF($A29="","",INDEX('Cenários'!$M$6:$M$105,INT((ROW()-6)/12)+1)) | Y29: =IF($A29="","",INDEX('Cenários'!$Z$6:$Z$105,INT((ROW()-6)/12)+1))
A30: =IF(INDEX('Cenários'!$A$6:$A$105,INT((ROW()-6)/12)+1)="","",INDEX('Cenários'!$A$6:$A$105,INT((ROW()-6)/12)+1)) | B30: =IF($A30="","",INDEX('Cenários'!$B$6:$B$105,INT((ROW()-6)/12)+1)) | C30: =IF($A30="","",INDEX('Cenários'!$C$6:$C$105,INT((ROW()-6)/12)+1)) | D30: =IF($A30="","",INDEX('Cenários'!$D$6:$D$105,INT((ROW()-6)/12)+1)) | E30: =IF($A30="","",MOD(ROW()-6,12)-4) | F30: =IF($A30="","",IF($E30<0,"Antes do pico",IF($E30=0,"Semana de pico","Depois do pico"))) | G30: =IF($A30="","",IFERROR(IF(INDEX('Cenários'!$E$6:$E$105,INT((ROW()-6)/12)+1)="","",INDEX('Cenários'!$E$6:$E$105,INT((ROW()-6)/12)+1)+7*$E30),"")) | H30: =IF($A30="","",INDEX('Cenários'!$N$6:$Y$105,INT((ROW()-6)/12)+1,$E30+5)) | I30: =IF(OR($A30="",$H30=""),"",IFERROR(ROUNDUP(INDEX('Cenários'!$F$6:$F$105,INT((ROW()-6)/12)+1)*$H30,0),"")) | K30: =IF($A30="","",IF($E30=-4,INDEX('Cenários'!$G$6:$G$105,INT((ROW()-6)/12)+1),$S29)) | L30: =IF($A30="","",$K30+IF($J30="",0,$J30)-IF($I30="",0,$I30)) | M30: =IF($A30="","",IF($E30<=0,INDEX('Cenários'!$H$6:$H$105,INT((ROW()-6)/12)+1)+SUMIFS($I$6:$I$1205,$A$6:$A$1205,$A30,$E$6:$E$1205,">"&$E30,$E$6:$E$1205,"<="&($E30+INDEX('Cenários'!$J$6:$J$105,INT((ROW()-6)/12)+1))),INDEX('Cenários'!$L$6:$L$105,INT((ROW()-6)/12)+1)+SUMIFS($I$6:$I$1205,$A$6:$A$1205,$A30,$E$6:$E$1205,">"&$E30,$E$6:$E$1205,"<=7"))) | N30: =IF($A30="","",MIN(INDEX('Cenários'!$K$6:$K$105,INT((ROW()-6)/12)+1),MAX(0,$M30))) | O30: =IF($A30="","",IFERROR(IF($L30>=$N30,0,MIN(CEILING(MAX(0,$N30-$L30),INDEX('Cenários'!$I$6:$I$105,INT((ROW()-6)/12)+1)),FLOOR(MAX(0,INDEX('Cenários'!$K$6:$K$105,INT((ROW()-6)/12)+1)-$L30),INDEX('Cenários'!$I$6:$I$105,INT((ROW()-6)/12)+1)))),0)) | P30: =IF($A30="","",IFERROR(IF($E30+INDEX('Cenários'!$J$6:$J$105,INT((ROW()-6)/12)+1)>7,0,SUMIFS($O$6:$O$1205,$A$6:$A$1205,$A30,$E$6:$E$1205,$E30+INDEX('Cenários'!$J$6:$J$105,INT((ROW()-6)/12)+1))),0)) | Q30: =IF($A30="","",$L30+$O30) | R30: =IF($A30="","",IF($E30>0,MAX(0,$Q30-$N30),0)) | S30: =IF($A30="","",$Q30-$R30) | T30: =IF($A30="","",MAX(0,-$S30)) | U30: =IF($A30="","",MAX(0,$Q30-INDEX('Cenários'!$K$6:$K$105,INT((ROW()-6)/12)+1))) | V30: =IF($A30="","",IF($Y30<>"OK","Dados inválidos",IF($X30="Pausado","Pausado",IF($T30>0,"Ruptura",IF($U30>0,"Excesso de capacidade",IF($M30>INDEX('Cenários'!$K$6:$K$105,INT((ROW()-6)/12)+1),"Capacidade insuficiente",IF(AND($E30<=0,$S30<INDEX('Cenários'!$H$6:$H$105,INT((ROW()-6)/12)+1)),"Atenção",IF($R30>0,"Desmobilizar","Adequado")))))))) | W30: =IF($A30="","",IF($Y30<>"OK","Corrigir cadastro do cenário",IF($X30="Pausado","",IF($T30>0,"Ruptura projetada de "&TEXT($T30,"0")&" un.",IF($U30>0,"Reduzir entrada ou transferir "&TEXT($U30,"0")&" un.",IF($M30>INDEX('Cenários'!$K$6:$K$105,INT((ROW()-6)/12)+1),"Capacidade abaixo do saldo-alvo em "&TEXT($M30-INDEX('Cenários'!$K$6:$K$105,INT((ROW()-6)/12)+1),"0")&" un.",IF(AND($O30>0,$E30-INDEX('Cenários'!$J$6:$J$105,INT((ROW()-6)/12)+1)<-4),"Recebimento depende de pedido anterior ao horizonte",IF($R30>0,"Desmobilizar "&TEXT($R30,"0")&" un. nesta semana",IF($P30>0,"Emitir pedido de "&TEXT($P30,"0")&" un. nesta semana",IF($O30>0,"Programar recebimento de "&TEXT($O30,"0")&" un.","Sem ação imediata"))))))))) | X30: =IF($A30="","",INDEX('Cenários'!$M$6:$M$105,INT((ROW()-6)/12)+1)) | Y30: =IF($A30="","",INDEX('Cenários'!$Z$6:$Z$105,INT((ROW()-6)/12)+1))
A31: =IF(INDEX('Cenários'!$A$6:$A$105,INT((ROW()-6)/12)+1)="","",INDEX('Cenários'!$A$6:$A$105,INT((ROW()-6)/12)+1)) | B31: =IF($A31="","",INDEX('Cenários'!$B$6:$B$105,INT((ROW()-6)/12)+1)) | C31: =IF($A31="","",INDEX('Cenários'!$C$6:$C$105,INT((ROW()-6)/12)+1)) | D31: =IF($A31="","",INDEX('Cenários'!$D$6:$D$105,INT((ROW()-6)/12)+1)) | E31: =IF($A31="","",MOD(ROW()-6,12)-4) | F31: =IF($A31="","",IF($E31<0,"Antes do pico",IF($E31=0,"Semana de pico","Depois do pico"))) | G31: =IF($A31="","",IFERROR(IF(INDEX('Cenários'!$E$6:$E$105,INT((ROW()-6)/12)+1)="","",INDEX('Cenários'!$E$6:$E$105,INT((ROW()-6)/12)+1)+7*$E31),"")) | H31: =IF($A31="","",INDEX('Cenários'!$N$6:$Y$105,INT((ROW()-6)/12)+1,$E31+5)) | I31: =IF(OR($A31="",$H31=""),"",IFERROR(ROUNDUP(INDEX('Cenários'!$F$6:$F$105,INT((ROW()-6)/12)+1)*$H31,0),"")) | J31: 120 | K31: =IF($A31="","",IF($E31=-4,INDEX('Cenários'!$G$6:$G$105,INT((ROW()-6)/12)+1),$S30)) | L31: =IF($A31="","",$K31+IF($J31="",0,$J31)-IF($I31="",0,$I31)) | M31: =IF($A31="","",IF($E31<=0,INDEX('Cenários'!$H$6:$H$105,INT((ROW()-6)/12)+1)+SUMIFS($I$6:$I$1205,$A$6:$A$1205,$A31,$E$6:$E$1205,">"&$E31,$E$6:$E$1205,"<="&($E31+INDEX('Cenários'!$J$6:$J$105,INT((ROW()-6)/12)+1))),INDEX('Cenários'!$L$6:$L$105,INT((ROW()-6)/12)+1)+SUMIFS($I$6:$I$1205,$A$6:$A$1205,$A31,$E$6:$E$1205,">"&$E31,$E$6:$E$1205,"<=7"))) | N31: =IF($A31="","",MIN(INDEX('Cenários'!$K$6:$K$105,INT((ROW()-6)/12)+1),MAX(0,$M31))) | O31: =IF($A31="","",IFERROR(IF($L31>=$N31,0,MIN(CEILING(MAX(0,$N31-$L31),INDEX('Cenários'!$I$6:$I$105,INT((ROW()-6)/12)+1)),FLOOR(MAX(0,INDEX('Cenários'!$K$6:$K$105,INT((ROW()-6)/12)+1)-$L31),INDEX('Cenários'!$I$6:$I$105,INT((ROW()-6)/12)+1)))),0)) | P31: =IF($A31="","",IFERROR(IF($E31+INDEX('Cenários'!$J$6:$J$105,INT((ROW()-6)/12)+1)>7,0,SUMIFS($O$6:$O$1205,$A$6:$A$1205,$A31,$E$6:$E$1205,$E31+INDEX('Cenários'!$J$6:$J$105,INT((ROW()-6)/12)+1))),0)) | Q31: =IF($A31="","",$L31+$O31) | R31: =IF($A31="","",IF($E31>0,MAX(0,$Q31-$N31),0)) | S31: =IF($A31="","",$Q31-$R31) | T31: =IF($A31="","",MAX(0,-$S31)) | U31: =IF($A31="","",MAX(0,$Q31-INDEX('Cenários'!$K$6:$K$105,INT((ROW()-6)/12)+1))) | V31: =IF($A31="","",IF($Y31<>"OK","Dados inválidos",IF($X31="Pausado","Pausado",IF($T31>0,"Ruptura",IF($U31>0,"Excesso de capacidade",IF($M31>INDEX('Cenários'!$K$6:$K$105,INT((ROW()-6)/12)+1),"Capacidade insuficiente",IF(AND($E31<=0,$S31<INDEX('Cenários'!$H$6:$H$105,INT((ROW()-6)/12)+1)),"Atenção",IF($R31>0,"Desmobilizar","Adequado")))))))) | W31: =IF($A31="","",IF($Y31<>"OK","Corrigir cadastro do cenário",IF($X31="Pausado","",IF($T31>0,"Ruptura projetada de "&TEXT($T31,"0")&" un.",IF($U31>0,"Reduzir entrada ou transferir "&TEXT($U31,"0")&" un.",IF($M31>INDEX('Cenários'!$K$6:$K$105,INT((ROW()-6)/12)+1),"Capacidade abaixo do saldo-alvo em "&TEXT($M31-INDEX('Cenários'!$K$6:$K$105,INT((ROW()-6)/12)+1),"0")&" un.",IF(AND($O31>0,$E31-INDEX('Cenários'!$J$6:$J$105,INT((ROW()-6)/12)+1)<-4),"Recebimento depende de pedido anterior ao horizonte",IF($R31>0,"Desmobilizar "&TEXT($R31,"0")&" un. nesta semana",IF($P31>0,"Emitir pedido de "&TEXT($P31,"0")&" un. nesta semana",IF($O31>0,"Programar recebimento de "&TEXT($O31,"0")&" un.","Sem ação imediata"))))))))) | X31: =IF($A31="","",INDEX('Cenários'!$M$6:$M$105,INT((ROW()-6)/12)+1)) | Y31: =IF($A31="","",INDEX('Cenários'!$Z$6:$Z$105,INT((ROW()-6)/12)+1))
A32: =IF(INDEX('Cenários'!$A$6:$A$105,INT((ROW()-6)/12)+1)="","",INDEX('Cenários'!$A$6:$A$105,INT((ROW()-6)/12)+1)) | B32: =IF($A32="","",INDEX('Cenários'!$B$6:$B$105,INT((ROW()-6)/12)+1)) | C32: =IF($A32="","",INDEX('Cenários'!$C$6:$C$105,INT((ROW()-6)/12)+1)) | D32: =IF($A32="","",INDEX('Cenários'!$D$6:$D$105,INT((ROW()-6)/12)+1)) | E32: =IF($A32="","",MOD(ROW()-6,12)-4) | F32: =IF($A32="","",IF($E32<0,"Antes do pico",IF($E32=0,"Semana de pico","Depois do pico"))) | G32: =IF($A32="","",IFERROR(IF(INDEX('Cenários'!$E$6:$E$105,INT((ROW()-6)/12)+1)="","",INDEX('Cenários'!$E$6:$E$105,INT((ROW()-6)/12)+1)+7*$E32),"")) | H32: =IF($A32="","",INDEX('Cenários'!$N$6:$Y$105,INT((ROW()-6)/12)+1,$E32+5)) | I32: =IF(OR($A32="",$H32=""),"",IFERROR(ROUNDUP(INDEX('Cenários'!$F$6:$F$105,INT((ROW()-6)/12)+1)*$H32,0),"")) | K32: =IF($A32="","",IF($E32=-4,INDEX('Cenários'!$G$6:$G$105,INT((ROW()-6)/12)+1),$S31)) | L32: =IF($A32="","",$K32+IF($J32="",0,$J32)-IF($I32="",0,$I32)) | M32: =IF($A32="","",IF($E32<=0,INDEX('Cenários'!$H$6:$H$105,INT((ROW()-6)/12)+1)+SUMIFS($I$6:$I$1205,$A$6:$A$1205,$A32,$E$6:$E$1205,">"&$E32,$E$6:$E$1205,"<="&($E32+INDEX('Cenários'!$J$6:$J$105,INT((ROW()-6)/12)+1))),INDEX('Cenários'!$L$6:$L$105,INT((ROW()-6)/12)+1)+SUMIFS($I$6:$I$1205,$A$6:$A$1205,$A32,$E$6:$E$1205,">"&$E32,$E$6:$E$1205,"<=7"))) | N32: =IF($A32="","",MIN(INDEX('Cenários'!$K$6:$K$105,INT((ROW()-6)/12)+1),MAX(0,$M32))) | O32: =IF($A32="","",IFERROR(IF($L32>=$N32,0,MIN(CEILING(MAX(0,$N32-$L32),INDEX('Cenários'!$I$6:$I$105,INT((ROW()-6)/12)+1)),FLOOR(MAX(0,INDEX('Cenários'!$K$6:$K$105,INT((ROW()-6)/12)+1)-$L32),INDEX('Cenários'!$I$6:$I$105,INT((ROW()-6)/12)+1)))),0)) | P32: =IF($A32="","",IFERROR(IF($E32+INDEX('Cenários'!$J$6:$J$105,INT((ROW()-6)/12)+1)>7,0,SUMIFS($O$6:$O$1205,$A$6:$A$1205,$A32,$E$6:$E$1205,$E32+INDEX('Cenários'!$J$6:$J$105,INT((ROW()-6)/12)+1))),0)) | Q32: =IF($A32="","",$L32+$O32) | R32: =IF($A32="","",IF($E32>0,MAX(0,$Q32-$N32),0)) | S32: =IF($A32="","",$Q32-$R32) | T32: =IF($A32="","",MAX(0,-$S32)) | U32: =IF($A32="","",MAX(0,$Q32-INDEX('Cenários'!$K$6:$K$105,INT((ROW()-6)/12)+1))) | V32: =IF($A32="","",IF($Y32<>"OK","Dados inválidos",IF($X32="Pausado","Pausado",IF($T32>0,"Ruptura",IF($U32>0,"Excesso de capacidade",IF($M32>INDEX('Cenários'!$K$6:$K$105,INT((ROW()-6)/12)+1),"Capacidade insuficiente",IF(AND($E32<=0,$S32<INDEX('Cenários'!$H$6:$H$105,INT((ROW()-6)/12)+1)),"Atenção",IF($R32>0,"Desmobilizar","Adequado")))))))) | W32: =IF($A32="","",IF($Y32<>"OK","Corrigir cadastro do cenário",IF($X32="Pausado","",IF($T32>0,"Ruptura projetada de "&TEXT($T32,"0")&" un.",IF($U32>0,"Reduzir entrada ou transferir "&TEXT($U32,"0")&" un.",IF($M32>INDEX('Cenários'!$K$6:$K$105,INT((ROW()-6)/12)+1),"Capacidade abaixo do saldo-alvo em "&TEXT($M32-INDEX('Cenários'!$K$6:$K$105,INT((ROW()-6)/12)+1),"0")&" un.",IF(AND($O32>0,$E32-INDEX('Cenários'!$J$6:$J$105,INT((ROW()-6)/12)+1)<-4),"Recebimento depende de pedido anterior ao horizonte",IF($R32>0,"Desmobilizar "&TEXT($R32,"0")&" un. nesta semana",IF($P32>0,"Emitir pedido de "&TEXT($P32,"0")&" un. nesta semana",IF($O32>0,"Programar recebimento de "&TEXT($O32,"0")&" un.","Sem ação imediata"))))))))) | X32: =IF($A32="","",INDEX('Cenários'!$M$6:$M$105,INT((ROW()-6)/12)+1)) | Y32: =IF($A32="","",INDEX('Cenários'!$Z$6:$Z$105,INT((ROW()-6)/12)+1))
A33: =IF(INDEX('Cenários'!$A$6:$A$105,INT((ROW()-6)/12)+1)="","",INDEX('Cenários'!$A$6:$A$105,INT((ROW()-6)/12)+1)) | B33: =IF($A33="","",INDEX('Cenários'!$B$6:$B$105,INT((ROW()-6)/12)+1)) | C33: =IF($A33="","",INDEX('Cenários'!$C$6:$C$105,INT((ROW()-6)/12)+1)) | D33: =IF($A33="","",INDEX('Cenários'!$D$6:$D$105,INT((ROW()-6)/12)+1)) | E33: =IF($A33="","",MOD(ROW()-6,12)-4) | F33: =IF($A33="","",IF($E33<0,"Antes do pico",IF($E33=0,"Semana de pico","Depois do pico"))) | G33: =IF($A33="","",IFERROR(IF(INDEX('Cenários'!$E$6:$E$105,INT((ROW()-6)/12)+1)="","",INDEX('Cenários'!$E$6:$E$105,INT((ROW()-6)/12)+1)+7*$E33),"")) | H33: =IF($A33="","",INDEX('Cenários'!$N$6:$Y$105,INT((ROW()-6)/12)+1,$E33+5)) | I33: =IF(OR($A33="",$H33=""),"",IFERROR(ROUNDUP(INDEX('Cenários'!$F$6:$F$105,INT((ROW()-6)/12)+1)*$H33,0),"")) | K33: =IF($A33="","",IF($E33=-4,INDEX('Cenários'!$G$6:$G$105,INT((ROW()-6)/12)+1),$S32)) | L33: =IF($A33="","",$K33+IF($J33="",0,$J33)-IF($I33="",0,$I33)) | M33: =IF($A33="","",IF($E33<=0,INDEX('Cenários'!$H$6:$H$105,INT((ROW()-6)/12)+1)+SUMIFS($I$6:$I$1205,$A$6:$A$1205,$A33,$E$6:$E$1205,">"&$E33,$E$6:$E$1205,"<="&($E33+INDEX('Cenários'!$J$6:$J$105,INT((ROW()-6)/12)+1))),INDEX('Cenários'!$L$6:$L$105,INT((ROW()-6)/12)+1)+SUMIFS($I$6:$I$1205,$A$6:$A$1205,$A33,$E$6:$E$1205,">"&$E33,$E$6:$E$1205,"<=7"))) | N33: =IF($A33="","",MIN(INDEX('Cenários'!$K$6:$K$105,INT((ROW()-6)/12)+1),MAX(0,$M33))) | O33: =IF($A33="","",IFERROR(IF($L33>=$N33,0,MIN(CEILING(MAX(0,$N33-$L33),INDEX('Cenários'!$I$6:$I$105,INT((ROW()-6)/12)+1)),FLOOR(MAX(0,INDEX('Cenários'!$K$6:$K$105,INT((ROW()-6)/12)+1)-$L33),INDEX('Cenários'!$I$6:$I$105,INT((ROW()-6)/12)+1)))),0)) | P33: =IF($A33="","",IFERROR(IF($E33+INDEX('Cenários'!$J$6:$J$105,INT((ROW()-6)/12)+1)>7,0,SUMIFS($O$6:$O$1205,$A$6:$A$1205,$A33,$E$6:$E$1205,$E33+INDEX('Cenários'!$J$6:$J$105,INT((ROW()-6)/12)+1))),0)) | Q33: =IF($A33="","",$L33+$O33) | R33: =IF($A33="","",IF($E33>0,MAX(0,$Q33-$N33),0)) | S33: =IF($A33="","",$Q33-$R33) | T33: =IF($A33="","",MAX(0,-$S33)) | U33: =IF($A33="","",MAX(0,$Q33-INDEX('Cenários'!$K$6:$K$105,INT((ROW()-6)/12)+1))) | V33: =IF($A33="","",IF($Y33<>"OK","Dados inválidos",IF($X33="Pausado","Pausado",IF($T33>0,"Ruptura",IF($U33>0,"Excesso de capacidade",IF($M33>INDEX('Cenários'!$K$6:$K$105,INT((ROW()-6)/12)+1),"Capacidade insuficiente",IF(AND($E33<=0,$S33<INDEX('Cenários'!$H$6:$H$105,INT((ROW()-6)/12)+1)),"Atenção",IF($R33>0,"Desmobilizar","Adequado")))))))) | W33: =IF($A33="","",IF($Y33<>"OK","Corrigir cadastro do cenário",IF($X33="Pausado","",IF($T33>0,"Ruptura projetada de "&TEXT($T33,"0")&" un.",IF($U33>0,"Reduzir entrada ou transferir "&TEXT($U33,"0")&" un.",IF($M33>INDEX('Cenários'!$K$6:$K$105,INT((ROW()-6)/12)+1),"Capacidade abaixo do saldo-alvo em "&TEXT($M33-INDEX('Cenários'!$K$6:$K$105,INT((ROW()-6)/12)+1),"0")&" un.",IF(AND($O33>0,$E33-INDEX('Cenários'!$J$6:$J$105,INT((ROW()-6)/12)+1)<-4),"Recebimento depende de pedido anterior ao horizonte",IF($R33>0,"Desmobilizar "&TEXT($R33,"0")&" un. nesta semana",IF($P33>0,"Emitir pedido de "&TEXT($P33,"0")&" un. nesta semana",IF($O33>0,"Programar recebimento de "&TEXT($O33,"0")&" un.","Sem ação imediata"))))))))) | X33: =IF($A33="","",INDEX('Cenários'!$M$6:$M$105,INT((ROW()-6)/12)+1)) | Y33: =IF($A33="","",INDEX('Cenários'!$Z$6:$Z$105,INT((ROW()-6)/12)+1))
A34: =IF(INDEX('Cenários'!$A$6:$A$105,INT((ROW()-6)/12)+1)="","",INDEX('Cenários'!$A$6:$A$105,INT((ROW()-6)/12)+1)) | B34: =IF($A34="","",INDEX('Cenários'!$B$6:$B$105,INT((ROW()-6)/12)+1)) | C34: =IF($A34="","",INDEX('Cenários'!$C$6:$C$105,INT((ROW()-6)/12)+1)) | D34: =IF($A34="","",INDEX('Cenários'!$D$6:$D$105,INT((ROW()-6)/12)+1)) | E34: =IF($A34="","",MOD(ROW()-6,12)-4) | F34: =IF($A34="","",IF($E34<0,"Antes do pico",IF($E34=0,"Semana de pico","Depois do pico"))) | G34: =IF($A34="","",IFERROR(IF(INDEX('Cenários'!$E$6:$E$105,INT((ROW()-6)/12)+1)="","",INDEX('Cenários'!$E$6:$E$105,INT((ROW()-6)/12)+1)+7*$E34),"")) | H34: =IF($A34="","",INDEX('Cenários'!$N$6:$Y$105,INT((ROW()-6)/12)+1,$E34+5)) | I34: =IF(OR($A34="",$H34=""),"",IFERROR(ROUNDUP(INDEX('Cenários'!$F$6:$F$105,INT((ROW()-6)/12)+1)*$H34,0),"")) | K34: =IF($A34="","",IF($E34=-4,INDEX('Cenários'!$G$6:$G$105,INT((ROW()-6)/12)+1),$S33)) | L34: =IF($A34="","",$K34+IF($J34="",0,$J34)-IF($I34="",0,$I34)) | M34: =IF($A34="","",IF($E34<=0,INDEX('Cenários'!$H$6:$H$105,INT((ROW()-6)/12)+1)+SUMIFS($I$6:$I$1205,$A$6:$A$1205,$A34,$E$6:$E$1205,">"&$E34,$E$6:$E$1205,"<="&($E34+INDEX('Cenários'!$J$6:$J$105,INT((ROW()-6)/12)+1))),INDEX('Cenários'!$L$6:$L$105,INT((ROW()-6)/12)+1)+SUMIFS($I$6:$I$1205,$A$6:$A$1205,$A34,$E$6:$E$1205,">"&$E34,$E$6:$E$1205,"<=7"))) | N34: =IF($A34="","",MIN(INDEX('Cenários'!$K$6:$K$105,INT((ROW()-6)/12)+1),MAX(0,$M34))) | O34: =IF($A34="","",IFERROR(IF($L34>=$N34,0,MIN(CEILING(MAX(0,$N34-$L34),INDEX('Cenários'!$I$6:$I$105,INT((ROW()-6)/12)+1)),FLOOR(MAX(0,INDEX('Cenários'!$K$6:$K$105,INT((ROW()-6)/12)+1)-$L34),INDEX('Cenários'!$I$6:$I$105,INT((ROW()-6)/12)+1)))),0)) | P34: =IF($A34="","",IFERROR(IF($E34+INDEX('Cenários'!$J$6:$J$105,INT((ROW()-6)/12)+1)>7,0,SUMIFS($O$6:$O$1205,$A$6:$A$1205,$A34,$E$6:$E$1205,$E34+INDEX('Cenários'!$J$6:$J$105,INT((ROW()-6)/12)+1))),0)) | Q34: =IF($A34="","",$L34+$O34) | R34: =IF($A34="","",IF($E34>0,MAX(0,$Q34-$N34),0)) | S34: =IF($A34="","",$Q34-$R34) | T34: =IF($A34="","",MAX(0,-$S34)) | U34: =IF($A34="","",MAX(0,$Q34-INDEX('Cenários'!$K$6:$K$105,INT((ROW()-6)/12)+1))) | V34: =IF($A34="","",IF($Y34<>"OK","Dados inválidos",IF($X34="Pausado","Pausado",IF($T34>0,"Ruptura",IF($U34>0,"Excesso de capacidade",IF($M34>INDEX('Cenários'!$K$6:$K$105,INT((ROW()-6)/12)+1),"Capacidade insuficiente",IF(AND($E34<=0,$S34<INDEX('Cenários'!$H$6:$H$105,INT((ROW()-6)/12)+1)),"Atenção",IF($R34>0,"Desmobilizar","Adequado")))))))) | W34: =IF($A34="","",IF($Y34<>"OK","Corrigir cadastro do cenário",IF($X34="Pausado","",IF($T34>0,"Ruptura projetada de "&TEXT($T34,"0")&" un.",IF($U34>0,"Reduzir entrada ou transferir "&TEXT($U34,"0")&" un.",IF($M34>INDEX('Cenários'!$K$6:$K$105,INT((ROW()-6)/12)+1),"Capacidade abaixo do saldo-alvo em "&TEXT($M34-INDEX('Cenários'!$K$6:$K$105,INT((ROW()-6)/12)+1),"0")&" un.",IF(AND($O34>0,$E34-INDEX('Cenários'!$J$6:$J$105,INT((ROW()-6)/12)+1)<-4),"Recebimento depende de pedido anterior ao horizonte",IF($R34>0,"Desmobilizar "&TEXT($R34,"0")&" un. nesta semana",IF($P34>0,"Emitir pedido de "&TEXT($P34,"0")&" un. nesta semana",IF($O34>0,"Programar recebimento de "&TEXT($O34,"0")&" un.","Sem ação imediata"))))))))) | X34: =IF($A34="","",INDEX('Cenários'!$M$6:$M$105,INT((ROW()-6)/12)+1)) | Y34: =IF($A34="","",INDEX('Cenários'!$Z$6:$Z$105,INT((ROW()-6)/12)+1))
A35: =IF(INDEX('Cenários'!$A$6:$A$105,INT((ROW()-6)/12)+1)="","",INDEX('Cenários'!$A$6:$A$105,INT((ROW()-6)/12)+1)) | B35: =IF($A35="","",INDEX('Cenários'!$B$6:$B$105,INT((ROW()-6)/12)+1)) | C35: =IF($A35="","",INDEX('Cenários'!$C$6:$C$105,INT((ROW()-6)/12)+1)) | D35: =IF($A35="","",INDEX('Cenários'!$D$6:$D$105,INT((ROW()-6)/12)+1)) | E35: =IF($A35="","",MOD(ROW()-6,12)-4) | F35: =IF($A35="","",IF($E35<0,"Antes do pico",IF($E35=0,"Semana de pico","Depois do pico"))) | G35: =IF($A35="","",IFERROR(IF(INDEX('Cenários'!$E$6:$E$105,INT((ROW()-6)/12)+1)="","",INDEX('Cenários'!$E$6:$E$105,INT((ROW()-6)/12)+1)+7*$E35),"")) | H35: =IF($A35="","",INDEX('Cenários'!$N$6:$Y$105,INT((ROW()-6)/12)+1,$E35+5)) | I35: =IF(OR($A35="",$H35=""),"",IFERROR(ROUNDUP(INDEX('Cenários'!$F$6:$F$105,INT((ROW()-6)/12)+1)*$H35,0),"")) | K35: =IF($A35="","",IF($E35=-4,INDEX('Cenários'!$G$6:$G$105,INT((ROW()-6)/12)+1),$S34)) | L35: =IF($A35="","",$K35+IF($J35="",0,$J35)-IF($I35="",0,$I35)) | M35: =IF($A35="","",IF($E35<=0,INDEX('Cenários'!$H$6:$H$105,INT((ROW()-6)/12)+1)+SUMIFS($I$6:$I$1205,$A$6:$A$1205,$A35,$E$6:$E$1205,">"&$E35,$E$6:$E$1205,"<="&($E35+INDEX('Cenários'!$J$6:$J$105,INT((ROW()-6)/12)+1))),INDEX('Cenários'!$L$6:$L$105,INT((ROW()-6)/12)+1)+SUMIFS($I$6:$I$1205,$A$6:$A$1205,$A35,$E$6:$E$1205,">"&$E35,$E$6:$E$1205,"<=7"))) | N35: =IF($A35="","",MIN(INDEX('Cenários'!$K$6:$K$105,INT((ROW()-6)/12)+1),MAX(0,$M35))) | O35: =IF($A35="","",IFERROR(IF($L35>=$N35,0,MIN(CEILING(MAX(0,$N35-$L35),INDEX('Cenários'!$I$6:$I$105,INT((ROW()-6)/12)+1)),FLOOR(MAX(0,INDEX('Cenários'!$K$6:$K$105,INT((ROW()-6)/12)+1)-$L35),INDEX('Cenários'!$I$6:$I$105,INT((ROW()-6)/12)+1)))),0)) | P35: =IF($A35="","",IFERROR(IF($E35+INDEX('Cenários'!$J$6:$J$105,INT((ROW()-6)/12)+1)>7,0,SUMIFS($O$6:$O$1205,$A$6:$A$1205,$A35,$E$6:$E$1205,$E35+INDEX('Cenários'!$J$6:$J$105,INT((ROW()-6)/12)+1))),0)) | Q35: =IF($A35="","",$L35+$O35) | R35: =IF($A35="","",IF($E35>0,MAX(0,$Q35-$N35),0)) | S35: =IF($A35="","",$Q35-$R35) | T35: =IF($A35="","",MAX(0,-$S35)) | U35: =IF($A35="","",MAX(0,$Q35-INDEX('Cenários'!$K$6:$K$105,INT((ROW()-6)/12)+1))) | V35: =IF($A35="","",IF($Y35<>"OK","Dados inválidos",IF($X35="Pausado","Pausado",IF($T35>0,"Ruptura",IF($U35>0,"Excesso de capacidade",IF($M35>INDEX('Cenários'!$K$6:$K$105,INT((ROW()-6)/12)+1),"Capacidade insuficiente",IF(AND($E35<=0,$S35<INDEX('Cenários'!$H$6:$H$105,INT((ROW()-6)/12)+1)),"Atenção",IF($R35>0,"Desmobilizar","Adequado")))))))) | W35: =IF($A35="","",IF($Y35<>"OK","Corrigir cadastro do cenário",IF($X35="Pausado","",IF($T35>0,"Ruptura projetada de "&TEXT($T35,"0")&" un.",IF($U35>0,"Reduzir entrada ou transferir "&TEXT($U35,"0")&" un.",IF($M35>INDEX('Cenários'!$K$6:$K$105,INT((ROW()-6)/12)+1),"Capacidade abaixo do saldo-alvo em "&TEXT($M35-INDEX('Cenários'!$K$6:$K$105,INT((ROW()-6)/12)+1),"0")&" un.",IF(AND($O35>0,$E35-INDEX('Cenários'!$J$6:$J$105,INT((ROW()-6)/12)+1)<-4),"Recebimento depende de pedido anterior ao horizonte",IF($R35>0,"Desmobilizar "&TEXT($R35,"0")&" un. nesta semana",IF($P35>0,"Emitir pedido de "&TEXT($P35,"0")&" un. nesta semana",IF($O35>0,"Programar recebimento de "&TEXT($O35,"0")&" un.","Sem ação imediata"))))))))) | X35: =IF($A35="","",INDEX('Cenários'!$M$6:$M$105,INT((ROW()-6)/12)+1)) | Y35: =IF($A35="","",INDEX('Cenários'!$Z$6:$Z$105,INT((ROW()-6)/12)+1))
A36: =IF(INDEX('Cenários'!$A$6:$A$105,INT((ROW()-6)/12)+1)="","",INDEX('Cenários'!$A$6:$A$105,INT((ROW()-6)/12)+1)) | B36: =IF($A36="","",INDEX('Cenários'!$B$6:$B$105,INT((ROW()-6)/12)+1)) | C36: =IF($A36="","",INDEX('Cenários'!$C$6:$C$105,INT((ROW()-6)/12)+1)) | D36: =IF($A36="","",INDEX('Cenários'!$D$6:$D$105,INT((ROW()-6)/12)+1)) | E36: =IF($A36="","",MOD(ROW()-6,12)-4) | F36: =IF($A36="","",IF($E36<0,"Antes do pico",IF($E36=0,"Semana de pico","Depois do pico"))) | G36: =IF($A36="","",IFERROR(IF(INDEX('Cenários'!$E$6:$E$105,INT((ROW()-6)/12)+1)="","",INDEX('Cenários'!$E$6:$E$105,INT((ROW()-6)/12)+1)+7*$E36),"")) | H36: =IF($A36="","",INDEX('Cenários'!$N$6:$Y$105,INT((ROW()-6)/12)+1,$E36+5)) | I36: =IF(OR($A36="",$H36=""),"",IFERROR(ROUNDUP(INDEX('Cenários'!$F$6:$F$105,INT((ROW()-6)/12)+1)*$H36,0),"")) | K36: =IF($A36="","",IF($E36=-4,INDEX('Cenários'!$G$6:$G$105,INT((ROW()-6)/12)+1),$S35)) | L36: =IF($A36="","",$K36+IF($J36="",0,$J36)-IF($I36="",0,$I36)) | M36: =IF($A36="","",IF($E36<=0,INDEX('Cenários'!$H$6:$H$105,INT((ROW()-6)/12)+1)+SUMIFS($I$6:$I$1205,$A$6:$A$1205,$A36,$E$6:$E$1205,">"&$E36,$E$6:$E$1205,"<="&($E36+INDEX('Cenários'!$J$6:$J$105,INT((ROW()-6)/12)+1))),INDEX('Cenários'!$L$6:$L$105,INT((ROW()-6)/12)+1)+SUMIFS($I$6:$I$1205,$A$6:$A$1205,$A36,$E$6:$E$1205,">"&$E36,$E$6:$E$1205,"<=7"))) | N36: =IF($A36="","",MIN(INDEX('Cenários'!$K$6:$K$105,INT((ROW()-6)/12)+1),MAX(0,$M36))) | O36: =IF($A36="","",IFERROR(IF($L36>=$N36,0,MIN(CEILING(MAX(0,$N36-$L36),INDEX('Cenários'!$I$6:$I$105,INT((ROW()-6)/12)+1)),FLOOR(MAX(0,INDEX('Cenários'!$K$6:$K$105,INT((ROW()-6)/12)+1)-$L36),INDEX('Cenários'!$I$6:$I$105,INT((ROW()-6)/12)+1)))),0)) | P36: =IF($A36="","",IFERROR(IF($E36+INDEX('Cenários'!$J$6:$J$105,INT((ROW()-6)/12)+1)>7,0,SUMIFS($O$6:$O$1205,$A$6:$A$1205,$A36,$E$6:$E$1205,$E36+INDEX('Cenários'!$J$6:$J$105,INT((ROW()-6)/12)+1))),0)) | Q36: =IF($A36="","",$L36+$O36) | R36: =IF($A36="","",IF($E36>0,MAX(0,$Q36-$N36),0)) | S36: =IF($A36="","",$Q36-$R36) | T36: =IF($A36="","",MAX(0,-$S36)) | U36: =IF($A36="","",MAX(0,$Q36-INDEX('Cenários'!$K$6:$K$105,INT((ROW()-6)/12)+1))) | V36: =IF($A36="","",IF($Y36<>"OK","Dados inválidos",IF($X36="Pausado","Pausado",IF($T36>0,"Ruptura",IF($U36>0,"Excesso de capacidade",IF($M36>INDEX('Cenários'!$K$6:$K$105,INT((ROW()-6)/12)+1),"Capacidade insuficiente",IF(AND($E36<=0,$S36<INDEX('Cenários'!$H$6:$H$105,INT((ROW()-6)/12)+1)),"Atenção",IF($R36>0,"Desmobilizar","Adequado")))))))) | W36: =IF($A36="","",IF($Y36<>"OK","Corrigir cadastro do cenário",IF($X36="Pausado","",IF($T36>0,"Ruptura projetada de "&TEXT($T36,"0")&" un.",IF($U36>0,"Reduzir entrada ou transferir "&TEXT($U36,"0")&" un.",IF($M36>INDEX('Cenários'!$K$6:$K$105,INT((ROW()-6)/12)+1),"Capacidade abaixo do saldo-alvo em "&TEXT($M36-INDEX('Cenários'!$K$6:$K$105,INT((ROW()-6)/12)+1),"0")&" un.",IF(AND($O36>0,$E36-INDEX('Cenários'!$J$6:$J$105,INT((ROW()-6)/12)+1)<-4),"Recebimento depende de pedido anterior ao horizonte",IF($R36>0,"Desmobilizar "&TEXT($R36,"0")&" un. nesta semana",IF($P36>0,"Emitir pedido de "&TEXT($P36,"0")&" un. nesta semana",IF($O36>0,"Programar recebimento de "&TEXT($O36,"0")&" un.","Sem ação imediata"))))))))) | X36: =IF($A36="","",INDEX('Cenários'!$M$6:$M$105,INT((ROW()-6)/12)+1)) | Y36: =IF($A36="","",INDEX('Cenários'!$Z$6:$Z$105,INT((ROW()-6)/12)+1))
A37: =IF(INDEX('Cenários'!$A$6:$A$105,INT((ROW()-6)/12)+1)="","",INDEX('Cenários'!$A$6:$A$105,INT((ROW()-6)/12)+1)) | B37: =IF($A37="","",INDEX('Cenários'!$B$6:$B$105,INT((ROW()-6)/12)+1)) | C37: =IF($A37="","",INDEX('Cenários'!$C$6:$C$105,INT((ROW()-6)/12)+1)) | D37: =IF($A37="","",INDEX('Cenários'!$D$6:$D$105,INT((ROW()-6)/12)+1)) | E37: =IF($A37="","",MOD(ROW()-6,12)-4) | F37: =IF($A37="","",IF($E37<0,"Antes do pico",IF($E37=0,"Semana de pico","Depois do pico"))) | G37: =IF($A37="","",IFERROR(IF(INDEX('Cenários'!$E$6:$E$105,INT((ROW()-6)/12)+1)="","",INDEX('Cenários'!$E$6:$E$105,INT((ROW()-6)/12)+1)+7*$E37),"")) | H37: =IF($A37="","",INDEX('Cenários'!$N$6:$Y$105,INT((ROW()-6)/12)+1,$E37+5)) | I37: =IF(OR($A37="",$H37=""),"",IFERROR(ROUNDUP(INDEX('Cenários'!$F$6:$F$105,INT((ROW()-6)/12)+1)*$H37,0),"")) | K37: =IF($A37="","",IF($E37=-4,INDEX('Cenários'!$G$6:$G$105,INT((ROW()-6)/12)+1),$S36)) | L37: =IF($A37="","",$K37+IF($J37="",0,$J37)-IF($I37="",0,$I37)) | M37: =IF($A37="","",IF($E37<=0,INDEX('Cenários'!$H$6:$H$105,INT((ROW()-6)/12)+1)+SUMIFS($I$6:$I$1205,$A$6:$A$1205,$A37,$E$6:$E$1205,">"&$E37,$E$6:$E$1205,"<="&($E37+INDEX('Cenários'!$J$6:$J$105,INT((ROW()-6)/12)+1))),INDEX('Cenários'!$L$6:$L$105,INT((ROW()-6)/12)+1)+SUMIFS($I$6:$I$1205,$A$6:$A$1205,$A37,$E$6:$E$1205,">"&$E37,$E$6:$E$1205,"<=7"))) | N37: =IF($A37="","",MIN(INDEX('Cenários'!$K$6:$K$105,INT((ROW()-6)/12)+1),MAX(0,$M37))) | O37: =IF($A37="","",IFERROR(IF($L37>=$N37,0,MIN(CEILING(MAX(0,$N37-$L37),INDEX('Cenários'!$I$6:$I$105,INT((ROW()-6)/12)+1)),FLOOR(MAX(0,INDEX('Cenários'!$K$6:$K$105,INT((ROW()-6)/12)+1)-$L37),INDEX('Cenários'!$I$6:$I$105,INT((ROW()-6)/12)+1)))),0)) | P37: =IF($A37="","",IFERROR(IF($E37+INDEX('Cenários'!$J$6:$J$105,INT((ROW()-6)/12)+1)>7,0,SUMIFS($O$6:$O$1205,$A$6:$A$1205,$A37,$E$6:$E$1205,$E37+INDEX('Cenários'!$J$6:$J$105,INT((ROW()-6)/12)+1))),0)) | Q37: =IF($A37="","",$L37+$O37) | R37: =IF($A37="","",IF($E37>0,MAX(0,$Q37-$N37),0)) | S37: =IF($A37="","",$Q37-$R37) | T37: =IF($A37="","",MAX(0,-$S37)) | U37: =IF($A37="","",MAX(0,$Q37-INDEX('Cenários'!$K$6:$K$105,INT((ROW()-6)/12)+1))) | V37: =IF($A37="","",IF($Y37<>"OK","Dados inválidos",IF($X37="Pausado","Pausado",IF($T37>0,"Ruptura",IF($U37>0,"Excesso de capacidade",IF($M37>INDEX('Cenários'!$K$6:$K$105,INT((ROW()-6)/12)+1),"Capacidade insuficiente",IF(AND($E37<=0,$S37<INDEX('Cenários'!$H$6:$H$105,INT((ROW()-6)/12)+1)),"Atenção",IF($R37>0,"Desmobilizar","Adequado")))))))) | W37: =IF($A37="","",IF($Y37<>"OK","Corrigir cadastro do cenário",IF($X37="Pausado","",IF($T37>0,"Ruptura projetada de "&TEXT($T37,"0")&" un.",IF($U37>0,"Reduzir entrada ou transferir "&TEXT($U37,"0")&" un.",IF($M37>INDEX('Cenários'!$K$6:$K$105,INT((ROW()-6)/12)+1),"Capacidade abaixo do saldo-alvo em "&TEXT($M37-INDEX('Cenários'!$K$6:$K$105,INT((ROW()-6)/12)+1),"0")&" un.",IF(AND($O37>0,$E37-INDEX('Cenários'!$J$6:$J$105,INT((ROW()-6)/12)+1)<-4),"Recebimento depende de pedido anterior ao horizonte",IF($R37>0,"Desmobilizar "&TEXT($R37,"0")&" un. nesta semana",IF($P37>0,"Emitir pedido de "&TEXT($P37,"0")&" un. nesta semana",IF($O37>0,"Programar recebimento de "&TEXT($O37,"0")&" un.","Sem ação imediata"))))))))) | X37: =IF($A37="","",INDEX('Cenários'!$M$6:$M$105,INT((ROW()-6)/12)+1)) | Y37: =IF($A37="","",INDEX('Cenários'!$Z$6:$Z$105,INT((ROW()-6)/12)+1))
A38: =IF(INDEX('Cenários'!$A$6:$A$105,INT((ROW()-6)/12)+1)="","",INDEX('Cenários'!$A$6:$A$105,INT((ROW()-6)/12)+1)) | B38: =IF($A38="","",INDEX('Cenários'!$B$6:$B$105,INT((ROW()-6)/12)+1)) | C38: =IF($A38="","",INDEX('Cenários'!$C$6:$C$105,INT((ROW()-6)/12)+1)) | D38: =IF($A38="","",INDEX('Cenários'!$D$6:$D$105,INT((ROW()-6)/12)+1)) | E38: =IF($A38="","",MOD(ROW()-6,12)-4) | F38: =IF($A38="","",IF($E38<0,"Antes do pico",IF($E38=0,"Semana de pico","Depois do pico"))) | G38: =IF($A38="","",IFERROR(IF(INDEX('Cenários'!$E$6:$E$105,INT((ROW()-6)/12)+1)="","",INDEX('Cenários'!$E$6:$E$105,INT((ROW()-6)/12)+1)+7*$E38),"")) | H38: =IF($A38="","",INDEX('Cenários'!$N$6:$Y$105,INT((ROW()-6)/12)+1,$E38+5)) | I38: =IF(OR($A38="",$H38=""),"",IFERROR(ROUNDUP(INDEX('Cenários'!$F$6:$F$105,INT((ROW()-6)/12)+1)*$H38,0),"")) | K38: =IF($A38="","",IF($E38=-4,INDEX('Cenários'!$G$6:$G$105,INT((ROW()-6)/12)+1),$S37)) | L38: =IF($A38="","",$K38+IF($J38="",0,$J38)-IF($I38="",0,$I38)) | M38: =IF($A38="","",IF($E38<=0,INDEX('Cenários'!$H$6:$H$105,INT((ROW()-6)/12)+1)+SUMIFS($I$6:$I$1205,$A$6:$A$1205,$A38,$E$6:$E$1205,">"&$E38,$E$6:$E$1205,"<="&($E38+INDEX('Cenários'!$J$6:$J$105,INT((ROW()-6)/12)+1))),INDEX('Cenários'!$L$6:$L$105,INT((ROW()-6)/12)+1)+SUMIFS($I$6:$I$1205,$A$6:$A$1205,$A38,$E$6:$E$1205,">"&$E38,$E$6:$E$1205,"<=7"))) | N38: =IF($A38="","",MIN(INDEX('Cenários'!$K$6:$K$105,INT((ROW()-6)/12)+1),MAX(0,$M38))) | O38: =IF($A38="","",IFERROR(IF($L38>=$N38,0,MIN(CEILING(MAX(0,$N38-$L38),INDEX('Cenários'!$I$6:$I$105,INT((ROW()-6)/12)+1)),FLOOR(MAX(0,INDEX('Cenários'!$K$6:$K$105,INT((ROW()-6)/12)+1)-$L38),INDEX('Cenários'!$I$6:$I$105,INT((ROW()-6)/12)+1)))),0)) | P38: =IF($A38="","",IFERROR(IF($E38+INDEX('Cenários'!$J$6:$J$105,INT((ROW()-6)/12)+1)>7,0,SUMIFS($O$6:$O$1205,$A$6:$A$1205,$A38,$E$6:$E$1205,$E38+INDEX('Cenários'!$J$6:$J$105,INT((ROW()-6)/12)+1))),0)) | Q38: =IF($A38="","",$L38+$O38) | R38: =IF($A38="","",IF($E38>0,MAX(0,$Q38-$N38),0)) | S38: =IF($A38="","",$Q38-$R38) | T38: =IF($A38="","",MAX(0,-$S38)) | U38: =IF($A38="","",MAX(0,$Q38-INDEX('Cenários'!$K$6:$K$105,INT((ROW()-6)/12)+1))) | V38: =IF($A38="","",IF($Y38<>"OK","Dados inválidos",IF($X38="Pausado","Pausado",IF($T38>0,"Ruptura",IF($U38>0,"Excesso de capacidade",IF($M38>INDEX('Cenários'!$K$6:$K$105,INT((ROW()-6)/12)+1),"Capacidade insuficiente",IF(AND($E38<=0,$S38<INDEX('Cenários'!$H$6:$H$105,INT((ROW()-6)/12)+1)),"Atenção",IF($R38>0,"Desmobilizar","Adequado")))))))) | W38: =IF($A38="","",IF($Y38<>"OK","Corrigir cadastro do cenário",IF($X38="Pausado","",IF($T38>0,"Ruptura projetada de "&TEXT($T38,"0")&" un.",IF($U38>0,"Reduzir entrada ou transferir "&TEXT($U38,"0")&" un.",IF($M38>INDEX('Cenários'!$K$6:$K$105,INT((ROW()-6)/12)+1),"Capacidade abaixo do saldo-alvo em "&TEXT($M38-INDEX('Cenários'!$K$6:$K$105,INT((ROW()-6)/12)+1),"0")&" un.",IF(AND($O38>0,$E38-INDEX('Cenários'!$J$6:$J$105,INT((ROW()-6)/12)+1)<-4),"Recebimento depende de pedido anterior ao horizonte",IF($R38>0,"Desmobilizar "&TEXT($R38,"0")&" un. nesta semana",IF($P38>0,"Emitir pedido de "&TEXT($P38,"0")&" un. nesta semana",IF($O38>0,"Programar recebimento de "&TEXT($O38,"0")&" un.","Sem ação imediata"))))))))) | X38: =IF($A38="","",INDEX('Cenários'!$M$6:$M$105,INT((ROW()-6)/12)+1)) | Y38: =IF($A38="","",INDEX('Cenários'!$Z$6:$Z$105,INT((ROW()-6)/12)+1))
A39: =IF(INDEX('Cenários'!$A$6:$A$105,INT((ROW()-6)/12)+1)="","",INDEX('Cenários'!$A$6:$A$105,INT((ROW()-6)/12)+1)) | B39: =IF($A39="","",INDEX('Cenários'!$B$6:$B$105,INT((ROW()-6)/12)+1)) | C39: =IF($A39="","",INDEX('Cenários'!$C$6:$C$105,INT((ROW()-6)/12)+1)) | D39: =IF($A39="","",INDEX('Cenários'!$D$6:$D$105,INT((ROW()-6)/12)+1)) | E39: =IF($A39="","",MOD(ROW()-6,12)-4) | F39: =IF($A39="","",IF($E39<0,"Antes do pico",IF($E39=0,"Semana de pico","Depois do pico"))) | G39: =IF($A39="","",IFERROR(IF(INDEX('Cenários'!$E$6:$E$105,INT((ROW()-6)/12)+1)="","",INDEX('Cenários'!$E$6:$E$105,INT((ROW()-6)/12)+1)+7*$E39),"")) | H39: =IF($A39="","",INDEX('Cenários'!$N$6:$Y$105,INT((ROW()-6)/12)+1,$E39+5)) | I39: =IF(OR($A39="",$H39=""),"",IFERROR(ROUNDUP(INDEX('Cenários'!$F$6:$F$105,INT((ROW()-6)/12)+1)*$H39,0),"")) | K39: =IF($A39="","",IF($E39=-4,INDEX('Cenários'!$G$6:$G$105,INT((ROW()-6)/12)+1),$S38)) | L39: =IF($A39="","",$K39+IF($J39="",0,$J39)-IF($I39="",0,$I39)) | M39: =IF($A39="","",IF($E39<=0,INDEX('Cenários'!$H$6:$H$105,INT((ROW()-6)/12)+1)+SUMIFS($I$6:$I$1205,$A$6:$A$1205,$A39,$E$6:$E$1205,">"&$E39,$E$6:$E$1205,"<="&($E39+INDEX('Cenários'!$J$6:$J$105,INT((ROW()-6)/12)+1))),INDEX('Cenários'!$L$6:$L$105,INT((ROW()-6)/12)+1)+SUMIFS($I$6:$I$1205,$A$6:$A$1205,$A39,$E$6:$E$1205,">"&$E39,$E$6:$E$1205,"<=7"))) | N39: =IF($A39="","",MIN(INDEX('Cenários'!$K$6:$K$105,INT((ROW()-6)/12)+1),MAX(0,$M39))) | O39: =IF($A39="","",IFERROR(IF($L39>=$N39,0,MIN(CEILING(MAX(0,$N39-$L39),INDEX('Cenários'!$I$6:$I$105,INT((ROW()-6)/12)+1)),FLOOR(MAX(0,INDEX('Cenários'!$K$6:$K$105,INT((ROW()-6)/12)+1)-$L39),INDEX('Cenários'!$I$6:$I$105,INT((ROW()-6)/12)+1)))),0)) | P39: =IF($A39="","",IFERROR(IF($E39+INDEX('Cenários'!$J$6:$J$105,INT((ROW()-6)/12)+1)>7,0,SUMIFS($O$6:$O$1205,$A$6:$A$1205,$A39,$E$6:$E$1205,$E39+INDEX('Cenários'!$J$6:$J$105,INT((ROW()-6)/12)+1))),0)) | Q39: =IF($A39="","",$L39+$O39) | R39: =IF($A39="","",IF($E39>0,MAX(0,$Q39-$N39),0)) | S39: =IF($A39="","",$Q39-$R39) | T39: =IF($A39="","",MAX(0,-$S39)) | U39: =IF($A39="","",MAX(0,$Q39-INDEX('Cenários'!$K$6:$K$105,INT((ROW()-6)/12)+1))) | V39: =IF($A39="","",IF($Y39<>"OK","Dados inválidos",IF($X39="Pausado","Pausado",IF($T39>0,"Ruptura",IF($U39>0,"Excesso de capacidade",IF($M39>INDEX('Cenários'!$K$6:$K$105,INT((ROW()-6)/12)+1),"Capacidade insuficiente",IF(AND($E39<=0,$S39<INDEX('Cenários'!$H$6:$H$105,INT((ROW()-6)/12)+1)),"Atenção",IF($R39>0,"Desmobilizar","Adequado")))))))) | W39: =IF($A39="","",IF($Y39<>"OK","Corrigir cadastro do cenário",IF($X39="Pausado","",IF($T39>0,"Ruptura projetada de "&TEXT($T39,"0")&" un.",IF($U39>0,"Reduzir entrada ou transferir "&TEXT($U39,"0")&" un.",IF($M39>INDEX('Cenários'!$K$6:$K$105,INT((ROW()-6)/12)+1),"Capacidade abaixo do saldo-alvo em "&TEXT($M39-INDEX('Cenários'!$K$6:$K$105,INT((ROW()-6)/12)+1),"0")&" un.",IF(AND($O39>0,$E39-INDEX('Cenários'!$J$6:$J$105,INT((ROW()-6)/12)+1)<-4),"Recebimento depende de pedido anterior ao horizonte",IF($R39>0,"Desmobilizar "&TEXT($R39,"0")&" un. nesta semana",IF($P39>0,"Emitir pedido de "&TEXT($P39,"0")&" un. nesta semana",IF($O39>0,"Programar recebimento de "&TEXT($O39,"0")&" un.","Sem ação imediata"))))))))) | X39: =IF($A39="","",INDEX('Cenários'!$M$6:$M$105,INT((ROW()-6)/12)+1)) | Y39: =IF($A39="","",INDEX('Cenários'!$Z$6:$Z$105,INT((ROW()-6)/12)+1))
A40: =IF(INDEX('Cenários'!$A$6:$A$105,INT((ROW()-6)/12)+1)="","",INDEX('Cenários'!$A$6:$A$105,INT((ROW()-6)/12)+1)) | B40: =IF($A40="","",INDEX('Cenários'!$B$6:$B$105,INT((ROW()-6)/12)+1)) | C40: =IF($A40="","",INDEX('Cenários'!$C$6:$C$105,INT((ROW()-6)/12)+1)) | D40: =IF($A40="","",INDEX('Cenários'!$D$6:$D$105,INT((ROW()-6)/12)+1)) | E40: =IF($A40="","",MOD(ROW()-6,12)-4) | F40: =IF($A40="","",IF($E40<0,"Antes do pico",IF($E40=0,"Semana de pico","Depois do pico"))) | G40: =IF($A40="","",IFERROR(IF(INDEX('Cenários'!$E$6:$E$105,INT((ROW()-6)/12)+1)="","",INDEX('Cenários'!$E$6:$E$105,INT((ROW()-6)/12)+1)+7*$E40),"")) | H40: =IF($A40="","",INDEX('Cenários'!$N$6:$Y$105,INT((ROW()-6)/12)+1,$E40+5)) | I40: =IF(OR($A40="",$H40=""),"",IFERROR(ROUNDUP(INDEX('Cenários'!$F$6:$F$105,INT((ROW()-6)/12)+1)*$H40,0),"")) | K40: =IF($A40="","",IF($E40=-4,INDEX('Cenários'!$G$6:$G$105,INT((ROW()-6)/12)+1),$S39)) | L40: =IF($A40="","",$K40+IF($J40="",0,$J40)-IF($I40="",0,$I40)) | M40: =IF($A40="","",IF($E40<=0,INDEX('Cenários'!$H$6:$H$105,INT((ROW()-6)/12)+1)+SUMIFS($I$6:$I$1205,$A$6:$A$1205,$A40,$E$6:$E$1205,">"&$E40,$E$6:$E$1205,"<="&($E40+INDEX('Cenários'!$J$6:$J$105,INT((ROW()-6)/12)+1))),INDEX('Cenários'!$L$6:$L$105,INT((ROW()-6)/12)+1)+SUMIFS($I$6:$I$1205,$A$6:$A$1205,$A40,$E$6:$E$1205,">"&$E40,$E$6:$E$1205,"<=7"))) | N40: =IF($A40="","",MIN(INDEX('Cenários'!$K$6:$K$105,INT((ROW()-6)/12)+1),MAX(0,$M40))) | O40: =IF($A40="","",IFERROR(IF($L40>=$N40,0,MIN(CEILING(MAX(0,$N40-$L40),INDEX('Cenários'!$I$6:$I$105,INT((ROW()-6)/12)+1)),FLOOR(MAX(0,INDEX('Cenários'!$K$6:$K$105,INT((ROW()-6)/12)+1)-$L40),INDEX('Cenários'!$I$6:$I$105,INT((ROW()-6)/12)+1)))),0)) | P40: =IF($A40="","",IFERROR(IF($E40+INDEX('Cenários'!$J$6:$J$105,INT((ROW()-6)/12)+1)>7,0,SUMIFS($O$6:$O$1205,$A$6:$A$1205,$A40,$E$6:$E$1205,$E40+INDEX('Cenários'!$J$6:$J$105,INT((ROW()-6)/12)+1))),0)) | Q40: =IF($A40="","",$L40+$O40) | R40: =IF($A40="","",IF($E40>0,MAX(0,$Q40-$N40),0)) | S40: =IF($A40="","",$Q40-$R40) | T40: =IF($A40="","",MAX(0,-$S40)) | U40: =IF($A40="","",MAX(0,$Q40-INDEX('Cenários'!$K$6:$K$105,INT((ROW()-6)/12)+1))) | V40: =IF($A40="","",IF($Y40<>"OK","Dados inválidos",IF($X40="Pausado","Pausado",IF($T40>0,"Ruptura",IF($U40>0,"Excesso de capacidade",IF($M40>INDEX('Cenários'!$K$6:$K$105,INT((ROW()-6)/12)+1),"Capacidade insuficiente",IF(AND($E40<=0,$S40<INDEX('Cenários'!$H$6:$H$105,INT((ROW()-6)/12)+1)),"Atenção",IF($R40>0,"Desmobilizar","Adequado")))))))) | W40: =IF($A40="","",IF($Y40<>"OK","Corrigir cadastro do cenário",IF($X40="Pausado","",IF($T40>0,"Ruptura projetada de "&TEXT($T40,"0")&" un.",IF($U40>0,"Reduzir entrada ou transferir "&TEXT($U40,"0")&" un.",IF($M40>INDEX('Cenários'!$K$6:$K$105,INT((ROW()-6)/12)+1),"Capacidade abaixo do saldo-alvo em "&TEXT($M40-INDEX('Cenários'!$K$6:$K$105,INT((ROW()-6)/12)+1),"0")&" un.",IF(AND($O40>0,$E40-INDEX('Cenários'!$J$6:$J$105,INT((ROW()-6)/12)+1)<-4),"Recebimento depende de pedido anterior ao horizonte",IF($R40>0,"Desmobilizar "&TEXT($R40,"0")&" un. nesta semana",IF($P40>0,"Emitir pedido de "&TEXT($P40,"0")&" un. nesta semana",IF($O40>0,"Programar recebimento de "&TEXT($O40,"0")&" un.","Sem ação imediata"))))))))) | X40: =IF($A40="","",INDEX('Cenários'!$M$6:$M$105,INT((ROW()-6)/12)+1)) | Y40: =IF($A40="","",INDEX('Cenários'!$Z$6:$Z$105,INT((ROW()-6)/12)+1))
A41: =IF(INDEX('Cenários'!$A$6:$A$105,INT((ROW()-6)/12)+1)="","",INDEX('Cenários'!$A$6:$A$105,INT((ROW()-6)/12)+1)) | B41: =IF($A41="","",INDEX('Cenários'!$B$6:$B$105,INT((ROW()-6)/12)+1)) | C41: =IF($A41="","",INDEX('Cenários'!$C$6:$C$105,INT((ROW()-6)/12)+1)) | D41: =IF($A41="","",INDEX('Cenários'!$D$6:$D$105,INT((ROW()-6)/12)+1)) | E41: =IF($A41="","",MOD(ROW()-6,12)-4) | F41: =IF($A41="","",IF($E41<0,"Antes do pico",IF($E41=0,"Semana de pico","Depois do pico"))) | G41: =IF($A41="","",IFERROR(IF(INDEX('Cenários'!$E$6:$E$105,INT((ROW()-6)/12)+1)="","",INDEX('Cenários'!$E$6:$E$105,INT((ROW()-6)/12)+1)+7*$E41),"")) | H41: =IF($A41="","",INDEX('Cenários'!$N$6:$Y$105,INT((ROW()-6)/12)+1,$E41+5)) | I41: =IF(OR($A41="",$H41=""),"",IFERROR(ROUNDUP(INDEX('Cenários'!$F$6:$F$105,INT((ROW()-6)/12)+1)*$H41,0),"")) | K41: =IF($A41="","",IF($E41=-4,INDEX('Cenários'!$G$6:$G$105,INT((ROW()-6)/12)+1),$S40)) | L41: =IF($A41="","",$K41+IF($J41="",0,$J41)-IF($I41="",0,$I41)) | M41: =IF($A41="","",IF($E41<=0,INDEX('Cenários'!$H$6:$H$105,INT((ROW()-6)/12)+1)+SUMIFS($I$6:$I$1205,$A$6:$A$1205,$A41,$E$6:$E$1205,">"&$E41,$E$6:$E$1205,"<="&($E41+INDEX('Cenários'!$J$6:$J$105,INT((ROW()-6)/12)+1))),INDEX('Cenários'!$L$6:$L$105,INT((ROW()-6)/12)+1)+SUMIFS($I$6:$I$1205,$A$6:$A$1205,$A41,$E$6:$E$1205,">"&$E41,$E$6:$E$1205,"<=7"))) | N41: =IF($A41="","",MIN(INDEX('Cenários'!$K$6:$K$105,INT((ROW()-6)/12)+1),MAX(0,$M41))) | O41: =IF($A41="","",IFERROR(IF($L41>=$N41,0,MIN(CEILING(MAX(0,$N41-$L41),INDEX('Cenários'!$I$6:$I$105,INT((ROW()-6)/12)+1)),FLOOR(MAX(0,INDEX('Cenários'!$K$6:$K$105,INT((ROW()-6)/12)+1)-$L41),INDEX('Cenários'!$I$6:$I$105,INT((ROW()-6)/12)+1)))),0)) | P41: =IF($A41="","",IFERROR(IF($E41+INDEX('Cenários'!$J$6:$J$105,INT((ROW()-6)/12)+1)>7,0,SUMIFS($O$6:$O$1205,$A$6:$A$1205,$A41,$E$6:$E$1205,$E41+INDEX('Cenários'!$J$6:$J$105,INT((ROW()-6)/12)+1))),0)) | Q41: =IF($A41="","",$L41+$O41) | R41: =IF($A41="","",IF($E41>0,MAX(0,$Q41-$N41),0)) | S41: =IF($A41="","",$Q41-$R41) | T41: =IF($A41="","",MAX(0,-$S41)) | U41: =IF($A41="","",MAX(0,$Q41-INDEX('Cenários'!$K$6:$K$105,INT((ROW()-6)/12)+1))) | V41: =IF($A41="","",IF($Y41<>"OK","Dados inválidos",IF($X41="Pausado","Pausado",IF($T41>0,"Ruptura",IF($U41>0,"Excesso de capacidade",IF($M41>INDEX('Cenários'!$K$6:$K$105,INT((ROW()-6)/12)+1),"Capacidade insuficiente",IF(AND($E41<=0,$S41<INDEX('Cenários'!$H$6:$H$105,INT((ROW()-6)/12)+1)),"Atenção",IF($R41>0,"Desmobilizar","Adequado")))))))) | W41: =IF($A41="","",IF($Y41<>"OK","Corrigir cadastro do cenário",IF($X41="Pausado","",IF($T41>0,"Ruptura projetada de "&TEXT($T41,"0")&" un.",IF($U41>0,"Reduzir entrada ou transferir "&TEXT($U41,"0")&" un.",IF($M41>INDEX('Cenários'!$K$6:$K$105,INT((ROW()-6)/12)+1),"Capacidade abaixo do saldo-alvo em "&TEXT($M41-INDEX('Cenários'!$K$6:$K$105,INT((ROW()-6)/12)+1),"0")&" un.",IF(AND($O41>0,$E41-INDEX('Cenários'!$J$6:$J$105,INT((ROW()-6)/12)+1)<-4),"Recebimento depende de pedido anterior ao horizonte",IF($R41>0,"Desmobilizar "&TEXT($R41,"0")&" un. nesta semana",IF($P41>0,"Emitir pedido de "&TEXT($P41,"0")&" un. nesta semana",IF($O41>0,"Programar recebimento de "&TEXT($O41,"0")&" un.","Sem ação imediata"))))))))) | X41: =IF($A41="","",INDEX('Cenários'!$M$6:$M$105,INT((ROW()-6)/12)+1)) | Y41: =IF($A41="","",INDEX('Cenários'!$Z$6:$Z$105,INT((ROW()-6)/12)+1))
A42: =IF(INDEX('Cenários'!$A$6:$A$105,INT((ROW()-6)/12)+1)="","",INDEX('Cenários'!$A$6:$A$105,INT((ROW()-6)/12)+1)) | B42: =IF($A42="","",INDEX('Cenários'!$B$6:$B$105,INT((ROW()-6)/12)+1)) | C42: =IF($A42="","",INDEX('Cenários'!$C$6:$C$105,INT((ROW()-6)/12)+1)) | D42: =IF($A42="","",INDEX('Cenários'!$D$6:$D$105,INT((ROW()-6)/12)+1)) | E42: =IF($A42="","",MOD(ROW()-6,12)-4) | F42: =IF($A42="","",IF($E42<0,"Antes do pico",IF($E42=0,"Semana de pico","Depois do pico"))) | G42: =IF($A42="","",IFERROR(IF(INDEX('Cenários'!$E$6:$E$105,INT((ROW()-6)/12)+1)="","",INDEX('Cenários'!$E$6:$E$105,INT((ROW()-6)/12)+1)+7*$E42),"")) | H42: =IF($A42="","",INDEX('Cenários'!$N$6:$Y$105,INT((ROW()-6)/12)+1,$E42+5)) | I42: =IF(OR($A42="",$H42=""),"",IFERROR(ROUNDUP(INDEX('Cenários'!$F$6:$F$105,INT((ROW()-6)/12)+1)*$H42,0),"")) | K42: =IF($A42="","",IF($E42=-4,INDEX('Cenários'!$G$6:$G$105,INT((ROW()-6)/12)+1),$S41)) | L42: =IF($A42="","",$K42+IF($J42="",0,$J42)-IF($I42="",0,$I42)) | M42: =IF($A42="","",IF($E42<=0,INDEX('Cenários'!$H$6:$H$105,INT((ROW()-6)/12)+1)+SUMIFS($I$6:$I$1205,$A$6:$A$1205,$A42,$E$6:$E$1205,">"&$E42,$E$6:$E$1205,"<="&($E42+INDEX('Cenários'!$J$6:$J$105,INT((ROW()-6)/12)+1))),INDEX('Cenários'!$L$6:$L$105,INT((ROW()-6)/12)+1)+SUMIFS($I$6:$I$1205,$A$6:$A$1205,$A42,$E$6:$E$1205,">"&$E42,$E$6:$E$1205,"<=7"))) | N42: =IF($A42="","",MIN(INDEX('Cenários'!$K$6:$K$105,INT((ROW()-6)/12)+1),MAX(0,$M42))) | O42: =IF($A42="","",IFERROR(IF($L42>=$N42,0,MIN(CEILING(MAX(0,$N42-$L42),INDEX('Cenários'!$I$6:$I$105,INT((ROW()-6)/12)+1)),FLOOR(MAX(0,INDEX('Cenários'!$K$6:$K$105,INT((ROW()-6)/12)+1)-$L42),INDEX('Cenários'!$I$6:$I$105,INT((ROW()-6)/12)+1)))),0)) | P42: =IF($A42="","",IFERROR(IF($E42+INDEX('Cenários'!$J$6:$J$105,INT((ROW()-6)/12)+1)>7,0,SUMIFS($O$6:$O$1205,$A$6:$A$1205,$A42,$E$6:$E$1205,$E42+INDEX('Cenários'!$J$6:$J$105,INT((ROW()-6)/12)+1))),0)) | Q42: =IF($A42="","",$L42+$O42) | R42: =IF($A42="","",IF($E42>0,MAX(0,$Q42-$N42),0)) | S42: =IF($A42="","",$Q42-$R42) | T42: =IF($A42="","",MAX(0,-$S42)) | U42: =IF($A42="","",MAX(0,$Q42-INDEX('Cenários'!$K$6:$K$105,INT((ROW()-6)/12)+1))) | V42: =IF($A42="","",IF($Y42<>"OK","Dados inválidos",IF($X42="Pausado","Pausado",IF($T42>0,"Ruptura",IF($U42>0,"Excesso de capacidade",IF($M42>INDEX('Cenários'!$K$6:$K$105,INT((ROW()-6)/12)+1),"Capacidade insuficiente",IF(AND($E42<=0,$S42<INDEX('Cenários'!$H$6:$H$105,INT((ROW()-6)/12)+1)),"Atenção",IF($R42>0,"Desmobilizar","Adequado")))))))) | W42: =IF($A42="","",IF($Y42<>"OK","Corrigir cadastro do cenário",IF($X42="Pausado","",IF($T42>0,"Ruptura projetada de "&TEXT($T42,"0")&" un.",IF($U42>0,"Reduzir entrada ou transferir "&TEXT($U42,"0")&" un.",IF($M42>INDEX('Cenários'!$K$6:$K$105,INT((ROW()-6)/12)+1),"Capacidade abaixo do saldo-alvo em "&TEXT($M42-INDEX('Cenários'!$K$6:$K$105,INT((ROW()-6)/12)+1),"0")&" un.",IF(AND($O42>0,$E42-INDEX('Cenários'!$J$6:$J$105,INT((ROW()-6)/12)+1)<-4),"Recebimento depende de pedido anterior ao horizonte",IF($R42>0,"Desmobilizar "&TEXT($R42,"0")&" un. nesta semana",IF($P42>0,"Emitir pedido de "&TEXT($P42,"0")&" un. nesta semana",IF($O42>0,"Programar recebimento de "&TEXT($O42,"0")&" un.","Sem ação imediata"))))))))) | X42: =IF($A42="","",INDEX('Cenários'!$M$6:$M$105,INT((ROW()-6)/12)+1)) | Y42: =IF($A42="","",INDEX('Cenários'!$Z$6:$Z$105,INT((ROW()-6)/12)+1))
A43: =IF(INDEX('Cenários'!$A$6:$A$105,INT((ROW()-6)/12)+1)="","",INDEX('Cenários'!$A$6:$A$105,INT((ROW()-6)/12)+1)) | B43: =IF($A43="","",INDEX('Cenários'!$B$6:$B$105,INT((ROW()-6)/12)+1)) | C43: =IF($A43="","",INDEX('Cenários'!$C$6:$C$105,INT((ROW()-6)/12)+1)) | D43: =IF($A43="","",INDEX('Cenários'!$D$6:$D$105,INT((ROW()-6)/12)+1)) | E43: =IF($A43="","",MOD(ROW()-6,12)-4) | F43: =IF($A43="","",IF($E43<0,"Antes do pico",IF($E43=0,"Semana de pico","Depois do pico"))) | G43: =IF($A43="","",IFERROR(IF(INDEX('Cenários'!$E$6:$E$105,INT((ROW()-6)/12)+1)="","",INDEX('Cenários'!$E$6:$E$105,INT((ROW()-6)/12)+1)+7*$E43),"")) | H43: =IF($A43="","",INDEX('Cenários'!$N$6:$Y$105,INT((ROW()-6)/12)+1,$E43+5)) | I43: =IF(OR($A43="",$H43=""),"",IFERROR(ROUNDUP(INDEX('Cenários'!$F$6:$F$105,INT((ROW()-6)/12)+1)*$H43,0),"")) | K43: =IF($A43="","",IF($E43=-4,INDEX('Cenários'!$G$6:$G$105,INT((ROW()-6)/12)+1),$S42)) | L43: =IF($A43="","",$K43+IF($J43="",0,$J43)-IF($I43="",0,$I43)) | M43: =IF($A43="","",IF($E43<=0,INDEX('Cenários'!$H$6:$H$105,INT((ROW()-6)/12)+1)+SUMIFS($I$6:$I$1205,$A$6:$A$1205,$A43,$E$6:$E$1205,">"&$E43,$E$6:$E$1205,"<="&($E43+INDEX('Cenários'!$J$6:$J$105,INT((ROW()-6)/12)+1))),INDEX('Cenários'!$L$6:$L$105,INT((ROW()-6)/12)+1)+SUMIFS($I$6:$I$1205,$A$6:$A$1205,$A43,$E$6:$E$1205,">"&$E43,$E$6:$E$1205,"<=7"))) | N43: =IF($A43="","",MIN(INDEX('Cenários'!$K$6:$K$105,INT((ROW()-6)/12)+1),MAX(0,$M43))) | O43: =IF($A43="","",IFERROR(IF($L43>=$N43,0,MIN(CEILING(MAX(0,$N43-$L43),INDEX('Cenários'!$I$6:$I$105,INT((ROW()-6)/12)+1)),FLOOR(MAX(0,INDEX('Cenários'!$K$6:$K$105,INT((ROW()-6)/12)+1)-$L43),INDEX('Cenários'!$I$6:$I$105,INT((ROW()-6)/12)+1)))),0)) | P43: =IF($A43="","",IFERROR(IF($E43+INDEX('Cenários'!$J$6:$J$105,INT((ROW()-6)/12)+1)>7,0,SUMIFS($O$6:$O$1205,$A$6:$A$1205,$A43,$E$6:$E$1205,$E43+INDEX('Cenários'!$J$6:$J$105,INT((ROW()-6)/12)+1))),0)) | Q43: =IF($A43="","",$L43+$O43) | R43: =IF($A43="","",IF($E43>0,MAX(0,$Q43-$N43),0)) | S43: =IF($A43="","",$Q43-$R43) | T43: =IF($A43="","",MAX(0,-$S43)) | U43: =IF($A43="","",MAX(0,$Q43-INDEX('Cenários'!$K$6:$K$105,INT((ROW()-6)/12)+1))) | V43: =IF($A43="","",IF($Y43<>"OK","Dados inválidos",IF($X43="Pausado","Pausado",IF($T43>0,"Ruptura",IF($U43>0,"Excesso de capacidade",IF($M43>INDEX('Cenários'!$K$6:$K$105,INT((ROW()-6)/12)+1),"Capacidade insuficiente",IF(AND($E43<=0,$S43<INDEX('Cenários'!$H$6:$H$105,INT((ROW()-6)/12)+1)),"Atenção",IF($R43>0,"Desmobilizar","Adequado")))))))) | W43: =IF($A43="","",IF($Y43<>"OK","Corrigir cadastro do cenário",IF($X43="Pausado","",IF($T43>0,"Ruptura projetada de "&TEXT($T43,"0")&" un.",IF($U43>0,"Reduzir entrada ou transferir "&TEXT($U43,"0")&" un.",IF($M43>INDEX('Cenários'!$K$6:$K$105,INT((ROW()-6)/12)+1),"Capacidade abaixo do saldo-alvo em "&TEXT($M43-INDEX('Cenários'!$K$6:$K$105,INT((ROW()-6)/12)+1),"0")&" un.",IF(AND($O43>0,$E43-INDEX('Cenários'!$J$6:$J$105,INT((ROW()-6)/12)+1)<-4),"Recebimento depende de pedido anterior ao horizonte",IF($R43>0,"Desmobilizar "&TEXT($R43,"0")&" un. nesta semana",IF($P43>0,"Emitir pedido de "&TEXT($P43,"0")&" un. nesta semana",IF($O43>0,"Programar recebimento de "&TEXT($O43,"0")&" un.","Sem ação imediata"))))))))) | X43: =IF($A43="","",INDEX('Cenários'!$M$6:$M$105,INT((ROW()-6)/12)+1)) | Y43: =IF($A43="","",INDEX('Cenários'!$Z$6:$Z$105,INT((ROW()-6)/12)+1))
A44: =IF(INDEX('Cenários'!$A$6:$A$105,INT((ROW()-6)/12)+1)="","",INDEX('Cenários'!$A$6:$A$105,INT((ROW()-6)/12)+1)) | B44: =IF($A44="","",INDEX('Cenários'!$B$6:$B$105,INT((ROW()-6)/12)+1)) | C44: =IF($A44="","",INDEX('Cenários'!$C$6:$C$105,INT((ROW()-6)/12)+1)) | D44: =IF($A44="","",INDEX('Cenários'!$D$6:$D$105,INT((ROW()-6)/12)+1)) | E44: =IF($A44="","",MOD(ROW()-6,12)-4) | F44: =IF($A44="","",IF($E44<0,"Antes do pico",IF($E44=0,"Semana de pico","Depois do pico"))) | G44: =IF($A44="","",IFERROR(IF(INDEX('Cenários'!$E$6:$E$105,INT((ROW()-6)/12)+1)="","",INDEX('Cenários'!$E$6:$E$105,INT((ROW()-6)/12)+1)+7*$E44),"")) | H44: =IF($A44="","",INDEX('Cenários'!$N$6:$Y$105,INT((ROW()-6)/12)+1,$E44+5)) | I44: =IF(OR($A44="",$H44=""),"",IFERROR(ROUNDUP(INDEX('Cenários'!$F$6:$F$105,INT((ROW()-6)/12)+1)*$H44,0),"")) | J44: 60 | K44: =IF($A44="","",IF($E44=-4,INDEX('Cenários'!$G$6:$G$105,INT((ROW()-6)/12)+1),$S43)) | L44: =IF($A44="","",$K44+IF($J44="",0,$J44)-IF($I44="",0,$I44)) | M44: =IF($A44="","",IF($E44<=0,INDEX('Cenários'!$H$6:$H$105,INT((ROW()-6)/12)+1)+SUMIFS($I$6:$I$1205,$A$6:$A$1205,$A44,$E$6:$E$1205,">"&$E44,$E$6:$E$1205,"<="&($E44+INDEX('Cenários'!$J$6:$J$105,INT((ROW()-6)/12)+1))),INDEX('Cenários'!$L$6:$L$105,INT((ROW()-6)/12)+1)+SUMIFS($I$6:$I$1205,$A$6:$A$1205,$A44,$E$6:$E$1205,">"&$E44,$E$6:$E$1205,"<=7"))) | N44: =IF($A44="","",MIN(INDEX('Cenários'!$K$6:$K$105,INT((ROW()-6)/12)+1),MAX(0,$M44))) | O44: =IF($A44="","",IFERROR(IF($L44>=$N44,0,MIN(CEILING(MAX(0,$N44-$L44),INDEX('Cenários'!$I$6:$I$105,INT((ROW()-6)/12)+1)),FLOOR(MAX(0,INDEX('Cenários'!$K$6:$K$105,INT((ROW()-6)/12)+1)-$L44),INDEX('Cenários'!$I$6:$I$105,INT((ROW()-6)/12)+1)))),0)) | P44: =IF($A44="","",IFERROR(IF($E44+INDEX('Cenários'!$J$6:$J$105,INT((ROW()-6)/12)+1)>7,0,SUMIFS($O$6:$O$1205,$A$6:$A$1205,$A44,$E$6:$E$1205,$E44+INDEX('Cenários'!$J$6:$J$105,INT((ROW()-6)/12)+1))),0)) | Q44: =IF($A44="","",$L44+$O44) | R44: =IF($A44="","",IF($E44>0,MAX(0,$Q44-$N44),0)) | S44: =IF($A44="","",$Q44-$R44) | T44: =IF($A44="","",MAX(0,-$S44)) | U44: =IF($A44="","",MAX(0,$Q44-INDEX('Cenários'!$K$6:$K$105,INT((ROW()-6)/12)+1))) | V44: =IF($A44="","",IF($Y44<>"OK","Dados inválidos",IF($X44="Pausado","Pausado",IF($T44>0,"Ruptura",IF($U44>0,"Excesso de capacidade",IF($M44>INDEX('Cenários'!$K$6:$K$105,INT((ROW()-6)/12)+1),"Capacidade insuficiente",IF(AND($E44<=0,$S44<INDEX('Cenários'!$H$6:$H$105,INT((ROW()-6)/12)+1)),"Atenção",IF($R44>0,"Desmobilizar","Adequado")))))))) | W44: =IF($A44="","",IF($Y44<>"OK","Corrigir cadastro do cenário",IF($X44="Pausado","",IF($T44>0,"Ruptura projetada de "&TEXT($T44,"0")&" un.",IF($U44>0,"Reduzir entrada ou transferir "&TEXT($U44,"0")&" un.",IF($M44>INDEX('Cenários'!$K$6:$K$105,INT((ROW()-6)/12)+1),"Capacidade abaixo do saldo-alvo em "&TEXT($M44-INDEX('Cenários'!$K$6:$K$105,INT((ROW()-6)/12)+1),"0")&" un.",IF(AND($O44>0,$E44-INDEX('Cenários'!$J$6:$J$105,INT((ROW()-6)/12)+1)<-4),"Recebimento depende de pedido anterior ao horizonte",IF($R44>0,"Desmobilizar "&TEXT($R44,"0")&" un. nesta semana",IF($P44>0,"Emitir pedido de "&TEXT($P44,"0")&" un. nesta semana",IF($O44>0,"Programar recebimento de "&TEXT($O44,"0")&" un.","Sem ação imediata"))))))))) | X44: =IF($A44="","",INDEX('Cenários'!$M$6:$M$105,INT((ROW()-6)/12)+1)) | Y44: =IF($A44="","",INDEX('Cenários'!$Z$6:$Z$105,INT((ROW()-6)/12)+1))
A45: =IF(INDEX('Cenários'!$A$6:$A$105,INT((ROW()-6)/12)+1)="","",INDEX('Cenários'!$A$6:$A$105,INT((ROW()-6)/12)+1)) | B45: =IF($A45="","",INDEX('Cenários'!$B$6:$B$105,INT((ROW()-6)/12)+1)) | C45: =IF($A45="","",INDEX('Cenários'!$C$6:$C$105,INT((ROW()-6)/12)+1)) | D45: =IF($A45="","",INDEX('Cenários'!$D$6:$D$105,INT((ROW()-6)/12)+1)) | E45: =IF($A45="","",MOD(ROW()-6,12)-4) | F45: =IF($A45="","",IF($E45<0,"Antes do pico",IF($E45=0,"Semana de pico","Depois do pico"))) | G45: =IF($A45="","",IFERROR(IF(INDEX('Cenários'!$E$6:$E$105,INT((ROW()-6)/12)+1)="","",INDEX('Cenários'!$E$6:$E$105,INT((ROW()-6)/12)+1)+7*$E45),"")) | H45: =IF($A45="","",INDEX('Cenários'!$N$6:$Y$105,INT((ROW()-6)/12)+1,$E45+5)) | I45: =IF(OR($A45="",$H45=""),"",IFERROR(ROUNDUP(INDEX('Cenários'!$F$6:$F$105,INT((ROW()-6)/12)+1)*$H45,0),"")) | K45: =IF($A45="","",IF($E45=-4,INDEX('Cenários'!$G$6:$G$105,INT((ROW()-6)/12)+1),$S44)) | L45: =IF($A45="","",$K45+IF($J45="",0,$J45)-IF($I45="",0,$I45)) | M45: =IF($A45="","",IF($E45<=0,INDEX('Cenários'!$H$6:$H$105,INT((ROW()-6)/12)+1)+SUMIFS($I$6:$I$1205,$A$6:$A$1205,$A45,$E$6:$E$1205,">"&$E45,$E$6:$E$1205,"<="&($E45+INDEX('Cenários'!$J$6:$J$105,INT((ROW()-6)/12)+1))),INDEX('Cenários'!$L$6:$L$105,INT((ROW()-6)/12)+1)+SUMIFS($I$6:$I$1205,$A$6:$A$1205,$A45,$E$6:$E$1205,">"&$E45,$E$6:$E$1205,"<=7"))) | N45: =IF($A45="","",MIN(INDEX('Cenários'!$K$6:$K$105,INT((ROW()-6)/12)+1),MAX(0,$M45))) | O45: =IF($A45="","",IFERROR(IF($L45>=$N45,0,MIN(CEILING(MAX(0,$N45-$L45),INDEX('Cenários'!$I$6:$I$105,INT((ROW()-6)/12)+1)),FLOOR(MAX(0,INDEX('Cenários'!$K$6:$K$105,INT((ROW()-6)/12)+1)-$L45),INDEX('Cenários'!$I$6:$I$105,INT((ROW()-6)/12)+1)))),0)) | P45: =IF($A45="","",IFERROR(IF($E45+INDEX('Cenários'!$J$6:$J$105,INT((ROW()-6)/12)+1)>7,0,SUMIFS($O$6:$O$1205,$A$6:$A$1205,$A45,$E$6:$E$1205,$E45+INDEX('Cenários'!$J$6:$J$105,INT((ROW()-6)/12)+1))),0)) | Q45: =IF($A45="","",$L45+$O45) | R45: =IF($A45="","",IF($E45>0,MAX(0,$Q45-$N45),0)) | S45: =IF($A45="","",$Q45-$R45) | T45: =IF($A45="","",MAX(0,-$S45)) | U45: =IF($A45="","",MAX(0,$Q45-INDEX('Cenários'!$K$6:$K$105,INT((ROW()-6)/12)+1))) | V45: =IF($A45="","",IF($Y45<>"OK","Dados inválidos",IF($X45="Pausado","Pausado",IF($T45>0,"Ruptura",IF($U45>0,"Excesso de capacidade",IF($M45>INDEX('Cenários'!$K$6:$K$105,INT((ROW()-6)/12)+1),"Capacidade insuficiente",IF(AND($E45<=0,$S45<INDEX('Cenários'!$H$6:$H$105,INT((ROW()-6)/12)+1)),"Atenção",IF($R45>0,"Desmobilizar","Adequado")))))))) | W45: =IF($A45="","",IF($Y45<>"OK","Corrigir cadastro do cenário",IF($X45="Pausado","",IF($T45>0,"Ruptura projetada de "&TEXT($T45,"0")&" un.",IF($U45>0,"Reduzir entrada ou transferir "&TEXT($U45,"0")&" un.",IF($M45>INDEX('Cenários'!$K$6:$K$105,INT((ROW()-6)/12)+1),"Capacidade abaixo do saldo-alvo em "&TEXT($M45-INDEX('Cenários'!$K$6:$K$105,INT((ROW()-6)/12)+1),"0")&" un.",IF(AND($O45>0,$E45-INDEX('Cenários'!$J$6:$J$105,INT((ROW()-6)/12)+1)<-4),"Recebimento depende de pedido anterior ao horizonte",IF($R45>0,"Desmobilizar "&TEXT($R45,"0")&" un. nesta semana",IF($P45>0,"Emitir pedido de "&TEXT($P45,"0")&" un. nesta semana",IF($O45>0,"Programar recebimento de "&TEXT($O45,"0")&" un.","Sem ação imediata"))))))))) | X45: =IF($A45="","",INDEX('Cenários'!$M$6:$M$105,INT((ROW()-6)/12)+1)) | Y45: =IF($A45="","",INDEX('Cenários'!$Z$6:$Z$105,INT((ROW()-6)/12)+1))
A46: =IF(INDEX('Cenários'!$A$6:$A$105,INT((ROW()-6)/12)+1)="","",INDEX('Cenários'!$A$6:$A$105,INT((ROW()-6)/12)+1)) | B46: =IF($A46="","",INDEX('Cenários'!$B$6:$B$105,INT((ROW()-6)/12)+1)) | C46: =IF($A46="","",INDEX('Cenários'!$C$6:$C$105,INT((ROW()-6)/12)+1)) | D46: =IF($A46="","",INDEX('Cenários'!$D$6:$D$105,INT((ROW()-6)/12)+1)) | E46: =IF($A46="","",MOD(ROW()-6,12)-4) | F46: =IF($A46="","",IF($E46<0,"Antes do pico",IF($E46=0,"Semana de pico","Depois do pico"))) | G46: =IF($A46="","",IFERROR(IF(INDEX('Cenários'!$E$6:$E$105,INT((ROW()-6)/12)+1)="","",INDEX('Cenários'!$E$6:$E$105,INT((ROW()-6)/12)+1)+7*$E46),"")) | H46: =IF($A46="","",INDEX('Cenários'!$N$6:$Y$105,INT((ROW()-6)/12)+1,$E46+5)) | I46: =IF(OR($A46="",$H46=""),"",IFERROR(ROUNDUP(INDEX('Cenários'!$F$6:$F$105,INT((ROW()-6)/12)+1)*$H46,0),"")) | K46: =IF($A46="","",IF($E46=-4,INDEX('Cenários'!$G$6:$G$105,INT((ROW()-6)/12)+1),$S45)) | L46: =IF($A46="","",$K46+IF($J46="",0,$J46)-IF($I46="",0,$I46)) | M46: =IF($A46="","",IF($E46<=0,INDEX('Cenários'!$H$6:$H$105,INT((ROW()-6)/12)+1)+SUMIFS($I$6:$I$1205,$A$6:$A$1205,$A46,$E$6:$E$1205,">"&$E46,$E$6:$E$1205,"<="&($E46+INDEX('Cenários'!$J$6:$J$105,INT((ROW()-6)/12)+1))),INDEX('Cenários'!$L$6:$L$105,INT((ROW()-6)/12)+1)+SUMIFS($I$6:$I$1205,$A$6:$A$1205,$A46,$E$6:$E$1205,">"&$E46,$E$6:$E$1205,"<=7"))) | N46: =IF($A46="","",MIN(INDEX('Cenários'!$K$6:$K$105,INT((ROW()-6)/12)+1),MAX(0,$M46))) | O46: =IF($A46="","",IFERROR(IF($L46>=$N46,0,MIN(CEILING(MAX(0,$N46-$L46),INDEX('Cenários'!$I$6:$I$105,INT((ROW()-6)/12)+1)),FLOOR(MAX(0,INDEX('Cenários'!$K$6:$K$105,INT((ROW()-6)/12)+1)-$L46),INDEX('Cenários'!$I$6:$I$105,INT((ROW()-6)/12)+1)))),0)) | P46: =IF($A46="","",IFERROR(IF($E46+INDEX('Cenários'!$J$6:$J$105,INT((ROW()-6)/12)+1)>7,0,SUMIFS($O$6:$O$1205,$A$6:$A$1205,$A46,$E$6:$E$1205,$E46+INDEX('Cenários'!$J$6:$J$105,INT((ROW()-6)/12)+1))),0)) | Q46: =IF($A46="","",$L46+$O46) | R46: =IF($A46="","",IF($E46>0,MAX(0,$Q46-$N46),0)) | S46: =IF($A46="","",$Q46-$R46) | T46: =IF($A46="","",MAX(0,-$S46)) | U46: =IF($A46="","",MAX(0,$Q46-INDEX('Cenários'!$K$6:$K$105,INT((ROW()-6)/12)+1))) | V46: =IF($A46="","",IF($Y46<>"OK","Dados inválidos",IF($X46="Pausado","Pausado",IF($T46>0,"Ruptura",IF($U46>0,"Excesso de capacidade",IF($M46>INDEX('Cenários'!$K$6:$K$105,INT((ROW()-6)/12)+1),"Capacidade insuficiente",IF(AND($E46<=0,$S46<INDEX('Cenários'!$H$6:$H$105,INT((ROW()-6)/12)+1)),"Atenção",IF($R46>0,"Desmobilizar","Adequado")))))))) | W46: =IF($A46="","",IF($Y46<>"OK","Corrigir cadastro do cenário",IF($X46="Pausado","",IF($T46>0,"Ruptura projetada de "&TEXT($T46,"0")&" un.",IF($U46>0,"Reduzir entrada ou transferir "&TEXT($U46,"0")&" un.",IF($M46>INDEX('Cenários'!$K$6:$K$105,INT((ROW()-6)/12)+1),"Capacidade abaixo do saldo-alvo em "&TEXT($M46-INDEX('Cenários'!$K$6:$K$105,INT((ROW()-6)/12)+1),"0")&" un.",IF(AND($O46>0,$E46-INDEX('Cenários'!$J$6:$J$105,INT((ROW()-6)/12)+1)<-4),"Recebimento depende de pedido anterior ao horizonte",IF($R46>0,"Desmobilizar "&TEXT($R46,"0")&" un. nesta semana",IF($P46>0,"Emitir pedido de "&TEXT($P46,"0")&" un. nesta semana",IF($O46>0,"Programar recebimento de "&TEXT($O46,"0")&" un.","Sem ação imediata"))))))))) | X46: =IF($A46="","",INDEX('Cenários'!$M$6:$M$105,INT((ROW()-6)/12)+1)) | Y46: =IF($A46="","",INDEX('Cenários'!$Z$6:$Z$105,INT((ROW()-6)/12)+1))
A47: =IF(INDEX('Cenários'!$A$6:$A$105,INT((ROW()-6)/12)+1)="","",INDEX('Cenários'!$A$6:$A$105,INT((ROW()-6)/12)+1)) | B47: =IF($A47="","",INDEX('Cenários'!$B$6:$B$105,INT((ROW()-6)/12)+1)) | C47: =IF($A47="","",INDEX('Cenários'!$C$6:$C$105,INT((ROW()-6)/12)+1)) | D47: =IF($A47="","",INDEX('Cenários'!$D$6:$D$105,INT((ROW()-6)/12)+1)) | E47: =IF($A47="","",MOD(ROW()-6,12)-4) | F47: =IF($A47="","",IF($E47<0,"Antes do pico",IF($E47=0,"Semana de pico","Depois do pico"))) | G47: =IF($A47="","",IFERROR(IF(INDEX('Cenários'!$E$6:$E$105,INT((ROW()-6)/12)+1)="","",INDEX('Cenários'!$E$6:$E$105,INT((ROW()-6)/12)+1)+7*$E47),"")) | H47: =IF($A47="","",INDEX('Cenários'!$N$6:$Y$105,INT((ROW()-6)/12)+1,$E47+5)) | I47: =IF(OR($A47="",$H47=""),"",IFERROR(ROUNDUP(INDEX('Cenários'!$F$6:$F$105,INT((ROW()-6)/12)+1)*$H47,0),"")) | K47: =IF($A47="","",IF($E47=-4,INDEX('Cenários'!$G$6:$G$105,INT((ROW()-6)/12)+1),$S46)) | L47: =IF($A47="","",$K47+IF($J47="",0,$J47)-IF($I47="",0,$I47)) | M47: =IF($A47="","",IF($E47<=0,INDEX('Cenários'!$H$6:$H$105,INT((ROW()-6)/12)+1)+SUMIFS($I$6:$I$1205,$A$6:$A$1205,$A47,$E$6:$E$1205,">"&$E47,$E$6:$E$1205,"<="&($E47+INDEX('Cenários'!$J$6:$J$105,INT((ROW()-6)/12)+1))),INDEX('Cenários'!$L$6:$L$105,INT((ROW()-6)/12)+1)+SUMIFS($I$6:$I$1205,$A$6:$A$1205,$A47,$E$6:$E$1205,">"&$E47,$E$6:$E$1205,"<=7"))) | N47: =IF($A47="","",MIN(INDEX('Cenários'!$K$6:$K$105,INT((ROW()-6)/12)+1),MAX(0,$M47))) | O47: =IF($A47="","",IFERROR(IF($L47>=$N47,0,MIN(CEILING(MAX(0,$N47-$L47),INDEX('Cenários'!$I$6:$I$105,INT((ROW()-6)/12)+1)),FLOOR(MAX(0,INDEX('Cenários'!$K$6:$K$105,INT((ROW()-6)/12)+1)-$L47),INDEX('Cenários'!$I$6:$I$105,INT((ROW()-6)/12)+1)))),0)) | P47: =IF($A47="","",IFERROR(IF($E47+INDEX('Cenários'!$J$6:$J$105,INT((ROW()-6)/12)+1)>7,0,SUMIFS($O$6:$O$1205,$A$6:$A$1205,$A47,$E$6:$E$1205,$E47+INDEX('Cenários'!$J$6:$J$105,INT((ROW()-6)/12)+1))),0)) | Q47: =IF($A47="","",$L47+$O47) | R47: =IF($A47="","",IF($E47>0,MAX(0,$Q47-$N47),0)) | S47: =IF($A47="","",$Q47-$R47) | T47: =IF($A47="","",MAX(0,-$S47)) | U47: =IF($A47="","",MAX(0,$Q47-INDEX('Cenários'!$K$6:$K$105,INT((ROW()-6)/12)+1))) | V47: =IF($A47="","",IF($Y47<>"OK","Dados inválidos",IF($X47="Pausado","Pausado",IF($T47>0,"Ruptura",IF($U47>0,"Excesso de capacidade",IF($M47>INDEX('Cenários'!$K$6:$K$105,INT((ROW()-6)/12)+1),"Capacidade insuficiente",IF(AND($E47<=0,$S47<INDEX('Cenários'!$H$6:$H$105,INT((ROW()-6)/12)+1)),"Atenção",IF($R47>0,"Desmobilizar","Adequado")))))))) | W47: =IF($A47="","",IF($Y47<>"OK","Corrigir cadastro do cenário",IF($X47="Pausado","",IF($T47>0,"Ruptura projetada de "&TEXT($T47,"0")&" un.",IF($U47>0,"Reduzir entrada ou transferir "&TEXT($U47,"0")&" un.",IF($M47>INDEX('Cenários'!$K$6:$K$105,INT((ROW()-6)/12)+1),"Capacidade abaixo do saldo-alvo em "&TEXT($M47-INDEX('Cenários'!$K$6:$K$105,INT((ROW()-6)/12)+1),"0")&" un.",IF(AND($O47>0,$E47-INDEX('Cenários'!$J$6:$J$105,INT((ROW()-6)/12)+1)<-4),"Recebimento depende de pedido anterior ao horizonte",IF($R47>0,"Desmobilizar "&TEXT($R47,"0")&" un. nesta semana",IF($P47>0,"Emitir pedido de "&TEXT($P47,"0")&" un. nesta semana",IF($O47>0,"Programar recebimento de "&TEXT($O47,"0")&" un.","Sem ação imediata"))))))))) | X47: =IF($A47="","",INDEX('Cenários'!$M$6:$M$105,INT((ROW()-6)/12)+1)) | Y47: =IF($A47="","",INDEX('Cenários'!$Z$6:$Z$105,INT((ROW()-6)/12)+1))
A48: =IF(INDEX('Cenários'!$A$6:$A$105,INT((ROW()-6)/12)+1)="","",INDEX('Cenários'!$A$6:$A$105,INT((ROW()-6)/12)+1)) | B48: =IF($A48="","",INDEX('Cenários'!$B$6:$B$105,INT((ROW()-6)/12)+1)) | C48: =IF($A48="","",INDEX('Cenários'!$C$6:$C$105,INT((ROW()-6)/12)+1)) | D48: =IF($A48="","",INDEX('Cenários'!$D$6:$D$105,INT((ROW()-6)/12)+1)) | E48: =IF($A48="","",MOD(ROW()-6,12)-4) | F48: =IF($A48="","",IF($E48<0,"Antes do pico",IF($E48=0,"Semana de pico","Depois do pico"))) | G48: =IF($A48="","",IFERROR(IF(INDEX('Cenários'!$E$6:$E$105,INT((ROW()-6)/12)+1)="","",INDEX('Cenários'!$E$6:$E$105,INT((ROW()-6)/12)+1)+7*$E48),"")) | H48: =IF($A48="","",INDEX('Cenários'!$N$6:$Y$105,INT((ROW()-6)/12)+1,$E48+5)) | I48: =IF(OR($A48="",$H48=""),"",IFERROR(ROUNDUP(INDEX('Cenários'!$F$6:$F$105,INT((ROW()-6)/12)+1)*$H48,0),"")) | K48: =IF($A48="","",IF($E48=-4,INDEX('Cenários'!$G$6:$G$105,INT((ROW()-6)/12)+1),$S47)) | L48: =IF($A48="","",$K48+IF($J48="",0,$J48)-IF($I48="",0,$I48)) | M48: =IF($A48="","",IF($E48<=0,INDEX('Cenários'!$H$6:$H$105,INT((ROW()-6)/12)+1)+SUMIFS($I$6:$I$1205,$A$6:$A$1205,$A48,$E$6:$E$1205,">"&$E48,$E$6:$E$1205,"<="&($E48+INDEX('Cenários'!$J$6:$J$105,INT((ROW()-6)/12)+1))),INDEX('Cenários'!$L$6:$L$105,INT((ROW()-6)/12)+1)+SUMIFS($I$6:$I$1205,$A$6:$A$1205,$A48,$E$6:$E$1205,">"&$E48,$E$6:$E$1205,"<=7"))) | N48: =IF($A48="","",MIN(INDEX('Cenários'!$K$6:$K$105,INT((ROW()-6)/12)+1),MAX(0,$M48))) | O48: =IF($A48="","",IFERROR(IF($L48>=$N48,0,MIN(CEILING(MAX(0,$N48-$L48),INDEX('Cenários'!$I$6:$I$105,INT((ROW()-6)/12)+1)),FLOOR(MAX(0,INDEX('Cenários'!$K$6:$K$105,INT((ROW()-6)/12)+1)-$L48),INDEX('Cenários'!$I$6:$I$105,INT((ROW()-6)/12)+1)))),0)) | P48: =IF($A48="","",IFERROR(IF($E48+INDEX('Cenários'!$J$6:$J$105,INT((ROW()-6)/12)+1)>7,0,SUMIFS($O$6:$O$1205,$A$6:$A$1205,$A48,$E$6:$E$1205,$E48+INDEX('Cenários'!$J$6:$J$105,INT((ROW()-6)/12)+1))),0)) | Q48: =IF($A48="","",$L48+$O48) | R48: =IF($A48="","",IF($E48>0,MAX(0,$Q48-$N48),0)) | S48: =IF($A48="","",$Q48-$R48) | T48: =IF($A48="","",MAX(0,-$S48)) | U48: =IF($A48="","",MAX(0,$Q48-INDEX('Cenários'!$K$6:$K$105,INT((ROW()-6)/12)+1))) | V48: =IF($A48="","",IF($Y48<>"OK","Dados inválidos",IF($X48="Pausado","Pausado",IF($T48>0,"Ruptura",IF($U48>0,"Excesso de capacidade",IF($M48>INDEX('Cenários'!$K$6:$K$105,INT((ROW()-6)/12)+1),"Capacidade insuficiente",IF(AND($E48<=0,$S48<INDEX('Cenários'!$H$6:$H$105,INT((ROW()-6)/12)+1)),"Atenção",IF($R48>0,"Desmobilizar","Adequado")))))))) | W48: =IF($A48="","",IF($Y48<>"OK","Corrigir cadastro do cenário",IF($X48="Pausado","",IF($T48>0,"Ruptura projetada de "&TEXT($T48,"0")&" un.",IF($U48>0,"Reduzir entrada ou transferir "&TEXT($U48,"0")&" un.",IF($M48>INDEX('Cenários'!$K$6:$K$105,INT((ROW()-6)/12)+1),"Capacidade abaixo do saldo-alvo em "&TEXT($M48-INDEX('Cenários'!$K$6:$K$105,INT((ROW()-6)/12)+1),"0")&" un.",IF(AND($O48>0,$E48-INDEX('Cenários'!$J$6:$J$105,INT((ROW()-6)/12)+1)<-4),"Recebimento depende de pedido anterior ao horizonte",IF($R48>0,"Desmobilizar "&TEXT($R48,"0")&" un. nesta semana",IF($P48>0,"Emitir pedido de "&TEXT($P48,"0")&" un. nesta semana",IF($O48>0,"Programar recebimento de "&TEXT($O48,"0")&" un.","Sem ação imediata"))))))))) | X48: =IF($A48="","",INDEX('Cenários'!$M$6:$M$105,INT((ROW()-6)/12)+1)) | Y48: =IF($A48="","",INDEX('Cenários'!$Z$6:$Z$105,INT((ROW()-6)/12)+1))
A49: =IF(INDEX('Cenários'!$A$6:$A$105,INT((ROW()-6)/12)+1)="","",INDEX('Cenários'!$A$6:$A$105,INT((ROW()-6)/12)+1)) | B49: =IF($A49="","",INDEX('Cenários'!$B$6:$B$105,INT((ROW()-6)/12)+1)) | C49: =IF($A49="","",INDEX('Cenários'!$C$6:$C$105,INT((ROW()-6)/12)+1)) | D49: =IF($A49="","",INDEX('Cenários'!$D$6:$D$105,INT((ROW()-6)/12)+1)) | E49: =IF($A49="","",MOD(ROW()-6,12)-4) | F49: =IF($A49="","",IF($E49<0,"Antes do pico",IF($E49=0,"Semana de pico","Depois do pico"))) | G49: =IF($A49="","",IFERROR(IF(INDEX('Cenários'!$E$6:$E$105,INT((ROW()-6)/12)+1)="","",INDEX('Cenários'!$E$6:$E$105,INT((ROW()-6)/12)+1)+7*$E49),"")) | H49: =IF($A49="","",INDEX('Cenários'!$N$6:$Y$105,INT((ROW()-6)/12)+1,$E49+5)) | I49: =IF(OR($A49="",$H49=""),"",IFERROR(ROUNDUP(INDEX('Cenários'!$F$6:$F$105,INT((ROW()-6)/12)+1)*$H49,0),"")) | K49: =IF($A49="","",IF($E49=-4,INDEX('Cenários'!$G$6:$G$105,INT((ROW()-6)/12)+1),$S48)) | L49: =IF($A49="","",$K49+IF($J49="",0,$J49)-IF($I49="",0,$I49)) | M49: =IF($A49="","",IF($E49<=0,INDEX('Cenários'!$H$6:$H$105,INT((ROW()-6)/12)+1)+SUMIFS($I$6:$I$1205,$A$6:$A$1205,$A49,$E$6:$E$1205,">"&$E49,$E$6:$E$1205,"<="&($E49+INDEX('Cenários'!$J$6:$J$105,INT((ROW()-6)/12)+1))),INDEX('Cenários'!$L$6:$L$105,INT((ROW()-6)/12)+1)+SUMIFS($I$6:$I$1205,$A$6:$A$1205,$A49,$E$6:$E$1205,">"&$E49,$E$6:$E$1205,"<=7"))) | N49: =IF($A49="","",MIN(INDEX('Cenários'!$K$6:$K$105,INT((ROW()-6)/12)+1),MAX(0,$M49))) | O49: =IF($A49="","",IFERROR(IF($L49>=$N49,0,MIN(CEILING(MAX(0,$N49-$L49),INDEX('Cenários'!$I$6:$I$105,INT((ROW()-6)/12)+1)),FLOOR(MAX(0,INDEX('Cenários'!$K$6:$K$105,INT((ROW()-6)/12)+1)-$L49),INDEX('Cenários'!$I$6:$I$105,INT((ROW()-6)/12)+1)))),0)) | P49: =IF($A49="","",IFERROR(IF($E49+INDEX('Cenários'!$J$6:$J$105,INT((ROW()-6)/12)+1)>7,0,SUMIFS($O$6:$O$1205,$A$6:$A$1205,$A49,$E$6:$E$1205,$E49+INDEX('Cenários'!$J$6:$J$105,INT((ROW()-6)/12)+1))),0)) | Q49: =IF($A49="","",$L49+$O49) | R49: =IF($A49="","",IF($E49>0,MAX(0,$Q49-$N49),0)) | S49: =IF($A49="","",$Q49-$R49) | T49: =IF($A49="","",MAX(0,-$S49)) | U49: =IF($A49="","",MAX(0,$Q49-INDEX('Cenários'!$K$6:$K$105,INT((ROW()-6)/12)+1))) | V49: =IF($A49="","",IF($Y49<>"OK","Dados inválidos",IF($X49="Pausado","Pausado",IF($T49>0,"Ruptura",IF($U49>0,"Excesso de capacidade",IF($M49>INDEX('Cenários'!$K$6:$K$105,INT((ROW()-6)/12)+1),"Capacidade insuficiente",IF(AND($E49<=0,$S49<INDEX('Cenários'!$H$6:$H$105,INT((ROW()-6)/12)+1)),"Atenção",IF($R49>0,"Desmobilizar","Adequado")))))))) | W49: =IF($A49="","",IF($Y49<>"OK","Corrigir cadastro do cenário",IF($X49="Pausado","",IF($T49>0,"Ruptura projetada de "&TEXT($T49,"0")&" un.",IF($U49>0,"Reduzir entrada ou transferir "&TEXT($U49,"0")&" un.",IF($M49>INDEX('Cenários'!$K$6:$K$105,INT((ROW()-6)/12)+1),"Capacidade abaixo do saldo-alvo em "&TEXT($M49-INDEX('Cenários'!$K$6:$K$105,INT((ROW()-6)/12)+1),"0")&" un.",IF(AND($O49>0,$E49-INDEX('Cenários'!$J$6:$J$105,INT((ROW()-6)/12)+1)<-4),"Recebimento depende de pedido anterior ao horizonte",IF($R49>0,"Desmobilizar "&TEXT($R49,"0")&" un. nesta semana",IF($P49>0,"Emitir pedido de "&TEXT($P49,"0")&" un. nesta semana",IF($O49>0,"Programar recebimento de "&TEXT($O49,"0")&" un.","Sem ação imediata"))))))))) | X49: =IF($A49="","",INDEX('Cenários'!$M$6:$M$105,INT((ROW()-6)/12)+1)) | Y49: =IF($A49="","",INDEX('Cenários'!$Z$6:$Z$105,INT((ROW()-6)/12)+1))
A50: =IF(INDEX('Cenários'!$A$6:$A$105,INT((ROW()-6)/12)+1)="","",INDEX('Cenários'!$A$6:$A$105,INT((ROW()-6)/12)+1)) | B50: =IF($A50="","",INDEX('Cenários'!$B$6:$B$105,INT((ROW()-6)/12)+1)) | C50: =IF($A50="","",INDEX('Cenários'!$C$6:$C$105,INT((ROW()-6)/12)+1)) | D50: =IF($A50="","",INDEX('Cenários'!$D$6:$D$105,INT((ROW()-6)/12)+1)) | E50: =IF($A50="","",MOD(ROW()-6,12)-4) | F50: =IF($A50="","",IF($E50<0,"Antes do pico",IF($E50=0,"Semana de pico","Depois do pico"))) | G50: =IF($A50="","",IFERROR(IF(INDEX('Cenários'!$E$6:$E$105,INT((ROW()-6)/12)+1)="","",INDEX('Cenários'!$E$6:$E$105,INT((ROW()-6)/12)+1)+7*$E50),"")) | H50: =IF($A50="","",INDEX('Cenários'!$N$6:$Y$105,INT((ROW()-6)/12)+1,$E50+5)) | I50: =IF(OR($A50="",$H50=""),"",IFERROR(ROUNDUP(INDEX('Cenários'!$F$6:$F$105,INT((ROW()-6)/12)+1)*$H50,0),"")) | K50: =IF($A50="","",IF($E50=-4,INDEX('Cenários'!$G$6:$G$105,INT((ROW()-6)/12)+1),$S49)) | L50: =IF($A50="","",$K50+IF($J50="",0,$J50)-IF($I50="",0,$I50)) | M50: =IF($A50="","",IF($E50<=0,INDEX('Cenários'!$H$6:$H$105,INT((ROW()-6)/12)+1)+SUMIFS($I$6:$I$1205,$A$6:$A$1205,$A50,$E$6:$E$1205,">"&$E50,$E$6:$E$1205,"<="&($E50+INDEX('Cenários'!$J$6:$J$105,INT((ROW()-6)/12)+1))),INDEX('Cenários'!$L$6:$L$105,INT((ROW()-6)/12)+1)+SUMIFS($I$6:$I$1205,$A$6:$A$1205,$A50,$E$6:$E$1205,">"&$E50,$E$6:$E$1205,"<=7"))) | N50: =IF($A50="","",MIN(INDEX('Cenários'!$K$6:$K$105,INT((ROW()-6)/12)+1),MAX(0,$M50))) | O50: =IF($A50="","",IFERROR(IF($L50>=$N50,0,MIN(CEILING(MAX(0,$N50-$L50),INDEX('Cenários'!$I$6:$I$105,INT((ROW()-6)/12)+1)),FLOOR(MAX(0,INDEX('Cenários'!$K$6:$K$105,INT((ROW()-6)/12)+1)-$L50),INDEX('Cenários'!$I$6:$I$105,INT((ROW()-6)/12)+1)))),0)) | P50: =IF($A50="","",IFERROR(IF($E50+INDEX('Cenários'!$J$6:$J$105,INT((ROW()-6)/12)+1)>7,0,SUMIFS($O$6:$O$1205,$A$6:$A$1205,$A50,$E$6:$E$1205,$E50+INDEX('Cenários'!$J$6:$J$105,INT((ROW()-6)/12)+1))),0)) | Q50: =IF($A50="","",$L50+$O50) | R50: =IF($A50="","",IF($E50>0,MAX(0,$Q50-$N50),0)) | S50: =IF($A50="","",$Q50-$R50) | T50: =IF($A50="","",MAX(0,-$S50)) | U50: =IF($A50="","",MAX(0,$Q50-INDEX('Cenários'!$K$6:$K$105,INT((ROW()-6)/12)+1))) | V50: =IF($A50="","",IF($Y50<>"OK","Dados inválidos",IF($X50="Pausado","Pausado",IF($T50>0,"Ruptura",IF($U50>0,"Excesso de capacidade",IF($M50>INDEX('Cenários'!$K$6:$K$105,INT((ROW()-6)/12)+1),"Capacidade insuficiente",IF(AND($E50<=0,$S50<INDEX('Cenários'!$H$6:$H$105,INT((ROW()-6)/12)+1)),"Atenção",IF($R50>0,"Desmobilizar","Adequado")))))))) | W50: =IF($A50="","",IF($Y50<>"OK","Corrigir cadastro do cenário",IF($X50="Pausado","",IF($T50>0,"Ruptura projetada de "&TEXT($T50,"0")&" un.",IF($U50>0,"Reduzir entrada ou transferir "&TEXT($U50,"0")&" un.",IF($M50>INDEX('Cenários'!$K$6:$K$105,INT((ROW()-6)/12)+1),"Capacidade abaixo do saldo-alvo em "&TEXT($M50-INDEX('Cenários'!$K$6:$K$105,INT((ROW()-6)/12)+1),"0")&" un.",IF(AND($O50>0,$E50-INDEX('Cenários'!$J$6:$J$105,INT((ROW()-6)/12)+1)<-4),"Recebimento depende de pedido anterior ao horizonte",IF($R50>0,"Desmobilizar "&TEXT($R50,"0")&" un. nesta semana",IF($P50>0,"Emitir pedido de "&TEXT($P50,"0")&" un. nesta semana",IF($O50>0,"Programar recebimento de "&TEXT($O50,"0")&" un.","Sem ação imediata"))))))))) | X50: =IF($A50="","",INDEX('Cenários'!$M$6:$M$105,INT((ROW()-6)/12)+1)) | Y50: =IF($A50="","",INDEX('Cenários'!$Z$6:$Z$105,INT((ROW()-6)/12)+1))
A51: =IF(INDEX('Cenários'!$A$6:$A$105,INT((ROW()-6)/12)+1)="","",INDEX('Cenários'!$A$6:$A$105,INT((ROW()-6)/12)+1)) | B51: =IF($A51="","",INDEX('Cenários'!$B$6:$B$105,INT((ROW()-6)/12)+1)) | C51: =IF($A51="","",INDEX('Cenários'!$C$6:$C$105,INT((ROW()-6)/12)+1)) | D51: =IF($A51="","",INDEX('Cenários'!$D$6:$D$105,INT((ROW()-6)/12)+1)) | E51: =IF($A51="","",MOD(ROW()-6,12)-4) | F51: =IF($A51="","",IF($E51<0,"Antes do pico",IF($E51=0,"Semana de pico","Depois do pico"))) | G51: =IF($A51="","",IFERROR(IF(INDEX('Cenários'!$E$6:$E$105,INT((ROW()-6)/12)+1)="","",INDEX('Cenários'!$E$6:$E$105,INT((ROW()-6)/12)+1)+7*$E51),"")) | H51: =IF($A51="","",INDEX('Cenários'!$N$6:$Y$105,INT((ROW()-6)/12)+1,$E51+5)) | I51: =IF(OR($A51="",$H51=""),"",IFERROR(ROUNDUP(INDEX('Cenários'!$F$6:$F$105,INT((ROW()-6)/12)+1)*$H51,0),"")) | K51: =IF($A51="","",IF($E51=-4,INDEX('Cenários'!$G$6:$G$105,INT((ROW()-6)/12)+1),$S50)) | L51: =IF($A51="","",$K51+IF($J51="",0,$J51)-IF($I51="",0,$I51)) | M51: =IF($A51="","",IF($E51<=0,INDEX('Cenários'!$H$6:$H$105,INT((ROW()-6)/12)+1)+SUMIFS($I$6:$I$1205,$A$6:$A$1205,$A51,$E$6:$E$1205,">"&$E51,$E$6:$E$1205,"<="&($E51+INDEX('Cenários'!$J$6:$J$105,INT((ROW()-6)/12)+1))),INDEX('Cenários'!$L$6:$L$105,INT((ROW()-6)/12)+1)+SUMIFS($I$6:$I$1205,$A$6:$A$1205,$A51,$E$6:$E$1205,">"&$E51,$E$6:$E$1205,"<=7"))) | N51: =IF($A51="","",MIN(INDEX('Cenários'!$K$6:$K$105,INT((ROW()-6)/12)+1),MAX(0,$M51))) | O51: =IF($A51="","",IFERROR(IF($L51>=$N51,0,MIN(CEILING(MAX(0,$N51-$L51),INDEX('Cenários'!$I$6:$I$105,INT((ROW()-6)/12)+1)),FLOOR(MAX(0,INDEX('Cenários'!$K$6:$K$105,INT((ROW()-6)/12)+1)-$L51),INDEX('Cenários'!$I$6:$I$105,INT((ROW()-6)/12)+1)))),0)) | P51: =IF($A51="","",IFERROR(IF($E51+INDEX('Cenários'!$J$6:$J$105,INT((ROW()-6)/12)+1)>7,0,SUMIFS($O$6:$O$1205,$A$6:$A$1205,$A51,$E$6:$E$1205,$E51+INDEX('Cenários'!$J$6:$J$105,INT((ROW()-6)/12)+1))),0)) | Q51: =IF($A51="","",$L51+$O51) | R51: =IF($A51="","",IF($E51>0,MAX(0,$Q51-$N51),0)) | S51: =IF($A51="","",$Q51-$R51) | T51: =IF($A51="","",MAX(0,-$S51)) | U51: =IF($A51="","",MAX(0,$Q51-INDEX('Cenários'!$K$6:$K$105,INT((ROW()-6)/12)+1))) | V51: =IF($A51="","",IF($Y51<>"OK","Dados inválidos",IF($X51="Pausado","Pausado",IF($T51>0,"Ruptura",IF($U51>0,"Excesso de capacidade",IF($M51>INDEX('Cenários'!$K$6:$K$105,INT((ROW()-6)/12)+1),"Capacidade insuficiente",IF(AND($E51<=0,$S51<INDEX('Cenários'!$H$6:$H$105,INT((ROW()-6)/12)+1)),"Atenção",IF($R51>0,"Desmobilizar","Adequado")))))))) | W51: =IF($A51="","",IF($Y51<>"OK","Corrigir cadastro do cenário",IF($X51="Pausado","",IF($T51>0,"Ruptura projetada de "&TEXT($T51,"0")&" un.",IF($U51>0,"Reduzir entrada ou transferir "&TEXT($U51,"0")&" un.",IF($M51>INDEX('Cenários'!$K$6:$K$105,INT((ROW()-6)/12)+1),"Capacidade abaixo do saldo-alvo em "&TEXT($M51-INDEX('Cenários'!$K$6:$K$105,INT((ROW()-6)/12)+1),"0")&" un.",IF(AND($O51>0,$E51-INDEX('Cenários'!$J$6:$J$105,INT((ROW()-6)/12)+1)<-4),"Recebimento depende de pedido anterior ao horizonte",IF($R51>0,"Desmobilizar "&TEXT($R51,"0")&" un. nesta semana",IF($P51>0,"Emitir pedido de "&TEXT($P51,"0")&" un. nesta semana",IF($O51>0,"Programar recebimento de "&TEXT($O51,"0")&" un.","Sem ação imediata"))))))))) | X51: =IF($A51="","",INDEX('Cenários'!$M$6:$M$105,INT((ROW()-6)/12)+1)) | Y51: =IF($A51="","",INDEX('Cenários'!$Z$6:$Z$105,INT((ROW()-6)/12)+1))
A52: =IF(INDEX('Cenários'!$A$6:$A$105,INT((ROW()-6)/12)+1)="","",INDEX('Cenários'!$A$6:$A$105,INT((ROW()-6)/12)+1)) | B52: =IF($A52="","",INDEX('Cenários'!$B$6:$B$105,INT((ROW()-6)/12)+1)) | C52: =IF($A52="","",INDEX('Cenários'!$C$6:$C$105,INT((ROW()-6)/12)+1)) | D52: =IF($A52="","",INDEX('Cenários'!$D$6:$D$105,INT((ROW()-6)/12)+1)) | E52: =IF($A52="","",MOD(ROW()-6,12)-4) | F52: =IF($A52="","",IF($E52<0,"Antes do pico",IF($E52=0,"Semana de pico","Depois do pico"))) | G52: =IF($A52="","",IFERROR(IF(INDEX('Cenários'!$E$6:$E$105,INT((ROW()-6)/12)+1)="","",INDEX('Cenários'!$E$6:$E$105,INT((ROW()-6)/12)+1)+7*$E52),"")) | H52: =IF($A52="","",INDEX('Cenários'!$N$6:$Y$105,INT((ROW()-6)/12)+1,$E52+5)) | I52: =IF(OR($A52="",$H52=""),"",IFERROR(ROUNDUP(INDEX('Cenários'!$F$6:$F$105,INT((ROW()-6)/12)+1)*$H52,0),"")) | K52: =IF($A52="","",IF($E52=-4,INDEX('Cenários'!$G$6:$G$105,INT((ROW()-6)/12)+1),$S51)) | L52: =IF($A52="","",$K52+IF($J52="",0,$J52)-IF($I52="",0,$I52)) | M52: =IF($A52="","",IF($E52<=0,INDEX('Cenários'!$H$6:$H$105,INT((ROW()-6)/12)+1)+SUMIFS($I$6:$I$1205,$A$6:$A$1205,$A52,$E$6:$E$1205,">"&$E52,$E$6:$E$1205,"<="&($E52+INDEX('Cenários'!$J$6:$J$105,INT((ROW()-6)/12)+1))),INDEX('Cenários'!$L$6:$L$105,INT((ROW()-6)/12)+1)+SUMIFS($I$6:$I$1205,$A$6:$A$1205,$A52,$E$6:$E$1205,">"&$E52,$E$6:$E$1205,"<=7"))) | N52: =IF($A52="","",MIN(INDEX('Cenários'!$K$6:$K$105,INT((ROW()-6)/12)+1),MAX(0,$M52))) | O52: =IF($A52="","",IFERROR(IF($L52>=$N52,0,MIN(CEILING(MAX(0,$N52-$L52),INDEX('Cenários'!$I$6:$I$105,INT((ROW()-6)/12)+1)),FLOOR(MAX(0,INDEX('Cenários'!$K$6:$K$105,INT((ROW()-6)/12)+1)-$L52),INDEX('Cenários'!$I$6:$I$105,INT((ROW()-6)/12)+1)))),0)) | P52: =IF($A52="","",IFERROR(IF($E52+INDEX('Cenários'!$J$6:$J$105,INT((ROW()-6)/12)+1)>7,0,SUMIFS($O$6:$O$1205,$A$6:$A$1205,$A52,$E$6:$E$1205,$E52+INDEX('Cenários'!$J$6:$J$105,INT((ROW()-6)/12)+1))),0)) | Q52: =IF($A52="","",$L52+$O52) | R52: =IF($A52="","",IF($E52>0,MAX(0,$Q52-$N52),0)) | S52: =IF($A52="","",$Q52-$R52) | T52: =IF($A52="","",MAX(0,-$S52)) | U52: =IF($A52="","",MAX(0,$Q52-INDEX('Cenários'!$K$6:$K$105,INT((ROW()-6)/12)+1))) | V52: =IF($A52="","",IF($Y52<>"OK","Dados inválidos",IF($X52="Pausado","Pausado",IF($T52>0,"Ruptura",IF($U52>0,"Excesso de capacidade",IF($M52>INDEX('Cenários'!$K$6:$K$105,INT((ROW()-6)/12)+1),"Capacidade insuficiente",IF(AND($E52<=0,$S52<INDEX('Cenários'!$H$6:$H$105,INT((ROW()-6)/12)+1)),"Atenção",IF($R52>0,"Desmobilizar","Adequado")))))))) | W52: =IF($A52="","",IF($Y52<>"OK","Corrigir cadastro do cenário",IF($X52="Pausado","",IF($T52>0,"Ruptura projetada de "&TEXT($T52,"0")&" un.",IF($U52>0,"Reduzir entrada ou transferir "&TEXT($U52,"0")&" un.",IF($M52>INDEX('Cenários'!$K$6:$K$105,INT((ROW()-6)/12)+1),"Capacidade abaixo do saldo-alvo em "&TEXT($M52-INDEX('Cenários'!$K$6:$K$105,INT((ROW()-6)/12)+1),"0")&" un.",IF(AND($O52>0,$E52-INDEX('Cenários'!$J$6:$J$105,INT((ROW()-6)/12)+1)<-4),"Recebimento depende de pedido anterior ao horizonte",IF($R52>0,"Desmobilizar "&TEXT($R52,"0")&" un. nesta semana",IF($P52>0,"Emitir pedido de "&TEXT($P52,"0")&" un. nesta semana",IF($O52>0,"Programar recebimento de "&TEXT($O52,"0")&" un.","Sem ação imediata"))))))))) | X52: =IF($A52="","",INDEX('Cenários'!$M$6:$M$105,INT((ROW()-6)/12)+1)) | Y52: =IF($A52="","",INDEX('Cenários'!$Z$6:$Z$105,INT((ROW()-6)/12)+1))
A53: =IF(INDEX('Cenários'!$A$6:$A$105,INT((ROW()-6)/12)+1)="","",INDEX('Cenários'!$A$6:$A$105,INT((ROW()-6)/12)+1)) | B53: =IF($A53="","",INDEX('Cenários'!$B$6:$B$105,INT((ROW()-6)/12)+1)) | C53: =IF($A53="","",INDEX('Cenários'!$C$6:$C$105,INT((ROW()-6)/12)+1)) | D53: =IF($A53="","",INDEX('Cenários'!$D$6:$D$105,INT((ROW()-6)/12)+1)) | E53: =IF($A53="","",MOD(ROW()-6,12)-4) | F53: =IF($A53="","",IF($E53<0,"Antes do pico",IF($E53=0,"Semana de pico","Depois do pico"))) | G53: =IF($A53="","",IFERROR(IF(INDEX('Cenários'!$E$6:$E$105,INT((ROW()-6)/12)+1)="","",INDEX('Cenários'!$E$6:$E$105,INT((ROW()-6)/12)+1)+7*$E53),"")) | H53: =IF($A53="","",INDEX('Cenários'!$N$6:$Y$105,INT((ROW()-6)/12)+1,$E53+5)) | I53: =IF(OR($A53="",$H53=""),"",IFERROR(ROUNDUP(INDEX('Cenários'!$F$6:$F$105,INT((ROW()-6)/12)+1)*$H53,0),"")) | K53: =IF($A53="","",IF($E53=-4,INDEX('Cenários'!$G$6:$G$105,INT((ROW()-6)/12)+1),$S52)) | L53: =IF($A53="","",$K53+IF($J53="",0,$J53)-IF($I53="",0,$I53)) | M53: =IF($A53="","",IF($E53<=0,INDEX('Cenários'!$H$6:$H$105,INT((ROW()-6)/12)+1)+SUMIFS($I$6:$I$1205,$A$6:$A$1205,$A53,$E$6:$E$1205,">"&$E53,$E$6:$E$1205,"<="&($E53+INDEX('Cenários'!$J$6:$J$105,INT((ROW()-6)/12)+1))),INDEX('Cenários'!$L$6:$L$105,INT((ROW()-6)/12)+1)+SUMIFS($I$6:$I$1205,$A$6:$A$1205,$A53,$E$6:$E$1205,">"&$E53,$E$6:$E$1205,"<=7"))) | N53: =IF($A53="","",MIN(INDEX('Cenários'!$K$6:$K$105,INT((ROW()-6)/12)+1),MAX(0,$M53))) | O53: =IF($A53="","",IFERROR(IF($L53>=$N53,0,MIN(CEILING(MAX(0,$N53-$L53),INDEX('Cenários'!$I$6:$I$105,INT((ROW()-6)/12)+1)),FLOOR(MAX(0,INDEX('Cenários'!$K$6:$K$105,INT((ROW()-6)/12)+1)-$L53),INDEX('Cenários'!$I$6:$I$105,INT((ROW()-6)/12)+1)))),0)) | P53: =IF($A53="","",IFERROR(IF($E53+INDEX('Cenários'!$J$6:$J$105,INT((ROW()-6)/12)+1)>7,0,SUMIFS($O$6:$O$1205,$A$6:$A$1205,$A53,$E$6:$E$1205,$E53+INDEX('Cenários'!$J$6:$J$105,INT((ROW()-6)/12)+1))),0)) | Q53: =IF($A53="","",$L53+$O53) | R53: =IF($A53="","",IF($E53>0,MAX(0,$Q53-$N53),0)) | S53: =IF($A53="","",$Q53-$R53) | T53: =IF($A53="","",MAX(0,-$S53)) | U53: =IF($A53="","",MAX(0,$Q53-INDEX('Cenários'!$K$6:$K$105,INT((ROW()-6)/12)+1))) | V53: =IF($A53="","",IF($Y53<>"OK","Dados inválidos",IF($X53="Pausado","Pausado",IF($T53>0,"Ruptura",IF($U53>0,"Excesso de capacidade",IF($M53>INDEX('Cenários'!$K$6:$K$105,INT((ROW()-6)/12)+1),"Capacidade insuficiente",IF(AND($E53<=0,$S53<INDEX('Cenários'!$H$6:$H$105,INT((ROW()-6)/12)+1)),"Atenção",IF($R53>0,"Desmobilizar","Adequado")))))))) | W53: =IF($A53="","",IF($Y53<>"OK","Corrigir cadastro do cenário",IF($X53="Pausado","",IF($T53>0,"Ruptura projetada de "&TEXT($T53,"0")&" un.",IF($U53>0,"Reduzir entrada ou transferir "&TEXT($U53,"0")&" un.",IF($M53>INDEX('Cenários'!$K$6:$K$105,INT((ROW()-6)/12)+1),"Capacidade abaixo do saldo-alvo em "&TEXT($M53-INDEX('Cenários'!$K$6:$K$105,INT((ROW()-6)/12)+1),"0")&" un.",IF(AND($O53>0,$E53-INDEX('Cenários'!$J$6:$J$105,INT((ROW()-6)/12)+1)<-4),"Recebimento depende de pedido anterior ao horizonte",IF($R53>0,"Desmobilizar "&TEXT($R53,"0")&" un. nesta semana",IF($P53>0,"Emitir pedido de "&TEXT($P53,"0")&" un. nesta semana",IF($O53>0,"Programar recebimento de "&TEXT($O53,"0")&" un.","Sem ação imediata"))))))))) | X53: =IF($A53="","",INDEX('Cenários'!$M$6:$M$105,INT((ROW()-6)/12)+1)) | Y53: =IF($A53="","",INDEX('Cenários'!$Z$6:$Z$105,INT((ROW()-6)/12)+1))
A54: =IF(INDEX('Cenários'!$A$6:$A$105,INT((ROW()-6)/12)+1)="","",INDEX('Cenários'!$A$6:$A$105,INT((ROW()-6)/12)+1)) | B54: =IF($A54="","",INDEX('Cenários'!$B$6:$B$105,INT((ROW()-6)/12)+1)) | C54: =IF($A54="","",INDEX('Cenários'!$C$6:$C$105,INT((ROW()-6)/12)+1)) | D54: =IF($A54="","",INDEX('Cenários'!$D$6:$D$105,INT((ROW()-6)/12)+1)) | E54: =IF($A54="","",MOD(ROW()-6,12)-4) | F54: =IF($A54="","",IF($E54<0,"Antes do pico",IF($E54=0,"Semana de pico","Depois do pico"))) | G54: =IF($A54="","",IFERROR(IF(INDEX('Cenários'!$E$6:$E$105,INT((ROW()-6)/12)+1)="","",INDEX('Cenários'!$E$6:$E$105,INT((ROW()-6)/12)+1)+7*$E54),"")) | H54: =IF($A54="","",INDEX('Cenários'!$N$6:$Y$105,INT((ROW()-6)/12)+1,$E54+5)) | I54: =IF(OR($A54="",$H54=""),"",IFERROR(ROUNDUP(INDEX('Cenários'!$F$6:$F$105,INT((ROW()-6)/12)+1)*$H54,0),"")) | K54: =IF($A54="","",IF($E54=-4,INDEX('Cenários'!$G$6:$G$105,INT((ROW()-6)/12)+1),$S53)) | L54: =IF($A54="","",$K54+IF($J54="",0,$J54)-IF($I54="",0,$I54)) | M54: =IF($A54="","",IF($E54<=0,INDEX('Cenários'!$H$6:$H$105,INT((ROW()-6)/12)+1)+SUMIFS($I$6:$I$1205,$A$6:$A$1205,$A54,$E$6:$E$1205,">"&$E54,$E$6:$E$1205,"<="&($E54+INDEX('Cenários'!$J$6:$J$105,INT((ROW()-6)/12)+1))),INDEX('Cenários'!$L$6:$L$105,INT((ROW()-6)/12)+1)+SUMIFS($I$6:$I$1205,$A$6:$A$1205,$A54,$E$6:$E$1205,">"&$E54,$E$6:$E$1205,"<=7"))) | N54: =IF($A54="","",MIN(INDEX('Cenários'!$K$6:$K$105,INT((ROW()-6)/12)+1),MAX(0,$M54))) | O54: =IF($A54="","",IFERROR(IF($L54>=$N54,0,MIN(CEILING(MAX(0,$N54-$L54),INDEX('Cenários'!$I$6:$I$105,INT((ROW()-6)/12)+1)),FLOOR(MAX(0,INDEX('Cenários'!$K$6:$K$105,INT((ROW()-6)/12)+1)-$L54),INDEX('Cenários'!$I$6:$I$105,INT((ROW()-6)/12)+1)))),0)) | P54: =IF($A54="","",IFERROR(IF($E54+INDEX('Cenários'!$J$6:$J$105,INT((ROW()-6)/12)+1)>7,0,SUMIFS($O$6:$O$1205,$A$6:$A$1205,$A54,$E$6:$E$1205,$E54+INDEX('Cenários'!$J$6:$J$105,INT((ROW()-6)/12)+1))),0)) | Q54: =IF($A54="","",$L54+$O54) | R54: =IF($A54="","",IF($E54>0,MAX(0,$Q54-$N54),0)) | S54: =IF($A54="","",$Q54-$R54) | T54: =IF($A54="","",MAX(0,-$S54)) | U54: =IF($A54="","",MAX(0,$Q54-INDEX('Cenários'!$K$6:$K$105,INT((ROW()-6)/12)+1))) | V54: =IF($A54="","",IF($Y54<>"OK","Dados inválidos",IF($X54="Pausado","Pausado",IF($T54>0,"Ruptura",IF($U54>0,"Excesso de capacidade",IF($M54>INDEX('Cenários'!$K$6:$K$105,INT((ROW()-6)/12)+1),"Capacidade insuficiente",IF(AND($E54<=0,$S54<INDEX('Cenários'!$H$6:$H$105,INT((ROW()-6)/12)+1)),"Atenção",IF($R54>0,"Desmobilizar","Adequado")))))))) | W54: =IF($A54="","",IF($Y54<>"OK","Corrigir cadastro do cenário",IF($X54="Pausado","",IF($T54>0,"Ruptura projetada de "&TEXT($T54,"0")&" un.",IF($U54>0,"Reduzir entrada ou transferir "&TEXT($U54,"0")&" un.",IF($M54>INDEX('Cenários'!$K$6:$K$105,INT((ROW()-6)/12)+1),"Capacidade abaixo do saldo-alvo em "&TEXT($M54-INDEX('Cenários'!$K$6:$K$105,INT((ROW()-6)/12)+1),"0")&" un.",IF(AND($O54>0,$E54-INDEX('Cenários'!$J$6:$J$105,INT((ROW()-6)/12)+1)<-4),"Recebimento depende de pedido anterior ao horizonte",IF($R54>0,"Desmobilizar "&TEXT($R54,"0")&" un. nesta semana",IF($P54>0,"Emitir pedido de "&TEXT($P54,"0")&" un. nesta semana",IF($O54>0,"Programar recebimento de "&TEXT($O54,"0")&" un.","Sem ação imediata"))))))))) | X54: =IF($A54="","",INDEX('Cenários'!$M$6:$M$105,INT((ROW()-6)/12)+1)) | Y54: =IF($A54="","",INDEX('Cenários'!$Z$6:$Z$105,INT((ROW()-6)/12)+1))
